Workbook
Name Airport: 'G6 Options'!#REF!

Sheet Instructions
C3: TENDERER : | D3: Tenderer Company name
C4: Project Name | D4: Radar Replacement Project
C5: Foreign Currency: | D5: FC
C6: ROE: 1R= | D6: 0.1
C7: VAT Rate on Foreign Component | D7: 0.15
C8: VAT Rate on Local Component | D8: 0.15
C9: Date: | D9: 45855
C12: This file contains the following sheets:
C13: G1 SUMMARY | D13: Summary of all sheets.
C14: G2_1 PMP | D14: Project management and associated costs.
C15: G2_2 ILS | D15: Logistic Support and associated costs.
C16: G3_1 to 4 | D16: All items and associated cost on the radar equipment and installation.
C17: G4_1 to 10 | D17: All items and associated cost on the ancillary and common equipment.
C18: G5 Miscellaneous | D18: All miscellaneous items costs
C19: G6 Options | D19: All optional items and costs
C20: G7_1 Support Contract (Base) | D20: 15 Year maintenance contract at base cost. Please provide details.
C21: G7_2 Support Contract (Inflated) | D21: 15 Year maintenance contract including inflation. Please provide details.
C22: G7_3 Ancillaries Support Contracts | D22: 5 Year maintenance contract for ancillary items.

Sheet G1 SUMMARY
A1: TENDER PRICE SCHEDULE: APPENDIX G1
A3: TENDERER : | C3: =Instructions!D3 -> Tenderer Company name
A4: DESCRIPTION : | C4: =Instructions!D4 -> Radar Replacement Project
A5: Item Nr: | C5: G1
A6: Item Description: | C6: SUMMARY
A7: Foreign Currancy | C7: =Instructions!D5 -> FC
A8: ROE: 1R = | C8: =Instructions!D6 -> 0.1
C10: Overseas Items | I10: Local Items
A12: Schedule Item Number | B12: Description | C12: Foreign Currency | D12: Quantity | E12: Foreign Amount Unit Cost | F12: Foreign Amount Total Cost | G12: ROE: 1R = … | H12: Total Foreign Cost in Rands | I12: Quantity | J12: Local Amount Unit Cost | K12: Local Amount Total Cost | L12: Total Rands
A16: G2 | B16: SERVICES
A17: G2.1 | B17: Project Management | E17: ='G2_1 PMP'!E45 -> 0 | F17: ='G2_1 PMP'!F45 -> 0 | G17: ='G2_1 PMP'!G45 -> 0.1 | H17: ='G2_1 PMP'!H45 -> 0 | J17: ='G2_1 PMP'!J45 -> 0 | K17: ='G2_1 PMP'!K45 -> 0 | L17: ='G2_1 PMP'!L45 -> 0
A18: G2.2 | B18: Integrated Logistic Support | E18: ='G2_2 ILS'!E69 -> 0 | F18: ='G2_2 ILS'!F69 -> 0 | G18: ='G2_2 ILS'!G45 -> 0.1 | H18: ='G2_2 ILS'!H69 -> 0 | J18: ='G2_2 ILS'!J69 -> 0 | K18: ='G2_2 ILS'!K69 -> 0 | L18: ='G2_2 ILS'!L69 -> 0
A20: G3 | B20: RADARS
A21: G3.1 | B21: Installation & Commissioning | E21: ='G3_1 Installation&Commission'!E35 -> 0 | F21: ='G3_1 Installation&Commission'!F35 -> 0 | G21: ='G3_1 Installation&Commission'!G35 -> 0.1 | H21: ='G3_1 Installation&Commission'!H35 -> 0 | I21: ='G3_1 Installation&Commission'!I35 -> 0 | J21: ='G3_1 Installation&Commission'!J35 -> 0 | K21: ='G3_1 Installation&Commission'!K35 -> 0 | L21: ='G3_1 Installation&Commission'!L35 -> 0
A22: G3.2 | B22: Hardware and Software | E22: ='G3_2 Hardware & Software'!E58 -> 0 | F22: ='G3_2 Hardware & Software'!F58 -> 0 | G22: ='G3_2 Hardware & Software'!G58 -> 0.1 | H22: ='G3_2 Hardware & Software'!H58 -> 0 | I22: ='G3_2 Hardware & Software'!I58 -> 0 | J22: ='G3_2 Hardware & Software'!J58 -> 0 | K22: ='G3_2 Hardware & Software'!K58 -> 0 | L22: ='G3_2 Hardware & Software'!L58 -> 0
A23: G3.3 | B23: Spares | E23: ='G3_3 Spares'!E58 -> 0 | F23: ='G3_3 Spares'!F58 -> 0 | G23: ='G3_3 Spares'!G58 -> 0.1 | H23: ='G3_3 Spares'!H58 -> 0 | I23: ='G3_3 Spares'!I58 -> 0 | J23: ='G3_3 Spares'!J58 -> 0 | K23: ='G3_3 Spares'!K58 -> 0 | L23: ='G3_3 Spares'!L58 -> 0
A24: G3.4 | B24: Test Equipment & Tools | E24: ='G3_4 Test Equipment & Tools'!E58 -> 0 | F24: ='G3_4 Test Equipment & Tools'!F58 -> 0 | G24: ='G3_4 Test Equipment & Tools'!G58 -> 0.1 | H24: ='G3_4 Test Equipment & Tools'!H58 -> 0 | I24: ='G3_4 Test Equipment & Tools'!I58 -> 0 | J24: ='G3_4 Test Equipment & Tools'!J58 -> 0 | K24: ='G3_4 Test Equipment & Tools'!K58 -> 0 | L24: ='G3_4 Test Equipment & Tools'!L58 -> 0
A26: G4 | B26: ANCILLARIES
A27: G4.1 | B27: Ancillary & Common Equipment | E27: ='G4_1 Ancillary&CommonEquipment'!E91 -> 0 | F27: ='G4_1 Ancillary&CommonEquipment'!F91 -> 0 | G27: ='G4_1 Ancillary&CommonEquipment'!G91 -> 0.1 | H27: ='G4_1 Ancillary&CommonEquipment'!H91 -> 0 | I27: ='G4_1 Ancillary&CommonEquipment'!I91 -> 0 | J27: ='G4_1 Ancillary&CommonEquipment'!J91 -> 0 | K27: ='G4_1 Ancillary&CommonEquipment'!K91 -> 0 | L27: ='G4_1 Ancillary&CommonEquipment'!L91 -> 0
A28: G4.2 | B28: FAKN | E28: ='G4_2 FAKN'!E43 -> 0 | F28: ='G4_2 FAKN'!F43 -> 0 | G28: ='G4_2 FAKN'!G43 -> 0.1 | H28: ='G4_2 FAKN'!H43 -> 0 | I28: ='G4_2 FAKN'!I43 -> 0 | J28: ='G4_2 FAKN'!J43 -> 0 | K28: ='G4_2 FAKN'!K43 -> 0 | L28: ='G4_2 FAKN'!L43 -> 0
A29: G4.3 | B29: Sutherland | E29: ='G4_3 Sutherland'!E45 -> 0 | F29: ='G4_3 Sutherland'!F45 -> 0 | G29: ='G4_3 Sutherland'!G45 -> 0.1 | H29: ='G4_3 Sutherland'!H45 -> 0 | I29: ='G4_3 Sutherland'!I45 -> 0 | J29: ='G4_3 Sutherland'!J45 -> 0 | K29: ='G4_3 Sutherland'!K45 -> 0 | L29: ='G4_3 Sutherland'!L45 -> 0
A30: G4.4 | B30: FAPE | E30: ='G4_4 FAPE'!E31 -> 0 | F30: ='G4_4 FAPE'!F31 -> 0 | G30: ='G4_4 FAPE'!G31 -> 0.1 | H30: ='G4_4 FAPE'!H31 -> 0 | I30: ='G4_4 FAPE'!I31 -> 0 | J30: ='G4_4 FAPE'!J31 -> 0 | K30: ='G4_4 FAPE'!K31 -> 0 | L30: ='G4_4 FAPE'!L31 -> 0
A31: G4.5 | B31: FAEL | E31: ='G4_5 FAEL'!E32 -> 0 | F31: ='G4_5 FAEL'!F32 -> 0 | G31: ='G4_5 FAEL'!G32 -> 0.1 | H31: ='G4_5 FAEL'!H32 -> 0 | I31: ='G4_5 FAEL'!I32 -> 0 | J31: ='G4_5 FAEL'!J32 -> 0 | K31: ='G4_5 FAEL'!K32 -> 0 | L31: ='G4_5 FAEL'!L32 -> 0
A32: G4.6 | B32: FALE | E32: ='G4_6 FALE'!E37 -> 0 | F32: ='G4_6 FALE'!F37 -> 0 | G32: ='G4_6 FALE'!G37 -> 0.1 | H32: ='G4_6 FALE'!H37 -> 0 | I32: ='G4_6 FALE'!I37 -> 0 | J32: ='G4_6 FALE'!J37 -> 0 | K32: ='G4_6 FALE'!K37 -> 0 | L32: ='G4_6 FALE'!L37 -> 0
A33: G4.7 | B33: FAGG | E33: ='G4_7 FAGG'!E39 -> 0 | F33: ='G4_7 FAGG'!F39 -> 0 | G33: ='G4_7 FAGG'!G39 -> 0.1 | H33: ='G4_7 FAGG'!H39 -> 0 | I33: ='G4_7 FAGG'!I39 -> 0 | J33: ='G4_7 FAGG'!J39 -> 0 | K33: ='G4_7 FAGG'!K39 -> 0 | L33: ='G4_7 FAGG'!L39 -> 0
A34: G4.8 | B34: De Aar | E34: ='G4_8 De Aar'!E37 -> 0 | F34: ='G4_8 De Aar'!F37 -> 0 | G34: ='G4_8 De Aar'!G37 -> 0.1 | H34: ='G4_8 De Aar'!H37 -> 0 | I34: ='G4_8 De Aar'!I37 -> 0 | J34: ='G4_8 De Aar'!J37 -> 0 | K34: ='G4_8 De Aar'!K37 -> 0 | L34: ='G4_8 De Aar'!L37 -> 0
A35: G4.9 | B35: FABL | E35: ='G4_9 FABL'!E48 -> 0 | F35: ='G4_9 FABL'!F48 -> 0 | G35: ='G4_9 FABL'!G48 -> 0.1 | H35: ='G4_9 FABL'!H48 -> 0 | I35: ='G4_9 FABL'!I48 -> 0 | J35: ='G4_9 FABL'!J48 -> 0 | K35: ='G4_9 FABL'!K48 -> 0 | L35: ='G4_9 FABL'!L48 -> 0
A36: G4.10 | B36: ATA | E36: ='G4_10 ATA'!E29 -> 0 | F36: ='G4_10 ATA'!F29 -> 0 | G36: ='G4_10 ATA'!G29 -> 0.1 | H36: ='G4_10 ATA'!H29 -> 0 | I36: ='G4_10 ATA'!I29 -> 0 | J36: ='G4_10 ATA'!J29 -> 0 | K36: ='G4_10 ATA'!K29 -> 0 | L36: ='G4_10 ATA'!L29 -> 0
A38: G5 | B38: MISCELLANEOUS | E38: ='G5 Miscellaneous'!E41 -> 0 | F38: ='G5 Miscellaneous'!F41 -> 0 | G38: ='G5 Miscellaneous'!G41 -> 0.1 | H38: ='G5 Miscellaneous'!H41 -> 0 | J38: ='G5 Miscellaneous'!J41 -> 0 | K38: ='G5 Miscellaneous'!K41 -> 0 | L38: ='G5 Miscellaneous'!L41 -> 0
B41: TOTAL EQUIPMENT EXCLUDING OPTIONS : | E41: =SUM(E15:E40) -> 0 | F41: =SUM(F15:F40) -> 0 | H41: =SUM(H15:H40) -> 0 | J41: =SUM(J15:J40) -> 0 | K41: =SUM(K15:K40) -> 0 | L41: =SUM(L15:L40) -> 0
A43: G6 | B43: OPTIONS | E43: ='G6 Options'!E$41 -> 0 | F43: ='G6 Options'!F$41 -> 0 | G43: ='G6 Options'!G$41 -> 0.1 | H43: ='G6 Options'!H$41 -> 0 | J43: ='G6 Options'!J$41 -> 0 | K43: ='G6 Options'!K$41 -> 0 | L43: ='G6 Options'!L$41 -> 0
A45: G7.2 | B45: SUPPORT CONTRACT with Inflation | E45: ='G7_2 Support Contract (Inflate '!E41 -> 0 | F45: ='G7_2 Support Contract (Inflate '!F41 -> 0 | G45: ='G7_2 Support Contract (Inflate '!G41 -> 0.1 | H45: ='G7_2 Support Contract (Inflate '!H41 -> 0 | J45: ='G7_2 Support Contract (Inflate '!J41 -> 0 | K45: ='G7_2 Support Contract (Inflate '!K41 -> 0 | L45: ='G7_2 Support Contract (Inflate '!L41 -> 0
A46: G7.3 | B46: Ancillaries Support Contract | E46: ='G7_3 Ancillaries Support'!E83 -> 0 | F46: ='G7_3 Ancillaries Support'!F83 -> 0 | G46: ='G7_3 Ancillaries Support'!G83 -> 0.1 | H46: ='G7_3 Ancillaries Support'!H83 -> 0 | J46: ='G7_3 Ancillaries Support'!J83 -> 0 | K46: ='G7_3 Ancillaries Support'!K83 -> 0 | L46: ='G7_3 Ancillaries Support'!L83 -> 0
B49: GRAND TOTAL EXCLUDING VAT : | E49: =E43+E41+E45+E46 -> 0 | F49: =F43+F41+F45+F46 -> 0 | H49: =H43+H41+H45+H46 -> 0 | J49: =J43+J41+J45+J46 -> 0 | K49: =K43+K41+K45+K46 -> 0 | L49: =L43+L41+L45+L46 -> 0
B51: VAT | D51: =Instructions!D7 -> 0.15 | H51: =H49*D51 -> 0 | I51: =Instructions!D8 -> 0.15 | K51: =K49*I51 -> 0 | L51: =K51+H51 -> 0
B54: GRAND TOTAL INCLUDING VAT (Volume 1A Form of Bid): | H54: =H49+H51 -> 0 | K54: =K49+K51 -> 0 | L54: =L49+L51 -> 0

Sheet G2_1 PMP
A1: TENDER PRICE SCHEDULE: APPENDIX G2.1
A2: (EXCLUDING VALUE ADDED TAX)
A3: TENDERER : | B3: =Instructions!D3 -> Tenderer Company name
A4: PROJECT : | B4: =Instructions!D4 -> Radar Replacement Project
A5: Item Nr: | B5: G2.1
A6: Item Description: | B6: Project Management
A7: Foreign Currancy | B7: =Instructions!D5 -> FC
A8: ROE: 1R = | B8: =Instructions!D6 -> 0.1
C10: Overseas Items | I10: Local Items
A12: Schedule Item Number | B12: Description | C12: Foreign Currency | D12: Quantity | E12: Foreign Amount Unit Cost | F12: Foreign Amount Total Cost | G12: ROE: 1R = … | H12: Total Foreign Cost in Rands | I12: Quantity | J12: Local Amount Unit Cost | K12: Local Amount Total Cost | L12: Total Rands
A15: =B5 -> G2.1 | B15: =B6 -> Project Management
B16: {All project Management items, with at least the following items}
A18: 2.1.1 | B18: Documents
B19: Project Management Plan | C19: =$B$7 -> FC | F19: =D19*E19 -> 0 | G19: =$B$8 -> 0.1 | H19: =IF(G19<>0,F19/G19,0) -> 0 | K19: =I19*J19 -> 0 | L19: =IF(OR(J19>0,H19>0),H19+K19,0) -> 0
B20: Test and Evaluation Master Plan | C20: =$B$7 -> FC | F20: =D20*E20 -> 0 | G20: =$B$8 -> 0.1 | H20: =IF(G20<>0,F20/G20,0) -> 0 | K20: =I20*J20 -> 0 | L20: =IF(OR(J20>0,H20>0),H20+K20,0) -> 0
B21: Installation, Transition and Commissioning Plan | C21: =$B$7 -> FC | F21: =D21*E21 -> 0 | G21: =$B$8 -> 0.1 | H21: =IF(G21<>0,F21/G21,0) -> 0 | K21: =I21*J21 -> 0 | L21: =IF(OR(J21>0,H21>0),H21+K21,0) -> 0
B22: System Engineering Master Plan | C22: =$B$7 -> FC | F22: =D22*E22 -> 0 | G22: =$B$8 -> 0.1 | H22: =IF(G22<>0,F22/G22,0) -> 0 | K22: =I22*J22 -> 0 | L22: =IF(OR(J22>0,H22>0),H22+K22,0) -> 0
B23: Risk Management Plan | C23: =$B$7 -> FC | F23: =D23*E23 -> 0 | G23: =$B$8 -> 0.1 | H23: =IF(G23<>0,F23/G23,0) -> 0 | K23: =I23*J23 -> 0 | L23: =IF(OR(J23>0,H23>0),H23+K23,0) -> 0
B24: Quality Management Plan | C24: =$B$7 -> FC | F24: =D24*E24 -> 0 | G24: =$B$8 -> 0.1 | H24: =IF(G24<>0,F24/G24,0) -> 0 | K24: =I24*J24 -> 0 | L24: =IF(OR(J24>0,H24>0),H24+K24,0) -> 0
B25: Resource Allocation Plan | C25: =$B$7 -> FC | F25: =D25*E25 -> 0 | G25: =$B$8 -> 0.1 | H25: =IF(G25<>0,F25/G25,0) -> 0 | K25: =I25*J25 -> 0 | L25: =IF(OR(J25>0,H25>0),H25+K25,0) -> 0
B26: Design Documents | C26: =$B$7 -> FC | F26: =D26*E26 -> 0 | G26: =$B$8 -> 0.1 | H26: =IF(G26<>0,F26/G26,0) -> 0 | K26: =I26*J26 -> 0 | L26: =IF(OR(J26>0,H26>0),H26+K26,0) -> 0
B27: Safety Management Plan | C27: =$B$7 -> FC | F27: =D27*E27 -> 0 | G27: =$B$8 -> 0.1 | H27: =IF(G27<>0,F27/G27,0) -> 0 | K27: =I27*J27 -> 0 | L27: =IF(OR(J27>0,H27>0),H27+K27,0) -> 0
B28: Environmental Management Programme | C28: =$B$7 -> FC | F28: =D28*E28 -> 0 | G28: =$B$8 -> 0.1 | H28: =IF(G28<>0,F28/G28,0) -> 0 | K28: =I28*J28 -> 0 | L28: =IF(OR(J28>0,H28>0),H28+K28,0) -> 0
A30: 2.1.2 | B30: Services | F30: =D30*E30 -> 0
B31: Project Management Services | C31: =$B$7 -> FC | F31: =D31*E31 -> 0 | G31: =$B$8 -> 0.1 | H31: =IF(G31<>0,F31/G31,0) -> 0 | K31: =I31*J31 -> 0 | L31: =IF(OR(J31>0,H31>0),H31+K31,0) -> 0
B32: System Engineering Services | C32: =$B$7 -> FC | F32: =D32*E32 -> 0 | G32: =$B$8 -> 0.1 | H32: =IF(G32<>0,F32/G32,0) -> 0 | K32: =I32*J32 -> 0 | L32: =IF(OR(J32>0,H32>0),H32+K32,0) -> 0
B33: Installation Services | C33: =$B$7 -> FC | F33: =D33*E33 -> 0 | G33: =$B$8 -> 0.1 | H33: =IF(G33<>0,F33/G33,0) -> 0 | K33: =I33*J33 -> 0 | L33: =IF(OR(J33>0,H33>0),H33+K33,0) -> 0
C34: =$B$7 -> FC | F34: =D34*E34 -> 0 | G34: =$B$8 -> 0.1 | H34: =IF(G34<>0,F34/G34,0) -> 0 | K34: =I34*J34 -> 0 | L34: =IF(OR(J34>0,H34>0),H34+K34,0) -> 0
C35: =$B$7 -> FC | F35: =D35*E35 -> 0 | G35: =$B$8 -> 0.1 | H35: =IF(G35<>0,F35/G35,0) -> 0 | K35: =I35*J35 -> 0 | L35: =IF(OR(J35>0,H35>0),H35+K35,0) -> 0
A36: 2.1.4 | B36: Shipping, Insurance & Associated costs
B37: Shipping | C37: =$B$7 -> FC | F37: =D37*E37 -> 0 | G37: =$B$8 -> 0.1 | H37: =IF(G37<>0,F37/G37,0) -> 0 | K37: =I37*J37 -> 0 | L37: =IF(OR(J37>0,H37>0),H37+K37,0) -> 0
B38: Insurance | C38: =$B$7 -> FC | F38: =D38*E38 -> 0 | G38: =$B$8 -> 0.1 | H38: =IF(G38<>0,F38/G38,0) -> 0 | K38: =I38*J38 -> 0 | L38: =IF(OR(J38>0,H38>0),H38+K38,0) -> 0
B39: Warranty | C39: =$B$7 -> FC | F39: =D39*E39 -> 0 | G39: =$B$8 -> 0.1 | H39: =IF(G39<>0,F39/G39,0) -> 0 | K39: =I39*J39 -> 0 | L39: =IF(OR(J39>0,H39>0),H39+K39,0) -> 0
C40: =$B$7 -> FC | F40: =D40*E40 -> 0 | G40: =$B$8 -> 0.1 | H40: =IF(G40<>0,F40/G40,0) -> 0 | K40: =I40*J40 -> 0 | L40: =IF(OR(J40>0,H40>0),H40+K40,0) -> 0
C41: =$B$7 -> FC | F41: =D41*E41 -> 0 | G41: =$B$8 -> 0.1 | H41: =IF(G41<>0,F41/G41,0) -> 0 | K41: =I41*J41 -> 0 | L41: =IF(OR(J41>0,H41>0),H41+K41,0) -> 0
C42: =$B$7 -> FC | F42: =D42*E42 -> 0 | G42: =$B$8 -> 0.1 | H42: =IF(G42<>0,F42/G42,0) -> 0 | K42: =I42*J42 -> 0 | L42: =IF(OR(J42>0,H42>0),H42+K42,0) -> 0
C43: =$B$7 -> FC | F43: =D43*E43 -> 0 | G43: =$B$8 -> 0.1 | H43: =IF(G43<>0,F43/G43,0) -> 0 | K43: =I43*J43 -> 0 | L43: =IF(OR(J43>0,H43>0),H43+K43,0) -> 0
L44: =IF(OR(J44>0,H44>0),H44+K44,0) -> 0
B45: =+"SUB-TOTAL: "&A15 -> SUB-TOTAL: G2.1 | E45: =SUM(E15:E43) -> 0 | F45: =SUM(F15:F43) -> 0 | G45: =$B$8 -> 0.1 | H45: =SUM(H15:H43) -> 0 | J45: =SUM(J15:J43) -> 0 | K45: =SUM(K15:K43) -> 0 | L45: =SUM(L19:L44) -> 0

Sheet G2_2 ILS
A1: TENDER PRICE SCHEDULE: APPENDIX G2.2
A2: (EXCLUDING VALUE ADDED TAX)
A3: TENDERER : | B3: =Instructions!D3 -> Tenderer Company name
A4: PROJECT : | B4: =Instructions!D4 -> Radar Replacement Project
A5: Item Nr: | B5: G2.2
A6: Item Description: | B6: Integrated Logistic Support
A7: Foreign Currancy | B7: =Instructions!D5 -> FC
A8: ROE: 1R = | B8: =Instructions!D6 -> 0.1
C10: Overseas Items | I10: Local Items
A12: Schedule Item Number | B12: Description | C12: Foreign Currency | D12: Quantity | E12: Foreign Amount Unit Cost | F12: Foreign Amount Total Cost | G12: ROE: 1R = … | H12: Total Foreign Cost in Rands | I12: Quantity | J12: Local Amount Unit Cost | K12: Local Amount Total Cost | L12: Total Rands
A15: =B5 -> G2.2 | B15: =B6 -> Integrated Logistic Support
B16: { All logistic support items with at least the following items}
A18: 2.2.1 | B18: Logistic Support Services
B19: Logistic Support | C19: =$B$7 -> FC | F19: =D19*E19 -> 0 | G19: =$B$8 -> 0.1 | H19: =IF(G19<>0,F19/G19,0) -> 0 | K19: =I19*J19 -> 0 | L19: =IF(OR(J19>0,H19>0),H19+K19,0) -> 0
C20: =$B$7 -> FC | F20: =D20*E20 -> 0 | G20: =$B$8 -> 0.1 | H20: =IF(G20<>0,F20/G20,0) -> 0 | K20: =I20*J20 -> 0 | L20: =IF(OR(J20>0,H20>0),H20+K20,0) -> 0
C21: =$B$7 -> FC | F21: =D21*E21 -> 0 | G21: =$B$8 -> 0.1 | H21: =IF(G21<>0,F21/G21,0) -> 0 | K21: =I21*J21 -> 0 | L21: =IF(OR(J21>0,H21>0),H21+K21,0) -> 0
C22: =$B$7 -> FC | F22: =D22*E22 -> 0 | G22: =$B$8 -> 0.1 | H22: =IF(G22<>0,F22/G22,0) -> 0 | K22: =I22*J22 -> 0 | L22: =IF(OR(J22>0,H22>0),H22+K22,0) -> 0
C23: =$B$7 -> FC | F23: =D23*E23 -> 0 | G23: =$B$8 -> 0.1 | H23: =IF(G23<>0,F23/G23,0) -> 0 | K23: =I23*J23 -> 0 | L23: =IF(OR(J23>0,H23>0),H23+K23,0) -> 0
C24: =$B$7 -> FC | F24: =D24*E24 -> 0 | G24: =$B$8 -> 0.1 | H24: =IF(G24<>0,F24/G24,0) -> 0 | K24: =I24*J24 -> 0 | L24: =IF(OR(J24>0,H24>0),H24+K24,0) -> 0
A26: 2.2.2 | B26: Training
B27: OEM Training | C27: =$B$7 -> FC | F27: =D27*E27 -> 0 | G27: =$B$8 -> 0.1 | H27: =IF(G27<>0,F27/G27,0) -> 0 | K27: =I27*J27 -> 0 | L27: =IF(OR(J27>0,H27>0),H27+K27,0) -> 0
B28: Operator Training | C28: =$B$7 -> FC | F28: =D28*E28 -> 0 | G28: =$B$8 -> 0.1 | H28: =IF(G28<>0,F28/G28,0) -> 0 | K28: =I28*J28 -> 0 | L28: =IF(OR(J28>0,H28>0),H28+K28,0) -> 0
B29: Technical Training | C29: =$B$7 -> FC | F29: =D29*E29 -> 0 | G29: =$B$8 -> 0.1 | H29: =IF(G29<>0,F29/G29,0) -> 0 | K29: =I29*J29 -> 0 | L29: =IF(OR(J29>0,H29>0),H29+K29,0) -> 0
B30: Training Manuals | C30: =$B$7 -> FC | F30: =D30*E30 -> 0 | G30: =$B$8 -> 0.1 | H30: =IF(G30<>0,F30/G30,0) -> 0 | K30: =I30*J30 -> 0 | L30: =IF(OR(J30>0,H30>0),H30+K30,0) -> 0
C31: =$B$7 -> FC | F31: =D31*E31 -> 0 | G31: =$B$8 -> 0.1 | H31: =IF(G31<>0,F31/G31,0) -> 0 | K31: =I31*J31 -> 0 | L31: =IF(OR(J31>0,H31>0),H31+K31,0) -> 0
C32: =$B$7 -> FC | F32: =D32*E32 -> 0 | G32: =$B$8 -> 0.1 | H32: =IF(G32<>0,F32/G32,0) -> 0 | K32: =I32*J32 -> 0 | L32: =IF(OR(J32>0,H32>0),H32+K32,0) -> 0
C33: =$B$7 -> FC | F33: =D33*E33 -> 0 | G33: =$B$8 -> 0.1 | H33: =IF(G33<>0,F33/G33,0) -> 0 | K33: =I33*J33 -> 0 | L33: =IF(OR(J33>0,H33>0),H33+K33,0) -> 0
C34: =$B$7 -> FC | F34: =D34*E34 -> 0 | G34: =$B$8 -> 0.1 | H34: =IF(G34<>0,F34/G34,0) -> 0 | K34: =I34*J34 -> 0 | L34: =IF(OR(J34>0,H34>0),H34+K34,0) -> 0
C35: =$B$7 -> FC | F35: =D35*E35 -> 0 | G35: =$B$8 -> 0.1 | H35: =IF(G35<>0,F35/G35,0) -> 0 | K35: =I35*J35 -> 0 | L35: =IF(OR(J35>0,H35>0),H35+K35,0) -> 0
A36: 2.2.3 | B36: Documents
B37: Integrated Logistic Support Plan | C37: =$B$7 -> FC | F37: =D37*E37 -> 0 | G37: =$B$8 -> 0.1 | H37: =IF(G37<>0,F37/G37,0) -> 0 | K37: =I37*J37 -> 0 | L37: =IF(OR(J37>0,H37>0),H37+K37,0) -> 0
B38: Training Plan | C38: =$B$7 -> FC | F38: =D38*E38 -> 0 | G38: =$B$8 -> 0.1 | H38: =IF(G38<>0,F38/G38,0) -> 0 | K38: =I38*J38 -> 0 | L38: =IF(OR(J38>0,H38>0),H38+K38,0) -> 0
B39: Spares Plan | C39: =$B$7 -> FC | F39: =D39*E39 -> 0 | G39: =$B$8 -> 0.1 | H39: =IF(G39<>0,F39/G39,0) -> 0 | K39: =I39*J39 -> 0 | L39: =IF(OR(J39>0,H39>0),H39+K39,0) -> 0
B40: Test Equipment Plan | C40: =$B$7 -> FC | F40: =D40*E40 -> 0 | G40: =$B$8 -> 0.1 | H40: =IF(G40<>0,F40/G40,0) -> 0 | K40: =I40*J40 -> 0 | L40: =IF(OR(J40>0,H40>0),H40+K40,0) -> 0
B41: Documentation Plan | C41: =$B$7 -> FC | F41: =D41*E41 -> 0 | G41: =$B$8 -> 0.1 | H41: =IF(G41<>0,F41/G41,0) -> 0 | K41: =I41*J41 -> 0 | L41: =IF(OR(J41>0,H41>0),H41+K41,0) -> 0
B42: Package Handling Storage and Transport Plan | C42: =$B$7 -> FC | F42: =D42*E42 -> 0 | G42: =$B$8 -> 0.1 | H42: =IF(G42<>0,F42/G42,0) -> 0 | K42: =I42*J42 -> 0 | L42: =IF(OR(J42>0,H42>0),H42+K42,0) -> 0
B43: Configuration Management Plan | C43: =$B$7 -> FC | F43: =D43*E43 -> 0 | G43: =$B$8 -> 0.1 | H43: =IF(G43<>0,F43/G43,0) -> 0 | K43: =I43*J43 -> 0 | L43: =IF(OR(J43>0,H43>0),H43+K43,0) -> 0
B44: Factory Acceptance Test Procedures | C44: =$B$7 -> FC | F44: =D44*E44 -> 0 | G44: =$B$8 -> 0.1 | H44: =IF(G44<>0,F44/G44,0) -> 0 | K44: =I44*J44 -> 0 | L44: =IF(OR(J44>0,H44>0),H44+K44,0) -> 0
B45: Site Acceptance Test Procedures | C45: =$B$7 -> FC | F45: =D45*E45 -> 0 | G45: =$B$8 -> 0.1 | H45: =IF(G45<>0,F45/G45,0) -> 0 | K45: =I45*J45 -> 0 | L45: =IF(OR(J45>0,H45>0),H45+K45,0) -> 0
B46: User and Maintenance Manuals | C46: =$B$7 -> FC | F46: =D46*E46 -> 0 | G46: =$B$8 -> 0.1 | H46: =IF(G46<>0,F46/G46,0) -> 0 | K46: =I46*J46 -> 0 | L46: =IF(OR(J46>0,H46>0),H46+K46,0) -> 0
B47: Interface Control Documents | C47: =$B$7 -> FC | F47: =D47*E47 -> 0 | G47: =$B$8 -> 0.1 | H47: =IF(G47<>0,F47/G47,0) -> 0 | K47: =I47*J47 -> 0 | L47: =IF(OR(J47>0,H47>0),H47+K47,0) -> 0
C48: =$B$7 -> FC | F48: =D48*E48 -> 0 | G48: =$B$8 -> 0.1 | H48: =IF(G48<>0,F48/G48,0) -> 0 | K48: =I48*J48 -> 0 | L48: =IF(OR(J48>0,H48>0),H48+K48,0) -> 0
C49: =$B$7 -> FC | F49: =D49*E49 -> 0 | G49: =$B$8 -> 0.1 | H49: =IF(G49<>0,F49/G49,0) -> 0 | K49: =I49*J49 -> 0 | L49: =IF(OR(J49>0,H49>0),H49+K49,0) -> 0
C51: =$B$7 -> FC | F51: =D51*E51 -> 0 | G51: =$B$8 -> 0.1 | H51: =IF(G51<>0,F51/G51,0) -> 0 | K51: =I51*J51 -> 0 | L51: =IF(OR(J51>0,H51>0),H51+K51,0) -> 0
A52: 2.2.4 | B52: Logistic Support Cost during PBU
B53: Minimum 12 Months PBU | C53: =$B$7 -> FC | F53: =D53*E53 -> 0 | G53: =$B$8 -> 0.1 | H53: =IF(G53<>0,F53/G53,0) -> 0 | K53: =I53*J53 -> 0 | L53: =IF(OR(J53>0,H53>0),H53+K53,0) -> 0
C54: =$B$7 -> FC | F54: =D54*E54 -> 0 | G54: =$B$8 -> 0.1 | H54: =IF(G54<>0,F54/G54,0) -> 0 | K54: =I54*J54 -> 0 | L54: =IF(OR(J54>0,H54>0),H54+K54,0) -> 0
C55: =$B$7 -> FC | F55: =D55*E55 -> 0 | G55: =$B$8 -> 0.1 | H55: =IF(G55<>0,F55/G55,0) -> 0 | K55: =I55*J55 -> 0 | L55: =IF(OR(J55>0,H55>0),H55+K55,0) -> 0
C56: =$B$7 -> FC | F56: =D56*E56 -> 0 | G56: =$B$8 -> 0.1 | H56: =IF(G56<>0,F56/G56,0) -> 0 | K56: =I56*J56 -> 0 | L56: =IF(OR(J56>0,H56>0),H56+K56,0) -> 0
C57: =$B$7 -> FC | F57: =D57*E57 -> 0 | G57: =$B$8 -> 0.1 | H57: =IF(G57<>0,F57/G57,0) -> 0 | K57: =I57*J57 -> 0 | L57: =IF(OR(J57>0,H57>0),H57+K57,0) -> 0
A58: 2.2.5 | B58: Acceptance Tests
B59: Factory Acceptance Test | C59: =$B$7 -> FC | F59: =D59*E59 -> 0 | G59: =$B$8 -> 0.1 | H59: =IF(G59<>0,F59/G59,0) -> 0 | K59: =I59*J59 -> 0 | L59: =IF(OR(J59>0,H59>0),H59+K59,0) -> 0
B60: Site Acceptance Test | C60: =$B$7 -> FC | F60: =D60*E60 -> 0 | G60: =$B$8 -> 0.1 | H60: =IF(G60<>0,F60/G60,0) -> 0 | K60: =I60*J60 -> 0 | L60: =IF(OR(J60>0,H60>0),H60+K60,0) -> 0
C61: =$B$7 -> FC | F61: =D61*E61 -> 0 | G61: =$B$8 -> 0.1 | H61: =IF(G61<>0,F61/G61,0) -> 0 | K61: =I61*J61 -> 0 | L61: =IF(OR(J61>0,H61>0),H61+K61,0) -> 0
C62: =$B$7 -> FC | F62: =D62*E62 -> 0 | G62: =$B$8 -> 0.1 | H62: =IF(G62<>0,F62/G62,0) -> 0 | K62: =I62*J62 -> 0 | L62: =IF(OR(J62>0,H62>0),H62+K62,0) -> 0
C63: =$B$7 -> FC | F63: =D63*E63 -> 0 | G63: =$B$8 -> 0.1 | H63: =IF(G63<>0,F63/G63,0) -> 0 | K63: =I63*J63 -> 0 | L63: =IF(OR(J63>0,H63>0),H63+K63,0) -> 0
C64: =$B$7 -> FC | F64: =D64*E64 -> 0 | G64: =$B$8 -> 0.1 | H64: =IF(G64<>0,F64/G64,0) -> 0 | K64: =I64*J64 -> 0 | L64: =IF(OR(J64>0,H64>0),H64+K64,0) -> 0
C65: =$B$7 -> FC | F65: =D65*E65 -> 0 | G65: =$B$8 -> 0.1 | H65: =IF(G65<>0,F65/G65,0) -> 0 | K65: =I65*J65 -> 0 | L65: =IF(OR(J65>0,H65>0),H65+K65,0) -> 0
C66: =$B$7 -> FC | F66: =D66*E66 -> 0 | G66: =$B$8 -> 0.1 | H66: =IF(G66<>0,F66/G66,0) -> 0 | K66: =I66*J66 -> 0 | L66: =IF(OR(J66>0,H66>0),H66+K66,0) -> 0
C67: =$B$7 -> FC | F67: =D67*E67 -> 0 | G67: =$B$8 -> 0.1 | H67: =IF(G67<>0,F67/G67,0) -> 0 | K67: =I67*J67 -> 0 | L67: =IF(OR(J67>0,H67>0),H67+K67,0) -> 0
B69: =+"SUB-TOTAL: "&A15 -> SUB-TOTAL: G2.2 | E69: =SUM(E15:E67) -> 0 | F69: =SUM(F15:F67) -> 0 | G69: =$B$8 -> 0.1 | H69: =SUM(H15:H67) -> 0 | J69: =SUM(J15:J67) -> 0 | K69: =SUM(K15:K67) -> 0 | L69: =SUM(L15:L67) -> 0

Sheet G3_1 Installation&Commission
A1: TENDER PRICE SCHEDULE: APPENDIX G3.1
A2: (EXCLUDING VALUE ADDED TAX)
A3: TENDERER : | B3: =Instructions!D3 -> Tenderer Company name
A4: PROJECT : | B4: =Instructions!D4 -> Radar Replacement Project
A5: Item Nr: | B5: G3.1
A6: Item Description: | B6: Installation and Commissioning
A7: Foreign Currancy | B7: =Instructions!D5 -> FC
A8: ROE: 1R = | B8: =Instructions!D6 -> 0.1
C10: Overseas Items | I10: Local Items
A12: Schedule Item Number | B12: Description {Equipment Common to all site} | C12: Foreign Currency | D12: Quantity | E12: Foreign Amount Unit Cost | F12: Foreign Amount Total Cost | G12: ROE: 1R = … | H12: Total Foreign Cost in Rands | I12: Quantity | J12: Local Amount Unit Cost | K12: Local Amount Total Cost | L12: Total Rands
A15: =B5 -> G3.1 | B15: =B6 -> Installation and Commissioning
B16: (All eassociated cost with the installation, commissioning and setting to work of the system with at least the following headings.)
A18: 3.1.1 | B18: Sites
B19: FAPE | C19: =$B$7 -> FC | F19: =D19*E19 -> 0 | G19: =$B$8 -> 0.1 | H19: =IF(G19<>0,F19/G19,0) -> 0 | K19: =I19*J19 -> 0 | L19: =IF(OR(J19>0,H19>0),H19+K19,0) -> 0
B20: FAEL | C20: =$B$7 -> FC | F20: =D20*E20 -> 0 | G20: =$B$8 -> 0.1 | H20: =IF(G20<>0,F20/G20,0) -> 0 | K20: =I20*J20 -> 0 | L20: =IF(OR(J20>0,H20>0),H20+K20,0) -> 0
B21: FAGG | C21: =$B$7 -> FC | F21: =D21*E21 -> 0 | G21: =$B$8 -> 0.1 | H21: =IF(G21<>0,F21/G21,0) -> 0 | K21: =I21*J21 -> 0 | L21: =IF(OR(J21>0,H21>0),H21+K21,0) -> 0
B22: FALE | C22: =$B$7 -> FC | F22: =D22*E22 -> 0 | G22: =$B$8 -> 0.1 | H22: =IF(G22<>0,F22/G22,0) -> 0 | K22: =I22*J22 -> 0 | L22: =IF(OR(J22>0,H22>0),H22+K22,0) -> 0
B23: FABL | C23: =$B$7 -> FC | F23: =D23*E23 -> 0 | G23: =$B$8 -> 0.1 | H23: =IF(G23<>0,F23/G23,0) -> 0 | K23: =I23*J23 -> 0 | L23: =IF(OR(J23>0,H23>0),H23+K23,0) -> 0
B24: FAKN | C24: =$B$7 -> FC | F24: =D24*E24 -> 0 | G24: =$B$8 -> 0.1 | H24: =IF(G24<>0,F24/G24,0) -> 0 | K24: =I24*J24 -> 0 | L24: =IF(OR(J24>0,H24>0),H24+K24,0) -> 0
B25: ATA | C25: =$B$7 -> FC | F25: =D25*E25 -> 0 | G25: =$B$8 -> 0.1 | H25: =IF(G25<>0,F25/G25,0) -> 0 | K25: =I25*J25 -> 0 | L25: =IF(OR(J25>0,H25>0),H25+K25,0) -> 0
B26: Sutherland | C26: =$B$7 -> FC | F26: =D26*E26 -> 0 | G26: =$B$8 -> 0.1 | H26: =IF(G26<>0,F26/G26,0) -> 0 | K26: =I26*J26 -> 0 | L26: =IF(OR(J26>0,H26>0),H26+K26,0) -> 0
B27: De Aar | C27: =$B$7 -> FC | F27: =D27*E27 -> 0 | G27: =$B$8 -> 0.1 | H27: =IF(G27<>0,F27/G27,0) -> 0 | K27: =I27*J27 -> 0 | L27: =IF(OR(J27>0,H27>0),H27+K27,0) -> 0
C28: =$B$7 -> FC | F28: =D28*E28 -> 0 | G28: =$B$8 -> 0.1 | H28: =IF(G28<>0,F28/G28,0) -> 0 | K28: =I28*J28 -> 0 | L28: =IF(OR(J28>0,H28>0),H28+K28,0) -> 0
C29: =$B$7 -> FC | F29: =D29*E29 -> 0 | G29: =$B$8 -> 0.1 | H29: =IF(G29<>0,F29/G29,0) -> 0 | K29: =I29*J29 -> 0 | L29: =IF(OR(J29>0,H29>0),H29+K29,0) -> 0
C30: =$B$7 -> FC | F30: =D30*E30 -> 0 | G30: =$B$8 -> 0.1 | H30: =IF(G30<>0,F30/G30,0) -> 0 | K30: =I30*J30 -> 0 | L30: =IF(OR(J30>0,H30>0),H30+K30,0) -> 0
C31: =$B$7 -> FC | F31: =D31*E31 -> 0 | G31: =$B$8 -> 0.1 | H31: =IF(G31<>0,F31/G31,0) -> 0 | K31: =I31*J31 -> 0 | L31: =IF(OR(J31>0,H31>0),H31+K31,0) -> 0
C32: =$B$7 -> FC | F32: =D32*E32 -> 0 | G32: =$B$8 -> 0.1 | H32: =IF(G32<>0,F32/G32,0) -> 0 | K32: =I32*J32 -> 0 | L32: =IF(OR(J32>0,H32>0),H32+K32,0) -> 0
C33: =$B$7 -> FC | F33: =D33*E33 -> 0 | G33: =$B$8 -> 0.1 | H33: =IF(G33<>0,F33/G33,0) -> 0 | K33: =I33*J33 -> 0 | L33: =IF(OR(J33>0,H33>0),H33+K33,0) -> 0
C34: =$B$7 -> FC | F34: =D34*E34 -> 0 | G34: =$B$8 -> 0.1 | H34: =IF(G34<>0,F34/G34,0) -> 0 | K34: =I34*J34 -> 0 | L34: =IF(OR(J34>0,H34>0),H34+K34,0) -> 0
B35: =+"SUB-TOTAL: "&A15 -> SUB-TOTAL: G3.1 | E35: =SUM(E15:E34) -> 0 | F35: =SUM(F15:F34) -> 0 | G35: =$B$8 -> 0.1 | H35: =SUM(H15:H34) -> 0 | K35: =SUM(K15:K34) -> 0 | L35: =SUM(L15:L34) -> 0

Sheet G3_2 Hardware & Software
A1: TENDER PRICE SCHEDULE: APPENDIX G3.1
A2: (EXCLUDING VALUE ADDED TAX)
A3: TENDERER : | B3: =Instructions!D3 -> Tenderer Company name
A4: PROJECT : | B4: =Instructions!D4 -> Radar Replacement Project
A5: Item Nr: | B5: G3.2
A6: Item Description: | B6: Hardware and Software
A7: Foreign Currancy | B7: =Instructions!D5 -> FC
A8: ROE: 1R = | B8: =Instructions!D6 -> 0.1
C10: Overseas Items | I10: Local Items
A12: Schedule Item Number | B12: Description {Equipment Common to all site} | C12: Foreign Currency | D12: Quantity | E12: Foreign Amount Unit Cost | F12: Foreign Amount Total Cost | G12: ROE: 1R = … | H12: Total Foreign Cost in Rands | I12: Quantity | J12: Local Amount Unit Cost | K12: Local Amount Total Cost | L12: Total Rands
A15: =B5 -> G3.2 | B15: =B6 -> Hardware and Software
B16: (All equipment as required, with at least the following headings.)
A18: 3.2.1 | B18: Radar Equipment
B19: PSR Radar Equipment | C19: =$B$7 -> FC | D19: 5 | F19: =D19*E19 -> 0 | G19: =$B$8 -> 0.1 | H19: =IF(G19<>0,F19/G19,0) -> 0 | K19: =I19*J19 -> 0 | L19: =IF(OR(J19>0,H19>0),H19+K19,0) -> 0
B20: SSR Radar Equipment | C20: =$B$7 -> FC | D20: 4 | F20: =D20*E20 -> 0 | G20: =$B$8 -> 0.1 | H20: =IF(G20<>0,F20/G20,0) -> 0 | K20: =I20*J20 -> 0 | L20: =IF(OR(J20>0,H20>0),H20+K20,0) -> 0
A22: 3.2.2 | B22: Antenna
B23: PSR/SSR Co-mount Antenna Assembly | C23: =$B$7 -> FC | D23: 5 | F23: =D23*E23 -> 0 | G23: =$B$8 -> 0.1 | H23: =IF(G23<>0,F23/G23,0) -> 0 | K23: =I23*J23 -> 0 | L23: =IF(OR(J23>0,H23>0),H23+K23,0) -> 0
B24: SSR Antenna Assembly | C24: =$B$7 -> FC | D24: 4 | F24: =D24*E24 -> 0 | G24: =$B$8 -> 0.1 | H24: =IF(G24<>0,F24/G24,0) -> 0 | K24: =I24*J24 -> 0 | L24: =IF(OR(J24>0,H24>0),H24+K24,0) -> 0
A26: 3.2.3 | B26: Radar System Software
B27: Radar Software | C27: =$B$7 -> FC | F27: =D27*E27 -> 0 | G27: =$B$8 -> 0.1 | H27: =IF(G27<>0,F27/G27,0) -> 0 | K27: =I27*J27 -> 0 | L27: =IF(OR(J27>0,H27>0),H27+K27,0) -> 0
B28: Radar Licences | C28: =$B$7 -> FC | F28: =D28*E28 -> 0 | G28: =$B$8 -> 0.1 | H28: =IF(G28<>0,F28/G28,0) -> 0 | K28: =I28*J28 -> 0 | L28: =IF(OR(J28>0,H28>0),H28+K28,0) -> 0
C29: =$B$7 -> FC | F29: =D29*E29 -> 0 | G29: =$B$8 -> 0.1 | H29: =IF(G29<>0,F29/G29,0) -> 0 | K29: =I29*J29 -> 0 | L29: =IF(OR(J29>0,H29>0),H29+K29,0) -> 0
A30: 3.2.4 | B30: RCMS
B31: RCMS Software | C31: =$B$7 -> FC | F31: =D31*E31 -> 0 | G31: =$B$8 -> 0.1 | H31: =IF(G31<>0,F31/G31,0) -> 0 | K31: =I31*J31 -> 0 | L31: =IF(OR(J31>0,H31>0),H31+K31,0) -> 0
B32: RCMS Licences | C32: =$B$7 -> FC | F32: =D32*E32 -> 0 | G32: =$B$8 -> 0.1 | H32: =IF(G32<>0,F32/G32,0) -> 0 | K32: =I32*J32 -> 0 | L32: =IF(OR(J32>0,H32>0),H32+K32,0) -> 0
B33: LCMS Workstation | C33: =$B$7 -> FC | D33: 9 | F33: =D33*E33 -> 0 | G33: =$B$8 -> 0.1 | H33: =IF(G33<>0,F33/G33,0) -> 0 | K33: =I33*J33 -> 0 | L33: =IF(OR(J33>0,H33>0),H33+K33,0) -> 0
B34: Remote Workstation | C34: =$B$7 -> FC | D34: 9 | F34: =D34*E34 -> 0 | G34: =$B$8 -> 0.1 | H34: =IF(G34<>0,F34/G34,0) -> 0 | K34: =I34*J34 -> 0 | L34: =IF(OR(J34>0,H34>0),H34+K34,0) -> 0
B35: CMS Workstation | C35: =$B$7 -> FC | D35: 2 | F35: =D35*E35 -> 0 | G35: =$B$8 -> 0.1 | H35: =IF(G35<>0,F35/G35,0) -> 0 | K35: =I35*J35 -> 0 | L35: =IF(OR(J35>0,H35>0),H35+K35,0) -> 0
C36: =$B$7 -> FC | F36: =D36*E36 -> 0 | G36: =$B$8 -> 0.1 | H36: =IF(G36<>0,F36/G36,0) -> 0 | K36: =I36*J36 -> 0 | L36: =IF(OR(J36>0,H36>0),H36+K36,0) -> 0
A37: 3.2.5 | B37: Radome Replacement
B38: Sutherland | C38: =$B$7 -> FC | D38: 1 | F38: =D38*E38 -> 0 | G38: =$B$8 -> 0.1 | H38: =IF(G38<>0,F38/G38,0) -> 0 | K38: =I38*J38 -> 0 | L38: =IF(OR(J38>0,H38>0),H38+K38,0) -> 0
B39: FAPE | C39: =$B$7 -> FC | D39: 1 | F39: =D39*E39 -> 0 | G39: =$B$8 -> 0.1 | H39: =IF(G39<>0,F39/G39,0) -> 0 | K39: =I39*J39 -> 0 | L39: =IF(OR(J39>0,H39>0),H39+K39,0) -> 0
B40: FAEL | C40: =$B$7 -> FC | D40: 1 | F40: =D40*E40 -> 0 | G40: =$B$8 -> 0.1 | H40: =IF(G40<>0,F40/G40,0) -> 0 | K40: =I40*J40 -> 0 | L40: =IF(OR(J40>0,H40>0),H40+K40,0) -> 0
B41: FALE | C41: =$B$7 -> FC | D41: 1 | F41: =D41*E41 -> 0 | G41: =$B$8 -> 0.1 | H41: =IF(G41<>0,F41/G41,0) -> 0 | K41: =I41*J41 -> 0 | L41: =IF(OR(J41>0,H41>0),H41+K41,0) -> 0
B42: FAGG | C42: =$B$7 -> FC | D42: 1 | F42: =D42*E42 -> 0 | G42: =$B$8 -> 0.1 | H42: =IF(G42<>0,F42/G42,0) -> 0 | K42: =I42*J42 -> 0 | L42: =IF(OR(J42>0,H42>0),H42+K42,0) -> 0
B43: De Aar | C43: =$B$7 -> FC | D43: 1 | F43: =D43*E43 -> 0 | G43: =$B$8 -> 0.1 | H43: =IF(G43<>0,F43/G43,0) -> 0 | K43: =I43*J43 -> 0 | L43: =IF(OR(J43>0,H43>0),H43+K43,0) -> 0
C44: =$B$7 -> FC | F44: =D44*E44 -> 0 | G44: =$B$8 -> 0.1 | H44: =IF(G44<>0,F44/G44,0) -> 0 | K44: =I44*J44 -> 0 | L44: =IF(OR(J44>0,H44>0),H44+K44,0) -> 0
A46: 3.2.6 | B46: Auxiliary Items
B47: Radar Maintenance Display (RMD) | C47: =$B$7 -> FC | D47: 9 | F47: =D47*E47 -> 0 | G47: =$B$8 -> 0.1 | H47: =IF(G47<>0,F47/G47,0) -> 0 | K47: =I47*J47 -> 0 | L47: =IF(OR(J47>0,H47>0),H47+K47,0) -> 0
B48: Radar Field Monitor (RFM) | C48: =$B$7 -> FC | D48: 9 | F48: =D48*E48 -> 0 | G48: =$B$8 -> 0.1 | H48: =IF(G48<>0,F48/G48,0) -> 0 | K48: =I48*J48 -> 0 | L48: =IF(OR(J48>0,H48>0),H48+K48,0) -> 0
B49: Radar Performance Monitor (RPM) | C49: =$B$7 -> FC | D49: 9 | F49: =D49*E49 -> 0 | G49: =$B$8 -> 0.1 | H49: =IF(G49<>0,F49/G49,0) -> 0 | K49: =I49*J49 -> 0 | L49: =IF(OR(J49>0,H49>0),H49+K49,0) -> 0
C50: =$B$7 -> FC | F50: =D50*E50 -> 0 | G50: =$B$8 -> 0.1 | H50: =IF(G50<>0,F50/G50,0) -> 0 | K50: =I50*J50 -> 0 | L50: =IF(OR(J50>0,H50>0),H50+K50,0) -> 0
C51: =$B$7 -> FC | F51: =D51*E51 -> 0 | G51: =$B$8 -> 0.1 | H51: =IF(G51<>0,F51/G51,0) -> 0 | K51: =I51*J51 -> 0 | L51: =IF(OR(J51>0,H51>0),H51+K51,0) -> 0
C52: =$B$7 -> FC | F52: =D52*E52 -> 0 | G52: =$B$8 -> 0.1 | H52: =IF(G52<>0,F52/G52,0) -> 0 | K52: =I52*J52 -> 0 | L52: =IF(OR(J52>0,H52>0),H52+K52,0) -> 0
C53: =$B$7 -> FC | F53: =D53*E53 -> 0 | G53: =$B$8 -> 0.1 | H53: =IF(G53<>0,F53/G53,0) -> 0 | K53: =I53*J53 -> 0 | L53: =IF(OR(J53>0,H53>0),H53+K53,0) -> 0
C54: =$B$7 -> FC | F54: =D54*E54 -> 0 | G54: =$B$8 -> 0.1 | H54: =IF(G54<>0,F54/G54,0) -> 0 | K54: =I54*J54 -> 0 | L54: =IF(OR(J54>0,H54>0),H54+K54,0) -> 0
C55: =$B$7 -> FC | F55: =D55*E55 -> 0 | G55: =$B$8 -> 0.1 | H55: =IF(G55<>0,F55/G55,0) -> 0 | K55: =I55*J55 -> 0 | L55: =IF(OR(J55>0,H55>0),H55+K55,0) -> 0
C56: =$B$7 -> FC | F56: =D56*E56 -> 0 | G56: =$B$8 -> 0.1 | H56: =IF(G56<>0,F56/G56,0) -> 0 | K56: =I56*J56 -> 0 | L56: =IF(OR(J56>0,H56>0),H56+K56,0) -> 0
C57: =$B$7 -> FC | F57: =D57*E57 -> 0 | G57: =$B$8 -> 0.1 | H57: =IF(G57<>0,F57/G57,0) -> 0 | K57: =I57*J57 -> 0 | L57: =IF(OR(J57>0,H57>0),H57+K57,0) -> 0
B58: =+"SUB-TOTAL: "&A15 -> SUB-TOTAL: G3.2 | E58: =SUM(E15:E57) -> 0 | F58: =SUM(F15:F57) -> 0 | G58: =$B$8 -> 0.1 | H58: =SUM(H15:H57) -> 0 | K58: =SUM(K15:K57) -> 0 | L58: =SUM(L15:L57) -> 0

Sheet G3_3 Spares
A1: TENDER PRICE SCHEDULE: APPENDIX G3.1
A2: (EXCLUDING VALUE ADDED TAX)
A3: TENDERER : | B3: =Instructions!D3 -> Tenderer Company name
A4: PROJECT : | B4: =Instructions!D4 -> Radar Replacement Project
A5: Item Nr: | B5: 3.3
A6: Item Description: | B6: Hardware
A7: Foreign Currancy | B7: =Instructions!D5 -> FC
A8: ROE: 1R = | B8: =Instructions!D6 -> 0.1
C10: Overseas Items | I10: Local Items
A12: Schedule Item Number | B12: Description {Equipment Common to all site} | C12: Foreign Currency | D12: Quantity | E12: Foreign Amount Unit Cost | F12: Foreign Amount Total Cost | G12: ROE: 1R = … | H12: Total Foreign Cost in Rands | I12: Quantity | J12: Local Amount Unit Cost | K12: Local Amount Total Cost | L12: Total Rands
A15: =B5 -> 3.3 | B15: =B6 -> Hardware
B16: (All equipment as required, with at least the following headings.)
A19: 3.3.1 | B19: Site Spares
A20: 1 | C20: =$B$7 -> FC | F20: =D20*E20 -> 0 | G20: =$B$8 -> 0.1 | H20: =IF(G20<>0,F20/G20,0) -> 0 | K20: =I20*J20 -> 0 | L20: =IF(OR(J20>0,H20>0),H20+K20,0) -> 0
A21: 2 | C21: =$B$7 -> FC | F21: =D21*E21 -> 0 | G21: =$B$8 -> 0.1 | H21: =IF(G21<>0,F21/G21,0) -> 0 | K21: =I21*J21 -> 0 | L21: =IF(OR(J21>0,H21>0),H21+K21,0) -> 0
A22: 3 | C22: =$B$7 -> FC | F22: =D22*E22 -> 0 | G22: =$B$8 -> 0.1 | H22: =IF(G22<>0,F22/G22,0) -> 0 | K22: =I22*J22 -> 0 | L22: =IF(OR(J22>0,H22>0),H22+K22,0) -> 0
A23: 4 | C23: =$B$7 -> FC | F23: =D23*E23 -> 0 | G23: =$B$8 -> 0.1 | H23: =IF(G23<>0,F23/G23,0) -> 0 | K23: =I23*J23 -> 0 | L23: =IF(OR(J23>0,H23>0),H23+K23,0) -> 0
A24: 5 | C24: =$B$7 -> FC | F24: =D24*E24 -> 0 | G24: =$B$8 -> 0.1 | H24: =IF(G24<>0,F24/G24,0) -> 0 | K24: =I24*J24 -> 0 | L24: =IF(OR(J24>0,H24>0),H24+K24,0) -> 0
A25: 6 | C25: =$B$7 -> FC | F25: =D25*E25 -> 0 | G25: =$B$8 -> 0.1 | H25: =IF(G25<>0,F25/G25,0) -> 0 | K25: =I25*J25 -> 0 | L25: =IF(OR(J25>0,H25>0),H25+K25,0) -> 0
A26: 7 | C26: =$B$7 -> FC | F26: =D26*E26 -> 0 | G26: =$B$8 -> 0.1 | H26: =IF(G26<>0,F26/G26,0) -> 0 | K26: =I26*J26 -> 0 | L26: =IF(OR(J26>0,H26>0),H26+K26,0) -> 0
A27: 8 | C27: =$B$7 -> FC | F27: =D27*E27 -> 0 | G27: =$B$8 -> 0.1 | H27: =IF(G27<>0,F27/G27,0) -> 0 | K27: =I27*J27 -> 0 | L27: =IF(OR(J27>0,H27>0),H27+K27,0) -> 0
A28: 9 | C28: =$B$7 -> FC | F28: =D28*E28 -> 0 | G28: =$B$8 -> 0.1 | H28: =IF(G28<>0,F28/G28,0) -> 0 | K28: =I28*J28 -> 0 | L28: =IF(OR(J28>0,H28>0),H28+K28,0) -> 0
A29: 10 | C29: =$B$7 -> FC | F29: =D29*E29 -> 0 | G29: =$B$8 -> 0.1 | H29: =IF(G29<>0,F29/G29,0) -> 0 | K29: =I29*J29 -> 0 | L29: =IF(OR(J29>0,H29>0),H29+K29,0) -> 0
C30: =$B$7 -> FC | F30: =D30*E30 -> 0 | G30: =$B$8 -> 0.1 | H30: =IF(G30<>0,F30/G30,0) -> 0 | K30: =I30*J30 -> 0 | L30: =IF(OR(J30>0,H30>0),H30+K30,0) -> 0
A31: 3.3.2 | B31: Depot Spares
A32: 1 | C32: =$B$7 -> FC | F32: =D32*E32 -> 0 | G32: =$B$8 -> 0.1 | H32: =IF(G32<>0,F32/G32,0) -> 0 | K32: =I32*J32 -> 0 | L32: =IF(OR(J32>0,H32>0),H32+K32,0) -> 0
A33: 2 | C33: =$B$7 -> FC | F33: =D33*E33 -> 0 | G33: =$B$8 -> 0.1 | H33: =IF(G33<>0,F33/G33,0) -> 0 | K33: =I33*J33 -> 0 | L33: =IF(OR(J33>0,H33>0),H33+K33,0) -> 0
A34: 3 | C34: =$B$7 -> FC | F34: =D34*E34 -> 0 | G34: =$B$8 -> 0.1 | H34: =IF(G34<>0,F34/G34,0) -> 0 | K34: =I34*J34 -> 0 | L34: =IF(OR(J34>0,H34>0),H34+K34,0) -> 0
A35: 4 | C35: =$B$7 -> FC | F35: =D35*E35 -> 0 | G35: =$B$8 -> 0.1 | H35: =IF(G35<>0,F35/G35,0) -> 0 | K35: =I35*J35 -> 0 | L35: =IF(OR(J35>0,H35>0),H35+K35,0) -> 0
A36: 5 | C36: =$B$7 -> FC | F36: =D36*E36 -> 0 | G36: =$B$8 -> 0.1 | H36: =IF(G36<>0,F36/G36,0) -> 0 | K36: =I36*J36 -> 0 | L36: =IF(OR(J36>0,H36>0),H36+K36,0) -> 0
A37: 6 | C37: =$B$7 -> FC | F37: =D37*E37 -> 0 | G37: =$B$8 -> 0.1 | H37: =IF(G37<>0,F37/G37,0) -> 0 | K37: =I37*J37 -> 0 | L37: =IF(OR(J37>0,H37>0),H37+K37,0) -> 0
A38: 7 | C38: =$B$7 -> FC | F38: =D38*E38 -> 0 | G38: =$B$8 -> 0.1 | H38: =IF(G38<>0,F38/G38,0) -> 0 | K38: =I38*J38 -> 0 | L38: =IF(OR(J38>0,H38>0),H38+K38,0) -> 0
A39: 8 | C39: =$B$7 -> FC | F39: =D39*E39 -> 0 | G39: =$B$8 -> 0.1 | H39: =IF(G39<>0,F39/G39,0) -> 0 | K39: =I39*J39 -> 0 | L39: =IF(OR(J39>0,H39>0),H39+K39,0) -> 0
A40: 9 | C40: =$B$7 -> FC | F40: =D40*E40 -> 0 | G40: =$B$8 -> 0.1 | H40: =IF(G40<>0,F40/G40,0) -> 0 | K40: =I40*J40 -> 0 | L40: =IF(OR(J40>0,H40>0),H40+K40,0) -> 0
A41: 10 | C41: =$B$7 -> FC | F41: =D41*E41 -> 0 | G41: =$B$8 -> 0.1 | H41: =IF(G41<>0,F41/G41,0) -> 0 | K41: =I41*J41 -> 0 | L41: =IF(OR(J41>0,H41>0),H41+K41,0) -> 0
C42: =$B$7 -> FC | F42: =D42*E42 -> 0 | G42: =$B$8 -> 0.1 | H42: =IF(G42<>0,F42/G42,0) -> 0 | K42: =I42*J42 -> 0 | L42: =IF(OR(J42>0,H42>0),H42+K42,0) -> 0
A43: 3.3.3 | B43: Other Spares
A44: 1 | C44: =$B$7 -> FC | F44: =D44*E44 -> 0 | G44: =$B$8 -> 0.1 | H44: =IF(G44<>0,F44/G44,0) -> 0 | K44: =I44*J44 -> 0 | L44: =IF(OR(J44>0,H44>0),H44+K44,0) -> 0
A45: 2 | C45: =$B$7 -> FC | F45: =D45*E45 -> 0 | G45: =$B$8 -> 0.1 | H45: =IF(G45<>0,F45/G45,0) -> 0 | K45: =I45*J45 -> 0 | L45: =IF(OR(J45>0,H45>0),H45+K45,0) -> 0
A46: 3 | C46: =$B$7 -> FC | F46: =D46*E46 -> 0 | G46: =$B$8 -> 0.1 | H46: =IF(G46<>0,F46/G46,0) -> 0 | K46: =I46*J46 -> 0 | L46: =IF(OR(J46>0,H46>0),H46+K46,0) -> 0
A47: 4 | C47: =$B$7 -> FC | F47: =D47*E47 -> 0 | G47: =$B$8 -> 0.1 | H47: =IF(G47<>0,F47/G47,0) -> 0 | K47: =I47*J47 -> 0 | L47: =IF(OR(J47>0,H47>0),H47+K47,0) -> 0
A48: 5 | C48: =$B$7 -> FC | F48: =D48*E48 -> 0 | G48: =$B$8 -> 0.1 | H48: =IF(G48<>0,F48/G48,0) -> 0 | K48: =I48*J48 -> 0 | L48: =IF(OR(J48>0,H48>0),H48+K48,0) -> 0
A49: 6 | C49: =$B$7 -> FC | F49: =D49*E49 -> 0 | G49: =$B$8 -> 0.1 | H49: =IF(G49<>0,F49/G49,0) -> 0 | K49: =I49*J49 -> 0 | L49: =IF(OR(J49>0,H49>0),H49+K49,0) -> 0
A50: 7 | C50: =$B$7 -> FC | F50: =D50*E50 -> 0 | G50: =$B$8 -> 0.1 | H50: =IF(G50<>0,F50/G50,0) -> 0 | K50: =I50*J50 -> 0 | L50: =IF(OR(J50>0,H50>0),H50+K50,0) -> 0
A51: 8 | C51: =$B$7 -> FC | F51: =D51*E51 -> 0 | G51: =$B$8 -> 0.1 | H51: =IF(G51<>0,F51/G51,0) -> 0 | K51: =I51*J51 -> 0 | L51: =IF(OR(J51>0,H51>0),H51+K51,0) -> 0
A52: 9 | C52: =$B$7 -> FC | F52: =D52*E52 -> 0 | G52: =$B$8 -> 0.1 | H52: =IF(G52<>0,F52/G52,0) -> 0 | K52: =I52*J52 -> 0 | L52: =IF(OR(J52>0,H52>0),H52+K52,0) -> 0
A53: 10 | C53: =$B$7 -> FC | F53: =D53*E53 -> 0 | G53: =$B$8 -> 0.1 | H53: =IF(G53<>0,F53/G53,0) -> 0 | K53: =I53*J53 -> 0 | L53: =IF(OR(J53>0,H53>0),H53+K53,0) -> 0
C54: =$B$7 -> FC | F54: =D54*E54 -> 0 | G54: =$B$8 -> 0.1 | H54: =IF(G54<>0,F54/G54,0) -> 0 | K54: =I54*J54 -> 0 | L54: =IF(OR(J54>0,H54>0),H54+K54,0) -> 0
C55: =$B$7 -> FC | F55: =D55*E55 -> 0 | G55: =$B$8 -> 0.1 | H55: =IF(G55<>0,F55/G55,0) -> 0 | K55: =I55*J55 -> 0 | L55: =IF(OR(J55>0,H55>0),H55+K55,0) -> 0
C56: =$B$7 -> FC | F56: =D56*E56 -> 0 | G56: =$B$8 -> 0.1 | H56: =IF(G56<>0,F56/G56,0) -> 0 | K56: =I56*J56 -> 0 | L56: =IF(OR(J56>0,H56>0),H56+K56,0) -> 0
C57: =$B$7 -> FC | F57: =D57*E57 -> 0 | G57: =$B$8 -> 0.1 | H57: =IF(G57<>0,F57/G57,0) -> 0 | K57: =I57*J57 -> 0 | L57: =IF(OR(J57>0,H57>0),H57+K57,0) -> 0
B58: =+"SUB-TOTAL: "&A15 -> SUB-TOTAL: 3.3 | E58: =SUM(E15:E57) -> 0 | F58: =SUM(F15:F57) -> 0 | G58: =$B$8 -> 0.1 | H58: =SUM(H15:H57) -> 0 | K58: =SUM(K15:K57) -> 0 | L58: =SUM(L15:L57) -> 0

Sheet G3_4 Test Equipment & Tools
A1: TENDER PRICE SCHEDULE: APPENDIX G3.1
A2: (EXCLUDING VALUE ADDED TAX)
A3: TENDERER : | B3: =Instructions!D3 -> Tenderer Company name
A4: PROJECT : | B4: =Instructions!D4 -> Radar Replacement Project
A5: Item Nr: | B5: 3.4
A6: Item Description: | B6: Test Equipment and Tools
A7: Foreign Currancy | B7: =Instructions!D5 -> FC
A8: ROE: 1R = | B8: =Instructions!D6 -> 0.1
C10: Overseas Items | I10: Local Items
A12: Schedule Item Number | B12: Description {Equipment Common to all site} | C12: Foreign Currency | D12: Quantity | E12: Foreign Amount Unit Cost | F12: Foreign Amount Total Cost | G12: ROE: 1R = … | H12: Total Foreign Cost in Rands | I12: Quantity | J12: Local Amount Unit Cost | K12: Local Amount Total Cost | L12: Total Rands
A15: =B5 -> 3.4 | B15: =B6 -> Test Equipment and Tools
B16: (All equipment as required, with at least the following headings.)
A18: G3.4 | B18: Test Equipment and Tools
A19: 3.4.1 | B19: Installation Test Equipment
B20: {List of the test equipment shall be provided.} | C20: =$B$7 -> FC | F20: =D20*E20 -> 0 | G20: =$B$8 -> 0.1 | H20: =IF(G20<>0,F20/G20,0) -> 0 | K20: =I20*J20 -> 0 | L20: =IF(OR(J20>0,H20>0),H20+K20,0) -> 0
C21: =$B$7 -> FC | F21: =D21*E21 -> 0 | G21: =$B$8 -> 0.1 | H21: =IF(G21<>0,F21/G21,0) -> 0 | K21: =I21*J21 -> 0 | L21: =IF(OR(J21>0,H21>0),H21+K21,0) -> 0
C22: =$B$7 -> FC | F22: =D22*E22 -> 0 | G22: =$B$8 -> 0.1 | H22: =IF(G22<>0,F22/G22,0) -> 0 | K22: =I22*J22 -> 0 | L22: =IF(OR(J22>0,H22>0),H22+K22,0) -> 0
C23: =$B$7 -> FC | F23: =D23*E23 -> 0 | G23: =$B$8 -> 0.1 | H23: =IF(G23<>0,F23/G23,0) -> 0 | K23: =I23*J23 -> 0 | L23: =IF(OR(J23>0,H23>0),H23+K23,0) -> 0
C24: =$B$7 -> FC | F24: =D24*E24 -> 0 | G24: =$B$8 -> 0.1 | H24: =IF(G24<>0,F24/G24,0) -> 0 | K24: =I24*J24 -> 0 | L24: =IF(OR(J24>0,H24>0),H24+K24,0) -> 0
C25: =$B$7 -> FC | F25: =D25*E25 -> 0 | G25: =$B$8 -> 0.1 | H25: =IF(G25<>0,F25/G25,0) -> 0 | K25: =I25*J25 -> 0 | L25: =IF(OR(J25>0,H25>0),H25+K25,0) -> 0
C26: =$B$7 -> FC | F26: =D26*E26 -> 0 | G26: =$B$8 -> 0.1 | H26: =IF(G26<>0,F26/G26,0) -> 0 | K26: =I26*J26 -> 0 | L26: =IF(OR(J26>0,H26>0),H26+K26,0) -> 0
C27: =$B$7 -> FC | F27: =D27*E27 -> 0 | G27: =$B$8 -> 0.1 | H27: =IF(G27<>0,F27/G27,0) -> 0 | K27: =I27*J27 -> 0 | L27: =IF(OR(J27>0,H27>0),H27+K27,0) -> 0
C28: =$B$7 -> FC | F28: =D28*E28 -> 0 | G28: =$B$8 -> 0.1 | H28: =IF(G28<>0,F28/G28,0) -> 0 | K28: =I28*J28 -> 0 | L28: =IF(OR(J28>0,H28>0),H28+K28,0) -> 0
C29: =$B$7 -> FC | F29: =D29*E29 -> 0 | G29: =$B$8 -> 0.1 | H29: =IF(G29<>0,F29/G29,0) -> 0 | K29: =I29*J29 -> 0 | L29: =IF(OR(J29>0,H29>0),H29+K29,0) -> 0
C30: =$B$7 -> FC | F30: =D30*E30 -> 0 | G30: =$B$8 -> 0.1 | H30: =IF(G30<>0,F30/G30,0) -> 0 | K30: =I30*J30 -> 0 | L30: =IF(OR(J30>0,H30>0),H30+K30,0) -> 0
A31: 3.4.2 | B31: Maintenance Test Equipment
B32: {List of the test equipment shall be provided.} | C32: =$B$7 -> FC | F32: =D32*E32 -> 0 | G32: =$B$8 -> 0.1 | H32: =IF(G32<>0,F32/G32,0) -> 0 | K32: =I32*J32 -> 0 | L32: =IF(OR(J32>0,H32>0),H32+K32,0) -> 0
C33: =$B$7 -> FC | F33: =D33*E33 -> 0 | G33: =$B$8 -> 0.1 | H33: =IF(G33<>0,F33/G33,0) -> 0 | K33: =I33*J33 -> 0 | L33: =IF(OR(J33>0,H33>0),H33+K33,0) -> 0
C34: =$B$7 -> FC | F34: =D34*E34 -> 0 | G34: =$B$8 -> 0.1 | H34: =IF(G34<>0,F34/G34,0) -> 0 | K34: =I34*J34 -> 0 | L34: =IF(OR(J34>0,H34>0),H34+K34,0) -> 0
C35: =$B$7 -> FC | F35: =D35*E35 -> 0 | G35: =$B$8 -> 0.1 | H35: =IF(G35<>0,F35/G35,0) -> 0 | K35: =I35*J35 -> 0 | L35: =IF(OR(J35>0,H35>0),H35+K35,0) -> 0
C36: =$B$7 -> FC | F36: =D36*E36 -> 0 | G36: =$B$8 -> 0.1 | H36: =IF(G36<>0,F36/G36,0) -> 0 | K36: =I36*J36 -> 0 | L36: =IF(OR(J36>0,H36>0),H36+K36,0) -> 0
C37: =$B$7 -> FC | F37: =D37*E37 -> 0 | G37: =$B$8 -> 0.1 | H37: =IF(G37<>0,F37/G37,0) -> 0 | K37: =I37*J37 -> 0 | L37: =IF(OR(J37>0,H37>0),H37+K37,0) -> 0
C38: =$B$7 -> FC | F38: =D38*E38 -> 0 | G38: =$B$8 -> 0.1 | H38: =IF(G38<>0,F38/G38,0) -> 0 | K38: =I38*J38 -> 0 | L38: =IF(OR(J38>0,H38>0),H38+K38,0) -> 0
C39: =$B$7 -> FC | F39: =D39*E39 -> 0 | G39: =$B$8 -> 0.1 | H39: =IF(G39<>0,F39/G39,0) -> 0 | K39: =I39*J39 -> 0 | L39: =IF(OR(J39>0,H39>0),H39+K39,0) -> 0
C40: =$B$7 -> FC | F40: =D40*E40 -> 0 | G40: =$B$8 -> 0.1 | H40: =IF(G40<>0,F40/G40,0) -> 0 | K40: =I40*J40 -> 0 | L40: =IF(OR(J40>0,H40>0),H40+K40,0) -> 0
C41: =$B$7 -> FC | F41: =D41*E41 -> 0 | G41: =$B$8 -> 0.1 | H41: =IF(G41<>0,F41/G41,0) -> 0 | K41: =I41*J41 -> 0 | L41: =IF(OR(J41>0,H41>0),H41+K41,0) -> 0
C42: =$B$7 -> FC | F42: =D42*E42 -> 0 | G42: =$B$8 -> 0.1 | H42: =IF(G42<>0,F42/G42,0) -> 0 | K42: =I42*J42 -> 0 | L42: =IF(OR(J42>0,H42>0),H42+K42,0) -> 0
A43: 3.4.2 | B43: Maintenance Tools
B44: {List of the tools shall be provided.} | C44: =$B$7 -> FC | F44: =D44*E44 -> 0 | G44: =$B$8 -> 0.1 | H44: =IF(G44<>0,F44/G44,0) -> 0 | K44: =I44*J44 -> 0 | L44: =IF(OR(J44>0,H44>0),H44+K44,0) -> 0
C45: =$B$7 -> FC | F45: =D45*E45 -> 0 | G45: =$B$8 -> 0.1 | H45: =IF(G45<>0,F45/G45,0) -> 0 | K45: =I45*J45 -> 0 | L45: =IF(OR(J45>0,H45>0),H45+K45,0) -> 0
C46: =$B$7 -> FC | F46: =D46*E46 -> 0 | G46: =$B$8 -> 0.1 | H46: =IF(G46<>0,F46/G46,0) -> 0 | K46: =I46*J46 -> 0 | L46: =IF(OR(J46>0,H46>0),H46+K46,0) -> 0
C47: =$B$7 -> FC | F47: =D47*E47 -> 0 | G47: =$B$8 -> 0.1 | H47: =IF(G47<>0,F47/G47,0) -> 0 | K47: =I47*J47 -> 0 | L47: =IF(OR(J47>0,H47>0),H47+K47,0) -> 0
C48: =$B$7 -> FC | F48: =D48*E48 -> 0 | G48: =$B$8 -> 0.1 | H48: =IF(G48<>0,F48/G48,0) -> 0 | K48: =I48*J48 -> 0 | L48: =IF(OR(J48>0,H48>0),H48+K48,0) -> 0
C49: =$B$7 -> FC | F49: =D49*E49 -> 0 | G49: =$B$8 -> 0.1 | H49: =IF(G49<>0,F49/G49,0) -> 0 | K49: =I49*J49 -> 0 | L49: =IF(OR(J49>0,H49>0),H49+K49,0) -> 0
C50: =$B$7 -> FC | F50: =D50*E50 -> 0 | G50: =$B$8 -> 0.1 | H50: =IF(G50<>0,F50/G50,0) -> 0 | K50: =I50*J50 -> 0 | L50: =IF(OR(J50>0,H50>0),H50+K50,0) -> 0
C51: =$B$7 -> FC | F51: =D51*E51 -> 0 | G51: =$B$8 -> 0.1 | H51: =IF(G51<>0,F51/G51,0) -> 0 | K51: =I51*J51 -> 0 | L51: =IF(OR(J51>0,H51>0),H51+K51,0) -> 0
C52: =$B$7 -> FC | F52: =D52*E52 -> 0 | G52: =$B$8 -> 0.1 | H52: =IF(G52<>0,F52/G52,0) -> 0 | K52: =I52*J52 -> 0 | L52: =IF(OR(J52>0,H52>0),H52+K52,0) -> 0
C53: =$B$7 -> FC | F53: =D53*E53 -> 0 | G53: =$B$8 -> 0.1 | H53: =IF(G53<>0,F53/G53,0) -> 0 | K53: =I53*J53 -> 0 | L53: =IF(OR(J53>0,H53>0),H53+K53,0) -> 0
C54: =$B$7 -> FC | F54: =D54*E54 -> 0 | G54: =$B$8 -> 0.1 | H54: =IF(G54<>0,F54/G54,0) -> 0 | K54: =I54*J54 -> 0 | L54: =IF(OR(J54>0,H54>0),H54+K54,0) -> 0
C55: =$B$7 -> FC | F55: =D55*E55 -> 0 | G55: =$B$8 -> 0.1 | H55: =IF(G55<>0,F55/G55,0) -> 0 | K55: =I55*J55 -> 0 | L55: =IF(OR(J55>0,H55>0),H55+K55,0) -> 0
C56: =$B$7 -> FC | F56: =D56*E56 -> 0 | G56: =$B$8 -> 0.1 | H56: =IF(G56<>0,F56/G56,0) -> 0 | K56: =I56*J56 -> 0 | L56: =IF(OR(J56>0,H56>0),H56+K56,0) -> 0
C57: =$B$7 -> FC | F57: =D57*E57 -> 0 | G57: =$B$8 -> 0.1 | H57: =IF(G57<>0,F57/G57,0) -> 0 | K57: =I57*J57 -> 0 | L57: =IF(OR(J57>0,H57>0),H57+K57,0) -> 0
B58: =+"SUB-TOTAL: "&A15 -> SUB-TOTAL: 3.4 | E58: =SUM(E15:E57) -> 0 | F58: =SUM(F15:F57) -> 0 | G58: =$B$8 -> 0.1 | H58: =SUM(H15:H57) -> 0 | K58: =SUM(K15:K57) -> 0 | L58: =SUM(L15:L57) -> 0

Sheet G4_1 Ancillary&CommonEquipment
A1: TENDER PRICE SCHEDULE: APPENDIX G3.1
A2: (EXCLUDING VALUE ADDED TAX)
A3: TENDERER : | B3: =Instructions!D3 -> Tenderer Company name
A4: PROJECT : | B4: =Instructions!D4 -> Radar Replacement Project
A5: Item Nr: | B5: G4.1
A6: Item Description: | B6: Ancillary and Common Equipment
A7: Foreign Currancy | B7: =Instructions!D5 -> FC
A8: ROE: 1R = | B8: =Instructions!D6 -> 0.1
C10: Overseas Items | I10: Local Items
A12: Schedule Item Number | B12: Description {Equipment Common to all site} | C12: Foreign Currency | D12: Quantity | E12: Foreign Amount Unit Cost | F12: Foreign Amount Total Cost | G12: ROE: 1R = … | H12: Total Foreign Cost in Rands | I12: Quantity | J12: Local Amount Unit Cost | K12: Local Amount Total Cost | L12: Total Rands
A15: =B5 -> G4.1 | B15: =B6 -> Ancillary and Common Equipment
B16: (All equipment as required, with at least the following headings.)
A19: 4.1.1 | B19: Air Conditioners
B20: 18000 BTU | C20: =$B$7 -> FC | D20: 2 | F20: =D20*E20 -> 0 | G20: =$B$8 -> 0.1 | H20: =IF(G20<>0,F20/G20,0) -> 0 | K20: =I20*J20 -> 0 | L20: =IF(OR(J20>0,H20>0),H20+K20,0) -> 0
B21: 21000 BTU | C21: =$B$7 -> FC | D21: 2 | F21: =D21*E21 -> 0 | G21: =$B$8 -> 0.1 | H21: =IF(G21<>0,F21/G21,0) -> 0 | K21: =I21*J21 -> 0 | L21: =IF(OR(J21>0,H21>0),H21+K21,0) -> 0
B22: 24000 BTU | C22: =$B$7 -> FC | D22: 10 | F22: =D22*E22 -> 0 | G22: =$B$8 -> 0.1 | H22: =IF(G22<>0,F22/G22,0) -> 0 | K22: =I22*J22 -> 0 | L22: =IF(OR(J22>0,H22>0),H22+K22,0) -> 0
B23: 30000 BTU | C23: =$B$7 -> FC | D23: 1 | F23: =D23*E23 -> 0 | G23: =$B$8 -> 0.1 | H23: =IF(G23<>0,F23/G23,0) -> 0 | K23: =I23*J23 -> 0 | L23: =IF(OR(J23>0,H23>0),H23+K23,0) -> 0
B24: 34000 BTU | C24: =$B$7 -> FC | D24: 4 | F24: =D24*E24 -> 0 | G24: =$B$8 -> 0.1 | H24: =IF(G24<>0,F24/G24,0) -> 0 | K24: =I24*J24 -> 0 | L24: =IF(OR(J24>0,H24>0),H24+K24,0) -> 0
B25: 48000 BTU | C25: =$B$7 -> FC | D25: 16 | F25: =D25*E25 -> 0 | G25: =$B$8 -> 0.1 | H25: =IF(G25<>0,F25/G25,0) -> 0 | K25: =I25*J25 -> 0 | L25: =IF(OR(J25>0,H25>0),H25+K25,0) -> 0
B26: FAKN Air Conditioners | C26: =$B$7 -> FC | D26: 2 | F26: =D26*E26 -> 0 | G26: =$B$8 -> 0.1 | H26: =IF(G26<>0,F26/G26,0) -> 0 | K26: =I26*J26 -> 0 | L26: =IF(OR(J26>0,H26>0),H26+K26,0) -> 0
B27: Building Management Sysem | C27: =$B$7 -> FC | D27: 9 | F27: =D27*E27 -> 0 | G27: =$B$8 -> 0.1 | H27: =IF(G27<>0,F27/G27,0) -> 0 | K27: =I27*J27 -> 0 | L27: =IF(OR(J27>0,H27>0),H27+K27,0) -> 0
A28: 4.1.2 | B28: Fire Detection and Suppression
B29: Heat and Smoke Sensors | C29: =$B$7 -> FC | D29: 52 | F29: =D29*E29 -> 0 | G29: =$B$8 -> 0.1 | H29: =IF(G29<>0,F29/G29,0) -> 0 | K29: =I29*J29 -> 0 | L29: =IF(OR(J29>0,H29>0),H29+K29,0) -> 0
B30: FAKN Heat and Smoke Sensors | C30: =$B$7 -> FC | F30: =D30*E30 -> 0 | G30: =$B$8 -> 0.1 | H30: =IF(G30<>0,F30/G30,0) -> 0 | K30: =I30*J30 -> 0 | L30: =IF(OR(J30>0,H30>0),H30+K30,0) -> 0
B31: Handheld Fire Suppression Units | C31: =$B$7 -> FC | F31: =D31*E31 -> 0 | G31: =$B$8 -> 0.1 | H31: =IF(G31<>0,F31/G31,0) -> 0 | K31: =I31*J31 -> 0 | L31: =IF(OR(J31>0,H31>0),H31+K31,0) -> 0
B32: Fire Suppression Units
B33: FAKN | C33: =$B$7 -> FC | F33: =D33*E33 -> 0 | G33: =$B$8 -> 0.1 | H33: =IF(G33<>0,F33/G33,0) -> 0 | K33: =I33*J33 -> 0 | L33: =IF(OR(J33>0,H33>0),H33+K33,0) -> 0
B34: Sutherland | C34: =$B$7 -> FC | F34: =D34*E34 -> 0 | G34: =$B$8 -> 0.1 | H34: =IF(G34<>0,F34/G34,0) -> 0 | K34: =I34*J34 -> 0 | L34: =IF(OR(J34>0,H34>0),H34+K34,0) -> 0
B35: FAPE | C35: =$B$7 -> FC | F35: =D35*E35 -> 0 | G35: =$B$8 -> 0.1 | H35: =IF(G35<>0,F35/G35,0) -> 0 | K35: =I35*J35 -> 0 | L35: =IF(OR(J35>0,H35>0),H35+K35,0) -> 0
B36: FAEL | C36: =$B$7 -> FC | F36: =D36*E36 -> 0 | G36: =$B$8 -> 0.1 | H36: =IF(G36<>0,F36/G36,0) -> 0 | K36: =I36*J36 -> 0 | L36: =IF(OR(J36>0,H36>0),H36+K36,0) -> 0
B37: FAGG | C37: =$B$7 -> FC | F37: =D37*E37 -> 0 | G37: =$B$8 -> 0.1 | H37: =IF(G37<>0,F37/G37,0) -> 0 | K37: =I37*J37 -> 0 | L37: =IF(OR(J37>0,H37>0),H37+K37,0) -> 0
B38: De Aar | C38: =$B$7 -> FC | F38: =D38*E38 -> 0 | G38: =$B$8 -> 0.1 | H38: =IF(G38<>0,F38/G38,0) -> 0 | K38: =I38*J38 -> 0 | L38: =IF(OR(J38>0,H38>0),H38+K38,0) -> 0
B39: ATA | C39: =$B$7 -> FC | F39: =D39*E39 -> 0 | G39: =$B$8 -> 0.1 | H39: =IF(G39<>0,F39/G39,0) -> 0 | K39: =I39*J39 -> 0 | L39: =IF(OR(J39>0,H39>0),H39+K39,0) -> 0
B40: Fire Suppression COC | C40: =$B$7 -> FC | D40: 7 | F40: =D40*E40 -> 0 | G40: =$B$8 -> 0.1 | H40: =IF(G40<>0,F40/G40,0) -> 0 | K40: =I40*J40 -> 0 | L40: =IF(OR(J40>0,H40>0),H40+K40,0) -> 0
A41: 4.1.3 | B41: Equipment Hoist
B42: FAKN | C42: =$B$7 -> FC | D42: 1 | F42: =D42*E42 -> 0 | G42: =$B$8 -> 0.1 | H42: =IF(G42<>0,F42/G42,0) -> 0 | K42: =I42*J42 -> 0 | L42: =IF(OR(J42>0,H42>0),H42+K42,0) -> 0
B43: ATA | C43: =$B$7 -> FC | D43: 1 | F43: =D43*E43 -> 0 | G43: =$B$8 -> 0.1 | H43: =IF(G43<>0,F43/G43,0) -> 0 | K43: =I43*J43 -> 0 | L43: =IF(OR(J43>0,H43>0),H43+K43,0) -> 0
B44: FAEL | C44: =$B$7 -> FC | D44: 1 | F44: =D44*E44 -> 0 | G44: =$B$8 -> 0.1 | H44: =IF(G44<>0,F44/G44,0) -> 0 | K44: =I44*J44 -> 0 | L44: =IF(OR(J44>0,H44>0),H44+K44,0) -> 0
B45: De Aar | C45: =$B$7 -> FC | D45: 1 | F45: =D45*E45 -> 0 | G45: =$B$8 -> 0.1 | H45: =IF(G45<>0,F45/G45,0) -> 0 | K45: =I45*J45 -> 0 | L45: =IF(OR(J45>0,H45>0),H45+K45,0) -> 0
B46: Sutherland | C46: =$B$7 -> FC | D46: 1 | F46: =D46*E46 -> 0 | G46: =$B$8 -> 0.1 | H46: =IF(G46<>0,F46/G46,0) -> 0 | K46: =I46*J46 -> 0 | L46: =IF(OR(J46>0,H46>0),H46+K46,0) -> 0
A47: 4.1.4 | B47: UPS
B48: FALE | C48: =$B$7 -> FC | D48: 1 | F48: =D48*E48 -> 0 | G48: =$B$8 -> 0.1 | H48: =IF(G48<>0,F48/G48,0) -> 0 | K48: =I48*J48 -> 0 | L48: =IF(OR(J48>0,H48>0),H48+K48,0) -> 0
B49: FAGG | C49: =$B$7 -> FC | D49: 1 | F49: =D49*E49 -> 0 | G49: =$B$8 -> 0.1 | H49: =IF(G49<>0,F49/G49,0) -> 0 | K49: =I49*J49 -> 0 | L49: =IF(OR(J49>0,H49>0),H49+K49,0) -> 0
B50: FAEL | C50: =$B$7 -> FC | D50: 1 | F50: =D50*E50 -> 0 | G50: =$B$8 -> 0.1 | H50: =IF(G50<>0,F50/G50,0) -> 0 | K50: =I50*J50 -> 0 | L50: =IF(OR(J50>0,H50>0),H50+K50,0) -> 0
B51: FABL | C51: =$B$7 -> FC | D51: 1 | F51: =D51*E51 -> 0 | G51: =$B$8 -> 0.1 | H51: =IF(G51<>0,F51/G51,0) -> 0 | K51: =I51*J51 -> 0 | L51: =IF(OR(J51>0,H51>0),H51+K51,0) -> 0
B52: Sutherland | C52: =$B$7 -> FC | D52: 1 | F52: =D52*E52 -> 0 | G52: =$B$8 -> 0.1 | H52: =IF(G52<>0,F52/G52,0) -> 0 | K52: =I52*J52 -> 0 | L52: =IF(OR(J52>0,H52>0),H52+K52,0) -> 0
B53: De Aar | C53: =$B$7 -> FC | D53: 1 | F53: =D53*E53 -> 0 | G53: =$B$8 -> 0.1 | H53: =IF(G53<>0,F53/G53,0) -> 0 | K53: =I53*J53 -> 0 | L53: =IF(OR(J53>0,H53>0),H53+K53,0) -> 0
B54: De Aar RFM Site | C54: =$B$7 -> FC | D54: 1 | F54: =D54*E54 -> 0 | G54: =$B$8 -> 0.1 | H54: =IF(G54<>0,F54/G54,0) -> 0 | K54: =I54*J54 -> 0 | L54: =IF(OR(J54>0,H54>0),H54+K54,0) -> 0
B55: ATA | C55: =$B$7 -> FC | D55: 1 | F55: =D55*E55 -> 0 | G55: =$B$8 -> 0.1 | H55: =IF(G55<>0,F55/G55,0) -> 0 | K55: =I55*J55 -> 0 | L55: =IF(OR(J55>0,H55>0),H55+K55,0) -> 0
A56: 4.1.5 | B56: Vibration Monitor | C56: =$B$7 -> FC | D56: 9 | F56: =D56*E56 -> 0 | G56: =$B$8 -> 0.1 | H56: =IF(G56<>0,F56/G56,0) -> 0 | K56: =I56*J56 -> 0 | L56: =IF(OR(J56>0,H56>0),H56+K56,0) -> 0
A57: 4.1.6 | B57: Generator
B58: FALE | C58: =$B$7 -> FC | D58: 1 | F58: =D58*E58 -> 0 | G58: =$B$8 -> 0.1 | H58: =IF(G58<>0,F58/G58,0) -> 0 | K58: =I58*J58 -> 0 | L58: =IF(OR(J58>0,H58>0),H58+K58,0) -> 0
B59: FAEL | C59: =$B$7 -> FC | D59: 2 | F59: =D59*E59 -> 0 | G59: =$B$8 -> 0.1 | H59: =IF(G59<>0,F59/G59,0) -> 0 | K59: =I59*J59 -> 0 | L59: =IF(OR(J59>0,H59>0),H59+K59,0) -> 0
B60: Sutherland | C60: =$B$7 -> FC | D60: 1 | F60: =D60*E60 -> 0 | G60: =$B$8 -> 0.1 | H60: =IF(G60<>0,F60/G60,0) -> 0 | K60: =I60*J60 -> 0 | L60: =IF(OR(J60>0,H60>0),H60+K60,0) -> 0
B61: De Aar | C61: =$B$7 -> FC | D61: 1 | F61: =D61*E61 -> 0 | G61: =$B$8 -> 0.1 | H61: =IF(G61<>0,F61/G61,0) -> 0 | K61: =I61*J61 -> 0 | L61: =IF(OR(J61>0,H61>0),H61+K61,0) -> 0
B62: FAGG | C62: =$B$7 -> FC | D62: 1 | F62: =D62*E62 -> 0 | G62: =$B$8 -> 0.1 | H62: =IF(G62<>0,F62/G62,0) -> 0 | K62: =I62*J62 -> 0 | L62: =IF(OR(J62>0,H62>0),H62+K62,0) -> 0
B63: FABL | C63: =$B$7 -> FC | D63: 1 | F63: =D63*E63 -> 0 | G63: =$B$8 -> 0.1 | H63: =IF(G63<>0,F63/G63,0) -> 0 | K63: =I63*J63 -> 0 | L63: =IF(OR(J63>0,H63>0),H63+K63,0) -> 0
A64: 4.1.7 | B64: Smart Energy Meters | C64: =$B$7 -> FC | D64: 9 | F64: =D64*E64 -> 0 | G64: =$B$8 -> 0.1 | H64: =IF(G64<>0,F64/G64,0) -> 0 | K64: =I64*J64 -> 0 | L64: =IF(OR(J64>0,H64>0),H64+K64,0) -> 0
A65: 4.1.8 | B65: Outdoor Flood Lights | C65: =$B$7 -> FC | D65: 37 | F65: =D65*E65 -> 0 | G65: =$B$8 -> 0.1 | H65: =IF(G65<>0,F65/G65,0) -> 0 | K65: =I65*J65 -> 0 | L65: =IF(OR(J65>0,H65>0),H65+K65,0) -> 0
A66: 4.1.9 | B66: Fibre Splicing | C66: =$B$7 -> FC | F66: =D66*E66 -> 0 | G66: =$B$8 -> 0.1 | H66: =IF(G66<>0,F66/G66,0) -> 0 | K66: =I66*J66 -> 0 | L66: =IF(OR(J66>0,H66>0),H66+K66,0) -> 0
A67: 4.1.10 | B67: Obstacle Lights | C67: =$B$7 -> FC | D67: 59 | F67: =D67*E67 -> 0 | G67: =$B$8 -> 0.1 | H67: =IF(G67<>0,F67/G67,0) -> 0 | K67: =I67*J67 -> 0 | L67: =IF(OR(J67>0,H67>0),H67+K67,0) -> 0
A68: 4.1.11 | B68: Earth Testing | C68: =$B$7 -> FC | D68: 9 | F68: =D68*E68 -> 0 | G68: =$B$8 -> 0.1 | H68: =IF(G68<>0,F68/G68,0) -> 0 | K68: =I68*J68 -> 0 | L68: =IF(OR(J68>0,H68>0),H68+K68,0) -> 0
A69: 4.1.12 | B69: Furniture
B70: Table | C70: =$B$7 -> FC | D70: 6 | F70: =D70*E70 -> 0 | G70: =$B$8 -> 0.1 | H70: =IF(G70<>0,F70/G70,0) -> 0 | K70: =I70*J70 -> 0 | L70: =IF(OR(J70>0,H70>0),H70+K70,0) -> 0
B71: Typist Chairs | C71: =$B$7 -> FC | D71: 23 | F71: =D71*E71 -> 0 | G71: =$B$8 -> 0.1 | H71: =IF(G71<>0,F71/G71,0) -> 0 | K71: =I71*J71 -> 0 | L71: =IF(OR(J71>0,H71>0),H71+K71,0) -> 0
B72: Bar Stools | C72: =$B$7 -> FC | D72: 2 | F72: =D72*E72 -> 0 | G72: =$B$8 -> 0.1 | H72: =IF(G72<>0,F72/G72,0) -> 0 | K72: =I72*J72 -> 0 | L72: =IF(OR(J72>0,H72>0),H72+K72,0) -> 0
B73: ATA Table (2000mm x 900mm) | C73: =$B$7 -> FC | D73: 1 | F73: =D73*E73 -> 0 | G73: =$B$8 -> 0.1 | H73: =IF(G73<>0,F73/G73,0) -> 0 | K73: =I73*J73 -> 0 | L73: =IF(OR(J73>0,H73>0),H73+K73,0) -> 0
B74: ATA Table (1200mm x 900mm) | C74: =$B$7 -> FC | D74: 1 | F74: =D74*E74 -> 0 | G74: =$B$8 -> 0.1 | H74: =IF(G74<>0,F74/G74,0) -> 0 | K74: =I74*J74 -> 0 | L74: =IF(OR(J74>0,H74>0),H74+K74,0) -> 0
B75: ATA Bookcase | C75: =$B$7 -> FC | D75: 1 | F75: =D75*E75 -> 0 | G75: =$B$8 -> 0.1 | H75: =IF(G75<>0,F75/G75,0) -> 0 | K75: =I75*J75 -> 0 | L75: =IF(OR(J75>0,H75>0),H75+K75,0) -> 0
C76: =$B$7 -> FC | F76: =D76*E76 -> 0 | G76: =$B$8 -> 0.1 | H76: =IF(G76<>0,F76/G76,0) -> 0 | K76: =I76*J76 -> 0 | L76: =IF(OR(J76>0,H76>0),H76+K76,0) -> 0
C77: =$B$7 -> FC | F77: =D77*E77 -> 0 | G77: =$B$8 -> 0.1 | H77: =IF(G77<>0,F77/G77,0) -> 0 | K77: =I77*J77 -> 0 | L77: =IF(OR(J77>0,H77>0),H77+K77,0) -> 0
C78: =$B$7 -> FC | F78: =D78*E78 -> 0 | G78: =$B$8 -> 0.1 | H78: =IF(G78<>0,F78/G78,0) -> 0 | K78: =I78*J78 -> 0 | L78: =IF(OR(J78>0,H78>0),H78+K78,0) -> 0
C79: =$B$7 -> FC | F79: =D79*E79 -> 0 | G79: =$B$8 -> 0.1 | H79: =IF(G79<>0,F79/G79,0) -> 0 | K79: =I79*J79 -> 0 | L79: =IF(OR(J79>0,H79>0),H79+K79,0) -> 0
C80: =$B$7 -> FC | F80: =D80*E80 -> 0 | G80: =$B$8 -> 0.1 | H80: =IF(G80<>0,F80/G80,0) -> 0 | K80: =I80*J80 -> 0 | L80: =IF(OR(J80>0,H80>0),H80+K80,0) -> 0
C81: =$B$7 -> FC | F81: =D81*E81 -> 0 | G81: =$B$8 -> 0.1 | H81: =IF(G81<>0,F81/G81,0) -> 0 | K81: =I81*J81 -> 0 | L81: =IF(OR(J81>0,H81>0),H81+K81,0) -> 0
C82: =$B$7 -> FC | F82: =D82*E82 -> 0 | G82: =$B$8 -> 0.1 | H82: =IF(G82<>0,F82/G82,0) -> 0 | K82: =I82*J82 -> 0 | L82: =IF(OR(J82>0,H82>0),H82+K82,0) -> 0
C83: =$B$7 -> FC | F83: =D83*E83 -> 0 | G83: =$B$8 -> 0.1 | H83: =IF(G83<>0,F83/G83,0) -> 0 | K83: =I83*J83 -> 0 | L83: =IF(OR(J83>0,H83>0),H83+K83,0) -> 0
C84: =$B$7 -> FC | F84: =D84*E84 -> 0 | G84: =$B$8 -> 0.1 | H84: =IF(G84<>0,F84/G84,0) -> 0 | K84: =I84*J84 -> 0 | L84: =IF(OR(J84>0,H84>0),H84+K84,0) -> 0
C85: =$B$7 -> FC | F85: =D85*E85 -> 0 | G85: =$B$8 -> 0.1 | H85: =IF(G85<>0,F85/G85,0) -> 0 | K85: =I85*J85 -> 0 | L85: =IF(OR(J85>0,H85>0),H85+K85,0) -> 0
C86: =$B$7 -> FC | F86: =D86*E86 -> 0 | G86: =$B$8 -> 0.1 | H86: =IF(G86<>0,F86/G86,0) -> 0 | K86: =I86*J86 -> 0 | L86: =IF(OR(J86>0,H86>0),H86+K86,0) -> 0
C87: =$B$7 -> FC | F87: =D87*E87 -> 0 | G87: =$B$8 -> 0.1 | H87: =IF(G87<>0,F87/G87,0) -> 0 | K87: =I87*J87 -> 0 | L87: =IF(OR(J87>0,H87>0),H87+K87,0) -> 0
... C90: =$B$7 -> FC | F90: =D90*E90 -> 0 | G90: =$B$8 -> 0.1 | H90: =IF(G90<>0,F90/G90,0) -> 0 | K90: =I90*J90 -> 0 | L90: =IF(OR(J90>0,H90>0),H90+K90,0) -> 0
B91: =+"SUB-TOTAL: "&A15 -> SUB-TOTAL: G4.1 | E91: =SUM(E15:E90) -> 0 | F91: =SUM(F15:F90) -> 0 | G91: =$B$8 -> 0.1 | H91: =SUM(H15:H90) -> 0 | K91: =SUM(K15:K90) -> 0 | L91: =SUM(L15:L90) -> 0

Sheet G4_2 FAKN
A1: TENDER PRICE SCHEDULE: APPENDIX G3.1
A2: (EXCLUDING VALUE ADDED TAX)
A3: TENDERER : | B3: =Instructions!D3 -> Tenderer Company name
A4: PROJECT : | B4: =Instructions!D4 -> Radar Replacement Project
A5: Item Nr: | B5: G4.2
A6: Item Description: | B6: FAKN
A7: Foreign Currancy | B7: =Instructions!D5 -> FC
A8: ROE: 1R = | B8: =Instructions!D6 -> 0.1
C10: Overseas Items | I10: Local Items
A12: Schedule Item Number | B12: Description {Equipment Common to all site} | C12: Foreign Currency | D12: Quantity | E12: Foreign Amount Unit Cost | F12: Foreign Amount Total Cost | G12: ROE: 1R = … | H12: Total Foreign Cost in Rands | I12: Quantity | J12: Local Amount Unit Cost | K12: Local Amount Total Cost | L12: Total Rands
A15: =B5 -> G4.2 | B15: =B6 -> FAKN
B16: (All equipment as required, with at least the following headings.)
B19: Testing of the Power Cable | C19: =$B$7 -> FC | F19: =D19*E19 -> 0 | G19: =$B$8 -> 0.1 | H19: =IF(G19<>0,F19/G19,0) -> 0 | K19: =I19*J19 -> 0 | L19: =IF(OR(J19>0,H19>0),H19+K19,0) -> 0
B20: Vegetation Clearing | C20: =$B$7 -> FC | F20: =D20*E20 -> 0 | G20: =$B$8 -> 0.1 | H20: =IF(G20<>0,F20/G20,0) -> 0 | K20: =I20*J20 -> 0 | L20: =IF(OR(J20>0,H20>0),H20+K20,0) -> 0
B21: Trenching for Power Cable | C21: =$B$7 -> FC | F21: =D21*E21 -> 0 | G21: =$B$8 -> 0.1 | H21: =IF(G21<>0,F21/G21,0) -> 0 | K21: =I21*J21 -> 0 | L21: =IF(OR(J21>0,H21>0),H21+K21,0) -> 0
B22: New Mast | C22: =$B$7 -> FC | F22: =D22*E22 -> 0 | G22: =$B$8 -> 0.1 | H22: =IF(G22<>0,F22/G22,0) -> 0 | K22: =I22*J22 -> 0 | L22: =IF(OR(J22>0,H22>0),H22+K22,0) -> 0
B23: Inverter (Solar System) | C23: =$B$7 -> FC | D23: 1 | F23: =D23*E23 -> 0 | G23: =$B$8 -> 0.1 | H23: =IF(G23<>0,F23/G23,0) -> 0 | K23: =I23*J23 -> 0 | L23: =IF(OR(J23>0,H23>0),H23+K23,0) -> 0
B24: Batteries (Solar System) | C24: =$B$7 -> FC | F24: =D24*E24 -> 0 | G24: =$B$8 -> 0.1 | H24: =IF(G24<>0,F24/G24,0) -> 0 | K24: =I24*J24 -> 0 | L24: =IF(OR(J24>0,H24>0),H24+K24,0) -> 0
B25: New Container | C25: =$B$7 -> FC | F25: =D25*E25 -> 0 | G25: =$B$8 -> 0.1 | H25: =IF(G25<>0,F25/G25,0) -> 0 | K25: =I25*J25 -> 0 | L25: =IF(OR(J25>0,H25>0),H25+K25,0) -> 0
B26: CCTV Surveillance System
B27: Outdoor Turret Cameras | C27: =$B$7 -> FC | D27: 4 | F27: =D27*E27 -> 0 | G27: =$B$8 -> 0.1 | H27: =IF(G27<>0,F27/G27,0) -> 0 | K27: =I27*J27 -> 0 | L27: =IF(OR(J27>0,H27>0),H27+K27,0) -> 0
B28: Network Video Recorder | C28: =$B$7 -> FC | D28: 1 | F28: =D28*E28 -> 0 | G28: =$B$8 -> 0.1 | H28: =IF(G28<>0,F28/G28,0) -> 0 | K28: =I28*J28 -> 0 | L28: =IF(OR(J28>0,H28>0),H28+K28,0) -> 0
C29: =$B$7 -> FC | F29: =D29*E29 -> 0 | G29: =$B$8 -> 0.1 | H29: =IF(G29<>0,F29/G29,0) -> 0 | K29: =I29*J29 -> 0 | L29: =IF(OR(J29>0,H29>0),H29+K29,0) -> 0
C30: =$B$7 -> FC | F30: =D30*E30 -> 0 | G30: =$B$8 -> 0.1 | H30: =IF(G30<>0,F30/G30,0) -> 0 | K30: =I30*J30 -> 0 | L30: =IF(OR(J30>0,H30>0),H30+K30,0) -> 0
C31: =$B$7 -> FC | F31: =D31*E31 -> 0 | G31: =$B$8 -> 0.1 | H31: =IF(G31<>0,F31/G31,0) -> 0 | K31: =I31*J31 -> 0 | L31: =IF(OR(J31>0,H31>0),H31+K31,0) -> 0
C32: =$B$7 -> FC | F32: =D32*E32 -> 0 | G32: =$B$8 -> 0.1 | H32: =IF(G32<>0,F32/G32,0) -> 0 | K32: =I32*J32 -> 0 | L32: =IF(OR(J32>0,H32>0),H32+K32,0) -> 0
C33: =$B$7 -> FC | F33: =D33*E33 -> 0 | G33: =$B$8 -> 0.1 | H33: =IF(G33<>0,F33/G33,0) -> 0 | K33: =I33*J33 -> 0 | L33: =IF(OR(J33>0,H33>0),H33+K33,0) -> 0
C34: =$B$7 -> FC | F34: =D34*E34 -> 0 | G34: =$B$8 -> 0.1 | H34: =IF(G34<>0,F34/G34,0) -> 0 | K34: =I34*J34 -> 0 | L34: =IF(OR(J34>0,H34>0),H34+K34,0) -> 0
C35: =$B$7 -> FC | F35: =D35*E35 -> 0 | G35: =$B$8 -> 0.1 | H35: =IF(G35<>0,F35/G35,0) -> 0 | K35: =I35*J35 -> 0 | L35: =IF(OR(J35>0,H35>0),H35+K35,0) -> 0
C36: =$B$7 -> FC | F36: =D36*E36 -> 0 | G36: =$B$8 -> 0.1 | H36: =IF(G36<>0,F36/G36,0) -> 0 | K36: =I36*J36 -> 0 | L36: =IF(OR(J36>0,H36>0),H36+K36,0) -> 0
C37: =$B$7 -> FC | F37: =D37*E37 -> 0 | G37: =$B$8 -> 0.1 | H37: =IF(G37<>0,F37/G37,0) -> 0 | K37: =I37*J37 -> 0 | L37: =IF(OR(J37>0,H37>0),H37+K37,0) -> 0
C38: =$B$7 -> FC | F38: =D38*E38 -> 0 | G38: =$B$8 -> 0.1 | H38: =IF(G38<>0,F38/G38,0) -> 0 | K38: =I38*J38 -> 0 | L38: =IF(OR(J38>0,H38>0),H38+K38,0) -> 0
C39: =$B$7 -> FC | F39: =D39*E39 -> 0 | G39: =$B$8 -> 0.1 | H39: =IF(G39<>0,F39/G39,0) -> 0 | K39: =I39*J39 -> 0 | L39: =IF(OR(J39>0,H39>0),H39+K39,0) -> 0
C40: =$B$7 -> FC | F40: =D40*E40 -> 0 | G40: =$B$8 -> 0.1 | H40: =IF(G40<>0,F40/G40,0) -> 0 | K40: =I40*J40 -> 0 | L40: =IF(OR(J40>0,H40>0),H40+K40,0) -> 0
... C42: =$B$7 -> FC | F42: =D42*E42 -> 0 | G42: =$B$8 -> 0.1 | H42: =IF(G42<>0,F42/G42,0) -> 0 | K42: =I42*J42 -> 0 | L42: =IF(OR(J42>0,H42>0),H42+K42,0) -> 0
B43: =+"SUB-TOTAL: "&A15 -> SUB-TOTAL: G4.2 | E43: =SUM(E15:E42) -> 0 | F43: =SUM(F15:F42) -> 0 | G43: =$B$8 -> 0.1 | H43: =SUM(H15:H42) -> 0 | K43: =SUM(K15:K42) -> 0 | L43: =SUM(L15:L42) -> 0

Sheet G4_3 Sutherland
A1: TENDER PRICE SCHEDULE: APPENDIX G3.1
A2: (EXCLUDING VALUE ADDED TAX)
A3: TENDERER : | B3: =Instructions!D3 -> Tenderer Company name
A4: PROJECT : | B4: =Instructions!D4 -> Radar Replacement Project
A5: Item Nr: | B5: G4.3
A6: Item Description: | B6: Sutherland
A7: Foreign Currancy | B7: =Instructions!D5 -> FC
A8: ROE: 1R = | B8: =Instructions!D6 -> 0.1
C10: Overseas Items | I10: Local Items
A12: Schedule Item Number | B12: Description {Equipment Common to all site} | C12: Foreign Currency | D12: Quantity | E12: Foreign Amount Unit Cost | F12: Foreign Amount Total Cost | G12: ROE: 1R = … | H12: Total Foreign Cost in Rands | I12: Quantity | J12: Local Amount Unit Cost | K12: Local Amount Total Cost | L12: Total Rands
A15: =B5 -> G4.3 | B15: =B6 -> Sutherland
B16: (All equipment as required, with at least the following headings.)
B19: Building Refurbishment and Painting | C19: =$B$7 -> FC | F19: =D19*E19 -> 0 | G19: =$B$8 -> 0.1 | H19: =IF(G19<>0,F19/G19,0) -> 0 | K19: =I19*J19 -> 0 | L19: =IF(OR(J19>0,H19>0),H19+K19,0) -> 0
B20: Kitchen Cupboard Doors and Hinges | C20: =$B$7 -> FC | F20: =D20*E20 -> 0 | G20: =$B$8 -> 0.1 | H20: =IF(G20<>0,F20/G20,0) -> 0 | K20: =I20*J20 -> 0 | L20: =IF(OR(J20>0,H20>0),H20+K20,0) -> 0
B21: Doors
B22: Generator Room Double Door | C22: =$B$7 -> FC | D22: 1 | F22: =D22*E22 -> 0 | G22: =$B$8 -> 0.1 | H22: =IF(G22<>0,F22/G22,0) -> 0 | K22: =I22*J22 -> 0 | L22: =IF(OR(J22>0,H22>0),H22+K22,0) -> 0
B23: Single Doors | C23: =$B$7 -> FC | D23: 3 | F23: =D23*E23 -> 0 | G23: =$B$8 -> 0.1 | H23: =IF(G23<>0,F23/G23,0) -> 0 | K23: =I23*J23 -> 0 | L23: =IF(OR(J23>0,H23>0),H23+K23,0) -> 0
B24: Double Doors | C24: =$B$7 -> FC | D24: 1 | F24: =D24*E24 -> 0 | G24: =$B$8 -> 0.1 | H24: =IF(G24<>0,F24/G24,0) -> 0 | K24: =I24*J24 -> 0 | L24: =IF(OR(J24>0,H24>0),H24+K24,0) -> 0
B25: LED Flood Light (10W) | C25: =$B$7 -> FC | D25: 2 | F25: =D25*E25 -> 0 | G25: =$B$8 -> 0.1 | H25: =IF(G25<>0,F25/G25,0) -> 0 | K25: =I25*J25 -> 0 | L25: =IF(OR(J25>0,H25>0),H25+K25,0) -> 0
B26: LED Tubes | C26: =$B$7 -> FC | D26: 56 | F26: =D26*E26 -> 0 | G26: =$B$8 -> 0.1 | H26: =IF(G26<>0,F26/G26,0) -> 0 | K26: =I26*J26 -> 0 | L26: =IF(OR(J26>0,H26>0),H26+K26,0) -> 0
B27: LED Tube Light Fittings | C27: =$B$7 -> FC | D27: 28 | F27: =D27*E27 -> 0 | G27: =$B$8 -> 0.1 | H27: =IF(G27<>0,F27/G27,0) -> 0 | K27: =I27*J27 -> 0 | L27: =IF(OR(J27>0,H27>0),H27+K27,0) -> 0
B28: Paving Repair | C28: =$B$7 -> FC | F28: =D28*E28 -> 0 | G28: =$B$8 -> 0.1 | H28: =IF(G28<>0,F28/G28,0) -> 0 | K28: =I28*J28 -> 0 | L28: =IF(OR(J28>0,H28>0),H28+K28,0) -> 0
B29: Vegetation Clearing | C29: =$B$7 -> FC | F29: =D29*E29 -> 0 | G29: =$B$8 -> 0.1 | H29: =IF(G29<>0,F29/G29,0) -> 0 | K29: =I29*J29 -> 0 | L29: =IF(OR(J29>0,H29>0),H29+K29,0) -> 0
B30: Zinc Roof Waterproofing | C30: =$B$7 -> FC | F30: =D30*E30 -> 0 | G30: =$B$8 -> 0.1 | H30: =IF(G30<>0,F30/G30,0) -> 0 | K30: =I30*J30 -> 0 | L30: =IF(OR(J30>0,H30>0),H30+K30,0) -> 0
B31: Diesel Bulk Tank Maintenance | C31: =$B$7 -> FC | F31: =D31*E31 -> 0 | G31: =$B$8 -> 0.1 | H31: =IF(G31<>0,F31/G31,0) -> 0 | K31: =I31*J31 -> 0 | L31: =IF(OR(J31>0,H31>0),H31+K31,0) -> 0
B32: Diesel Bulk Tank Lid | C32: =$B$7 -> FC | D32: 1 | F32: =D32*E32 -> 0 | G32: =$B$8 -> 0.1 | H32: =IF(G32<>0,F32/G32,0) -> 0 | K32: =I32*J32 -> 0 | L32: =IF(OR(J32>0,H32>0),H32+K32,0) -> 0
B33: Perimeter Fence | C33: =$B$7 -> FC | F33: =D33*E33 -> 0 | G33: =$B$8 -> 0.1 | H33: =IF(G33<>0,F33/G33,0) -> 0 | K33: =I33*J33 -> 0 | L33: =IF(OR(J33>0,H33>0),H33+K33,0) -> 0
B34: Site Entrance Gate | C34: =$B$7 -> FC | F34: =D34*E34 -> 0 | G34: =$B$8 -> 0.1 | H34: =IF(G34<>0,F34/G34,0) -> 0 | K34: =I34*J34 -> 0 | L34: =IF(OR(J34>0,H34>0),H34+K34,0) -> 0
C35: =$B$7 -> FC | F35: =D35*E35 -> 0 | G35: =$B$8 -> 0.1 | H35: =IF(G35<>0,F35/G35,0) -> 0 | K35: =I35*J35 -> 0 | L35: =IF(OR(J35>0,H35>0),H35+K35,0) -> 0
C36: =$B$7 -> FC | F36: =D36*E36 -> 0 | G36: =$B$8 -> 0.1 | H36: =IF(G36<>0,F36/G36,0) -> 0 | K36: =I36*J36 -> 0 | L36: =IF(OR(J36>0,H36>0),H36+K36,0) -> 0
C37: =$B$7 -> FC | F37: =D37*E37 -> 0 | G37: =$B$8 -> 0.1 | H37: =IF(G37<>0,F37/G37,0) -> 0 | K37: =I37*J37 -> 0 | L37: =IF(OR(J37>0,H37>0),H37+K37,0) -> 0
C38: =$B$7 -> FC | F38: =D38*E38 -> 0 | G38: =$B$8 -> 0.1 | H38: =IF(G38<>0,F38/G38,0) -> 0 | K38: =I38*J38 -> 0 | L38: =IF(OR(J38>0,H38>0),H38+K38,0) -> 0
C39: =$B$7 -> FC | F39: =D39*E39 -> 0 | G39: =$B$8 -> 0.1 | H39: =IF(G39<>0,F39/G39,0) -> 0 | K39: =I39*J39 -> 0 | L39: =IF(OR(J39>0,H39>0),H39+K39,0) -> 0
C40: =$B$7 -> FC | F40: =D40*E40 -> 0 | G40: =$B$8 -> 0.1 | H40: =IF(G40<>0,F40/G40,0) -> 0 | K40: =I40*J40 -> 0 | L40: =IF(OR(J40>0,H40>0),H40+K40,0) -> 0
C41: =$B$7 -> FC | F41: =D41*E41 -> 0 | G41: =$B$8 -> 0.1 | H41: =IF(G41<>0,F41/G41,0) -> 0 | K41: =I41*J41 -> 0 | L41: =IF(OR(J41>0,H41>0),H41+K41,0) -> 0
C42: =$B$7 -> FC | F42: =D42*E42 -> 0 | G42: =$B$8 -> 0.1 | H42: =IF(G42<>0,F42/G42,0) -> 0 | K42: =I42*J42 -> 0 | L42: =IF(OR(J42>0,H42>0),H42+K42,0) -> 0
C43: =$B$7 -> FC | F43: =D43*E43 -> 0 | G43: =$B$8 -> 0.1 | H43: =IF(G43<>0,F43/G43,0) -> 0 | K43: =I43*J43 -> 0 | L43: =IF(OR(J43>0,H43>0),H43+K43,0) -> 0
C44: =$B$7 -> FC | F44: =D44*E44 -> 0 | G44: =$B$8 -> 0.1 | H44: =IF(G44<>0,F44/G44,0) -> 0 | K44: =I44*J44 -> 0 | L44: =IF(OR(J44>0,H44>0),H44+K44,0) -> 0
B45: =+"SUB-TOTAL: "&A15 -> SUB-TOTAL: G4.3 | E45: =SUM(E15:E44) -> 0 | F45: =SUM(F15:F44) -> 0 | G45: =$B$8 -> 0.1 | H45: =SUM(H15:H44) -> 0 | K45: =SUM(K15:K44) -> 0 | L45: =SUM(L15:L44) -> 0

Sheet G4_4 FAPE
A1: TENDER PRICE SCHEDULE: APPENDIX G3.1
A2: (EXCLUDING VALUE ADDED TAX)
A3: TENDERER : | B3: =Instructions!D3 -> Tenderer Company name
A4: PROJECT : | B4: =Instructions!D4 -> Radar Replacement Project
A5: Item Nr: | B5: G4.4
A6: Item Description: | B6: FAPE
A7: Foreign Currancy | B7: =Instructions!D5 -> FC
A8: ROE: 1R = | B8: =Instructions!D6 -> 0.1
C10: Overseas Items | I10: Local Items
A12: Schedule Item Number | B12: Description {Equipment Common to all site} | C12: Foreign Currency | D12: Quantity | E12: Foreign Amount Unit Cost | F12: Foreign Amount Total Cost | G12: ROE: 1R = … | H12: Total Foreign Cost in Rands | I12: Quantity | J12: Local Amount Unit Cost | K12: Local Amount Total Cost | L12: Total Rands
A15: =B5 -> G4.4 | B15: =B6 -> FAPE
B16: (All equipment as required, with at least the following headings.)
B19: Building Refurbishment and Painting | C19: =$B$7 -> FC | F19: =D19*E19 -> 0 | G19: =$B$8 -> 0.1 | H19: =IF(G19<>0,F19/G19,0) -> 0 | K19: =I19*J19 -> 0 | L19: =IF(OR(J19>0,H19>0),H19+K19,0) -> 0
B20: Diesel Bulk Tank Maintenance | C20: =$B$7 -> FC | F20: =D20*E20 -> 0 | G20: =$B$8 -> 0.1 | H20: =IF(G20<>0,F20/G20,0) -> 0 | K20: =I20*J20 -> 0 | L20: =IF(OR(J20>0,H20>0),H20+K20,0) -> 0
B21: Diesel Bulk Tank Lid | C21: =$B$7 -> FC | D21: 1 | F21: =D21*E21 -> 0 | G21: =$B$8 -> 0.1 | H21: =IF(G21<>0,F21/G21,0) -> 0 | K21: =I21*J21 -> 0 | L21: =IF(OR(J21>0,H21>0),H21+K21,0) -> 0
B22: Diesel Water Trap Filter | C22: =$B$7 -> FC | F22: =D22*E22 -> 0 | G22: =$B$8 -> 0.1 | H22: =IF(G22<>0,F22/G22,0) -> 0 | K22: =I22*J22 -> 0 | L22: =IF(OR(J22>0,H22>0),H22+K22,0) -> 0
B23: Steel Door Refurbishment (UPS Room) | C23: =$B$7 -> FC | F23: =D23*E23 -> 0 | G23: =$B$8 -> 0.1 | H23: =IF(G23<>0,F23/G23,0) -> 0 | K23: =I23*J23 -> 0 | L23: =IF(OR(J23>0,H23>0),H23+K23,0) -> 0
B24: Control System for Louvers | C24: =$B$7 -> FC | F24: =D24*E24 -> 0 | G24: =$B$8 -> 0.1 | H24: =IF(G24<>0,F24/G24,0) -> 0 | K24: =I24*J24 -> 0 | L24: =IF(OR(J24>0,H24>0),H24+K24,0) -> 0
B25: Large Steel Door Refurbishment | C25: =$B$7 -> FC | F25: =D25*E25 -> 0 | G25: =$B$8 -> 0.1 | H25: =IF(G25<>0,F25/G25,0) -> 0 | K25: =I25*J25 -> 0 | L25: =IF(OR(J25>0,H25>0),H25+K25,0) -> 0
C26: =$B$7 -> FC | F26: =D26*E26 -> 0 | G26: =$B$8 -> 0.1 | H26: =IF(G26<>0,F26/G26,0) -> 0 | K26: =I26*J26 -> 0 | L26: =IF(OR(J26>0,H26>0),H26+K26,0) -> 0
C27: =$B$7 -> FC | F27: =D27*E27 -> 0 | G27: =$B$8 -> 0.1 | H27: =IF(G27<>0,F27/G27,0) -> 0 | K27: =I27*J27 -> 0 | L27: =IF(OR(J27>0,H27>0),H27+K27,0) -> 0
C28: =$B$7 -> FC | F28: =D28*E28 -> 0 | G28: =$B$8 -> 0.1 | H28: =IF(G28<>0,F28/G28,0) -> 0 | K28: =I28*J28 -> 0 | L28: =IF(OR(J28>0,H28>0),H28+K28,0) -> 0
C29: =$B$7 -> FC | F29: =D29*E29 -> 0 | G29: =$B$8 -> 0.1 | H29: =IF(G29<>0,F29/G29,0) -> 0 | K29: =I29*J29 -> 0 | L29: =IF(OR(J29>0,H29>0),H29+K29,0) -> 0
C30: =$B$7 -> FC | F30: =D30*E30 -> 0 | G30: =$B$8 -> 0.1 | H30: =IF(G30<>0,F30/G30,0) -> 0 | K30: =I30*J30 -> 0 | L30: =IF(OR(J30>0,H30>0),H30+K30,0) -> 0
B31: =+"SUB-TOTAL: "&A15 -> SUB-TOTAL: G4.4 | E31: =SUM(E15:E30) -> 0 | F31: =SUM(F15:F30) -> 0 | G31: =$B$8 -> 0.1 | H31: =SUM(H15:H30) -> 0 | K31: =SUM(K15:K30) -> 0 | L31: =SUM(L15:L30) -> 0

Sheet G4_5 FAEL
A1: TENDER PRICE SCHEDULE: APPENDIX G3.1
A2: (EXCLUDING VALUE ADDED TAX)
A3: TENDERER : | B3: =Instructions!D3 -> Tenderer Company name
A4: PROJECT : | B4: =Instructions!D4 -> Radar Replacement Project
A5: Item Nr: | B5: G4.5
A6: Item Description: | B6: FAEL
A7: Foreign Currancy | B7: =Instructions!D5 -> FC
A8: ROE: 1R = | B8: =Instructions!D6 -> 0.1
C10: Overseas Items | I10: Local Items
A12: Schedule Item Number | B12: Description {Equipment Common to all site} | C12: Foreign Currency | D12: Quantity | E12: Foreign Amount Unit Cost | F12: Foreign Amount Total Cost | G12: ROE: 1R = … | H12: Total Foreign Cost in Rands | I12: Quantity | J12: Local Amount Unit Cost | K12: Local Amount Total Cost | L12: Total Rands
A15: =B5 -> G4.5 | B15: =B6 -> FAEL
B16: (All equipment as required, with at least the following headings.)
B19: Building Refurbishment and Painting | C19: =$B$7 -> FC | F19: =D19*E19 -> 0 | G19: =$B$8 -> 0.1 | H19: =IF(G19<>0,F19/G19,0) -> 0 | K19: =I19*J19 -> 0 | L19: =IF(OR(J19>0,H19>0),H19+K19,0) -> 0
B20: Diesel Bulk Tank Replacement | C20: =$B$7 -> FC | D20: 1 | F20: =D20*E20 -> 0 | G20: =$B$8 -> 0.1 | H20: =IF(G20<>0,F20/G20,0) -> 0 | K20: =I20*J20 -> 0 | L20: =IF(OR(J20>0,H20>0),H20+K20,0) -> 0
B21: Large Steel Door Refurbishment | C21: =$B$7 -> FC | F21: =D21*E21 -> 0 | G21: =$B$8 -> 0.1 | H21: =IF(G21<>0,F21/G21,0) -> 0 | K21: =I21*J21 -> 0 | L21: =IF(OR(J21>0,H21>0),H21+K21,0) -> 0
B22: LED Tubes | C22: =$B$7 -> FC | D22: 20 | F22: =D22*E22 -> 0 | G22: =$B$8 -> 0.1 | H22: =IF(G22<>0,F22/G22,0) -> 0 | K22: =I22*J22 -> 0 | L22: =IF(OR(J22>0,H22>0),H22+K22,0) -> 0
B23: LED Tube Light Fittings | C23: =$B$7 -> FC | D23: 10 | F23: =D23*E23 -> 0 | G23: =$B$8 -> 0.1 | H23: =IF(G23<>0,F23/G23,0) -> 0 | K23: =I23*J23 -> 0 | L23: =IF(OR(J23>0,H23>0),H23+K23,0) -> 0
B24: Oil Pump | C24: =$B$7 -> FC | F24: =D24*E24 -> 0 | G24: =$B$8 -> 0.1 | H24: =IF(G24<>0,F24/G24,0) -> 0 | K24: =I24*J24 -> 0 | L24: =IF(OR(J24>0,H24>0),H24+K24,0) -> 0
B25: Outdoor LED Tubes | C25: =$B$7 -> FC | F25: =D25*E25 -> 0 | G25: =$B$8 -> 0.1 | H25: =IF(G25<>0,F25/G25,0) -> 0 | K25: =I25*J25 -> 0 | L25: =IF(OR(J25>0,H25>0),H25+K25,0) -> 0
B26: Telephone | C26: =$B$7 -> FC | F26: =D26*E26 -> 0 | G26: =$B$8 -> 0.1 | H26: =IF(G26<>0,F26/G26,0) -> 0 | K26: =I26*J26 -> 0 | L26: =IF(OR(J26>0,H26>0),H26+K26,0) -> 0
C27: =$B$7 -> FC | F27: =D27*E27 -> 0 | G27: =$B$8 -> 0.1 | H27: =IF(G27<>0,F27/G27,0) -> 0 | K27: =I27*J27 -> 0 | L27: =IF(OR(J27>0,H27>0),H27+K27,0) -> 0
C28: =$B$7 -> FC | F28: =D28*E28 -> 0 | G28: =$B$8 -> 0.1 | H28: =IF(G28<>0,F28/G28,0) -> 0 | K28: =I28*J28 -> 0 | L28: =IF(OR(J28>0,H28>0),H28+K28,0) -> 0
C29: =$B$7 -> FC | F29: =D29*E29 -> 0 | G29: =$B$8 -> 0.1 | H29: =IF(G29<>0,F29/G29,0) -> 0 | K29: =I29*J29 -> 0 | L29: =IF(OR(J29>0,H29>0),H29+K29,0) -> 0
C30: =$B$7 -> FC | F30: =D30*E30 -> 0 | G30: =$B$8 -> 0.1 | H30: =IF(G30<>0,F30/G30,0) -> 0 | K30: =I30*J30 -> 0 | L30: =IF(OR(J30>0,H30>0),H30+K30,0) -> 0
C31: =$B$7 -> FC | F31: =D31*E31 -> 0 | G31: =$B$8 -> 0.1 | H31: =IF(G31<>0,F31/G31,0) -> 0 | K31: =I31*J31 -> 0 | L31: =IF(OR(J31>0,H31>0),H31+K31,0) -> 0
B32: =+"SUB-TOTAL: "&A15 -> SUB-TOTAL: G4.5 | E32: =SUM(E15:E31) -> 0 | F32: =SUM(F15:F31) -> 0 | G32: =$B$8 -> 0.1 | H32: =SUM(H15:H31) -> 0 | K32: =SUM(K15:K31) -> 0 | L32: =SUM(L15:L31) -> 0

Sheet G4_6 FALE
A1: TENDER PRICE SCHEDULE: APPENDIX G3.1
A2: (EXCLUDING VALUE ADDED TAX)
A3: TENDERER : | B3: =Instructions!D3 -> Tenderer Company name
A4: PROJECT : | B4: =Instructions!D4 -> Radar Replacement Project
A5: Item Nr: | B5: G4.6
A6: Item Description: | B6: FALE
A7: Foreign Currancy | B7: =Instructions!D5 -> FC
A8: ROE: 1R = | B8: =Instructions!D6 -> 0.1
C10: Overseas Items | I10: Local Items
A12: Schedule Item Number | B12: Description {Equipment Common to all site} | C12: Foreign Currency | D12: Quantity | E12: Foreign Amount Unit Cost | F12: Foreign Amount Total Cost | G12: ROE: 1R = … | H12: Total Foreign Cost in Rands | I12: Quantity | J12: Local Amount Unit Cost | K12: Local Amount Total Cost | L12: Total Rands
A15: =B5 -> G4.6 | B15: =B6 -> FALE
B16: (All equipment as required, with at least the following headings.)
B19: Building Refurbishment and Painting | C19: =$B$7 -> FC | F19: =D19*E19 -> 0 | G19: =$B$8 -> 0.1 | H19: =IF(G19<>0,F19/G19,0) -> 0 | K19: =I19*J19 -> 0 | L19: =IF(OR(J19>0,H19>0),H19+K19,0) -> 0
B20: LED Tubes | C20: =$B$7 -> FC | D20: 26 | F20: =D20*E20 -> 0 | G20: =$B$8 -> 0.1 | H20: =IF(G20<>0,F20/G20,0) -> 0 | K20: =I20*J20 -> 0 | L20: =IF(OR(J20>0,H20>0),H20+K20,0) -> 0
B21: LED Tube Light Fittings | C21: =$B$7 -> FC | D21: 13 | F21: =D21*E21 -> 0 | G21: =$B$8 -> 0.1 | H21: =IF(G21<>0,F21/G21,0) -> 0 | K21: =I21*J21 -> 0 | L21: =IF(OR(J21>0,H21>0),H21+K21,0) -> 0
B22: Diesel Bulk Tank Maintenance | C22: =$B$7 -> FC | F22: =D22*E22 -> 0 | G22: =$B$8 -> 0.1 | H22: =IF(G22<>0,F22/G22,0) -> 0 | K22: =I22*J22 -> 0 | L22: =IF(OR(J22>0,H22>0),H22+K22,0) -> 0
B23: Diesel Bulk Tank Lid | C23: =$B$7 -> FC | D23: 1 | F23: =D23*E23 -> 0 | G23: =$B$8 -> 0.1 | H23: =IF(G23<>0,F23/G23,0) -> 0 | K23: =I23*J23 -> 0 | L23: =IF(OR(J23>0,H23>0),H23+K23,0) -> 0
B24: Diesel Water Trap Filter | C24: =$B$7 -> FC | F24: =D24*E24 -> 0 | G24: =$B$8 -> 0.1 | H24: =IF(G24<>0,F24/G24,0) -> 0 | K24: =I24*J24 -> 0 | L24: =IF(OR(J24>0,H24>0),H24+K24,0) -> 0
B25: Steel Door Refurbishment (Generator Room) | C25: =$B$7 -> FC | F25: =D25*E25 -> 0 | G25: =$B$8 -> 0.1 | H25: =IF(G25<>0,F25/G25,0) -> 0 | K25: =I25*J25 -> 0 | L25: =IF(OR(J25>0,H25>0),H25+K25,0) -> 0
B26: Steel Door Refurbishment (UPS Room) | C26: =$B$7 -> FC | F26: =D26*E26 -> 0 | G26: =$B$8 -> 0.1 | H26: =IF(G26<>0,F26/G26,0) -> 0 | K26: =I26*J26 -> 0 | L26: =IF(OR(J26>0,H26>0),H26+K26,0) -> 0
B27: Large Steel Door Refurbishment | C27: =$B$7 -> FC | F27: =D27*E27 -> 0 | G27: =$B$8 -> 0.1 | H27: =IF(G27<>0,F27/G27,0) -> 0 | K27: =I27*J27 -> 0 | L27: =IF(OR(J27>0,H27>0),H27+K27,0) -> 0
B28: Louver Refurbishment | C28: =$B$7 -> FC | F28: =D28*E28 -> 0 | G28: =$B$8 -> 0.1 | H28: =IF(G28<>0,F28/G28,0) -> 0 | K28: =I28*J28 -> 0 | L28: =IF(OR(J28>0,H28>0),H28+K28,0) -> 0
B29: New Aluminium Louvers with Control System | C29: =$B$7 -> FC | F29: =D29*E29 -> 0 | G29: =$B$8 -> 0.1 | H29: =IF(G29<>0,F29/G29,0) -> 0 | K29: =I29*J29 -> 0 | L29: =IF(OR(J29>0,H29>0),H29+K29,0) -> 0
B30: RFM Site Container | C30: =$B$7 -> FC | F30: =D30*E30 -> 0 | G30: =$B$8 -> 0.1 | H30: =IF(G30<>0,F30/G30,0) -> 0 | K30: =I30*J30 -> 0 | L30: =IF(OR(J30>0,H30>0),H30+K30,0) -> 0
B31: Mast Refurbishment and Extension | C31: =$B$7 -> FC | F31: =D31*E31 -> 0 | G31: =$B$8 -> 0.1 | H31: =IF(G31<>0,F31/G31,0) -> 0 | K31: =I31*J31 -> 0 | L31: =IF(OR(J31>0,H31>0),H31+K31,0) -> 0
C32: =$B$7 -> FC | F32: =D32*E32 -> 0 | G32: =$B$8 -> 0.1 | H32: =IF(G32<>0,F32/G32,0) -> 0 | K32: =I32*J32 -> 0 | L32: =IF(OR(J32>0,H32>0),H32+K32,0) -> 0
C33: =$B$7 -> FC | F33: =D33*E33 -> 0 | G33: =$B$8 -> 0.1 | H33: =IF(G33<>0,F33/G33,0) -> 0 | K33: =I33*J33 -> 0 | L33: =IF(OR(J33>0,H33>0),H33+K33,0) -> 0
C34: =$B$7 -> FC | F34: =D34*E34 -> 0 | G34: =$B$8 -> 0.1 | H34: =IF(G34<>0,F34/G34,0) -> 0 | K34: =I34*J34 -> 0 | L34: =IF(OR(J34>0,H34>0),H34+K34,0) -> 0
C35: =$B$7 -> FC | F35: =D35*E35 -> 0 | G35: =$B$8 -> 0.1 | H35: =IF(G35<>0,F35/G35,0) -> 0 | K35: =I35*J35 -> 0 | L35: =IF(OR(J35>0,H35>0),H35+K35,0) -> 0
C36: =$B$7 -> FC | F36: =D36*E36 -> 0 | G36: =$B$8 -> 0.1 | H36: =IF(G36<>0,F36/G36,0) -> 0 | K36: =I36*J36 -> 0 | L36: =IF(OR(J36>0,H36>0),H36+K36,0) -> 0
B37: =+"SUB-TOTAL: "&A15 -> SUB-TOTAL: G4.6 | E37: =SUM(E15:E36) -> 0 | F37: =SUM(F15:F36) -> 0 | G37: =$B$8 -> 0.1 | H37: =SUM(H15:H36) -> 0 | K37: =SUM(K15:K36) -> 0 | L37: =SUM(L15:L36) -> 0

Sheet G4_7 FAGG
A1: TENDER PRICE SCHEDULE: APPENDIX G3.1
A2: (EXCLUDING VALUE ADDED TAX)
A3: TENDERER : | B3: =Instructions!D3 -> Tenderer Company name
A4: PROJECT : | B4: =Instructions!D4 -> Radar Replacement Project
A5: Item Nr: | B5: G4.7
A6: Item Description: | B6: FAGG
A7: Foreign Currancy | B7: =Instructions!D5 -> FC
A8: ROE: 1R = | B8: =Instructions!D6 -> 0.1
C10: Overseas Items | I10: Local Items
A12: Schedule Item Number | B12: Description {Equipment Common to all site} | C12: Foreign Currency | D12: Quantity | E12: Foreign Amount Unit Cost | F12: Foreign Amount Total Cost | G12: ROE: 1R = … | H12: Total Foreign Cost in Rands | I12: Quantity | J12: Local Amount Unit Cost | K12: Local Amount Total Cost | L12: Total Rands
A15: =B5 -> G4.7 | B15: =B6 -> FAGG
B16: (All equipment as required, with at least the following headings.)
B19: Building Refurbishment and Painting | C19: =$B$7 -> FC | F19: =D19*E19 -> 0 | G19: =$B$8 -> 0.1 | H19: =IF(G19<>0,F19/G19,0) -> 0 | K19: =I19*J19 -> 0 | L19: =IF(OR(J19>0,H19>0),H19+K19,0) -> 0
B20: LED Tubes | C20: =$B$7 -> FC | D20: 26 | F20: =D20*E20 -> 0 | G20: =$B$8 -> 0.1 | H20: =IF(G20<>0,F20/G20,0) -> 0 | K20: =I20*J20 -> 0 | L20: =IF(OR(J20>0,H20>0),H20+K20,0) -> 0
B21: LED Tube Light Fittings | C21: =$B$7 -> FC | D21: 13 | F21: =D21*E21 -> 0 | G21: =$B$8 -> 0.1 | H21: =IF(G21<>0,F21/G21,0) -> 0 | K21: =I21*J21 -> 0 | L21: =IF(OR(J21>0,H21>0),H21+K21,0) -> 0
B22: Diesel Bulk Tank Maintenance | C22: =$B$7 -> FC | F22: =D22*E22 -> 0 | G22: =$B$8 -> 0.1 | H22: =IF(G22<>0,F22/G22,0) -> 0 | K22: =I22*J22 -> 0 | L22: =IF(OR(J22>0,H22>0),H22+K22,0) -> 0
B23: Diesel Bulk Tank Lid | C23: =$B$7 -> FC | D23: 1 | F23: =D23*E23 -> 0 | G23: =$B$8 -> 0.1 | H23: =IF(G23<>0,F23/G23,0) -> 0 | K23: =I23*J23 -> 0 | L23: =IF(OR(J23>0,H23>0),H23+K23,0) -> 0
B24: Steel Door Refurbishment (Generator Room) | C24: =$B$7 -> FC | F24: =D24*E24 -> 0 | G24: =$B$8 -> 0.1 | H24: =IF(G24<>0,F24/G24,0) -> 0 | K24: =I24*J24 -> 0 | L24: =IF(OR(J24>0,H24>0),H24+K24,0) -> 0
B25: Steel Door Refurbishment (UPS Room) | C25: =$B$7 -> FC | F25: =D25*E25 -> 0 | G25: =$B$8 -> 0.1 | H25: =IF(G25<>0,F25/G25,0) -> 0 | K25: =I25*J25 -> 0 | L25: =IF(OR(J25>0,H25>0),H25+K25,0) -> 0
B26: Steel Door Refurbishment (Tower Entrance) | C26: =$B$7 -> FC | F26: =D26*E26 -> 0 | G26: =$B$8 -> 0.1 | H26: =IF(G26<>0,F26/G26,0) -> 0 | K26: =I26*J26 -> 0 | L26: =IF(OR(J26>0,H26>0),H26+K26,0) -> 0
B27: Large Steel Door Refurbishment | C27: =$B$7 -> FC | F27: =D27*E27 -> 0 | G27: =$B$8 -> 0.1 | H27: =IF(G27<>0,F27/G27,0) -> 0 | K27: =I27*J27 -> 0 | L27: =IF(OR(J27>0,H27>0),H27+K27,0) -> 0
B28: New Aluminium Louvers with Control System | C28: =$B$7 -> FC | F28: =D28*E28 -> 0 | G28: =$B$8 -> 0.1 | H28: =IF(G28<>0,F28/G28,0) -> 0 | K28: =I28*J28 -> 0 | L28: =IF(OR(J28>0,H28>0),H28+K28,0) -> 0
B29: Drainage Pipe Connectors
B30: 90 Degree Connectors | C30: =$B$7 -> FC | D30: 6 | F30: =D30*E30 -> 0 | G30: =$B$8 -> 0.1 | H30: =IF(G30<>0,F30/G30,0) -> 0 | K30: =I30*J30 -> 0 | L30: =IF(OR(J30>0,H30>0),H30+K30,0) -> 0
B31: 45 Degree Connectors | C31: =$B$7 -> FC | D31: 15 | F31: =D31*E31 -> 0 | G31: =$B$8 -> 0.1 | H31: =IF(G31<>0,F31/G31,0) -> 0 | K31: =I31*J31 -> 0 | L31: =IF(OR(J31>0,H31>0),H31+K31,0) -> 0
B32: T Connectors | C32: =$B$7 -> FC | D32: 3 | F32: =D32*E32 -> 0 | G32: =$B$8 -> 0.1 | H32: =IF(G32<>0,F32/G32,0) -> 0 | K32: =I32*J32 -> 0 | L32: =IF(OR(J32>0,H32>0),H32+K32,0) -> 0
B33: Removal of Air Sampling System | C33: =$B$7 -> FC | F33: =D33*E33 -> 0 | G33: =$B$8 -> 0.1 | H33: =IF(G33<>0,F33/G33,0) -> 0 | K33: =I33*J33 -> 0 | L33: =IF(OR(J33>0,H33>0),H33+K33,0) -> 0
C34: =$B$7 -> FC | F34: =D34*E34 -> 0 | G34: =$B$8 -> 0.1 | H34: =IF(G34<>0,F34/G34,0) -> 0 | K34: =I34*J34 -> 0 | L34: =IF(OR(J34>0,H34>0),H34+K34,0) -> 0
C35: =$B$7 -> FC | F35: =D35*E35 -> 0 | G35: =$B$8 -> 0.1 | H35: =IF(G35<>0,F35/G35,0) -> 0 | K35: =I35*J35 -> 0 | L35: =IF(OR(J35>0,H35>0),H35+K35,0) -> 0
C36: =$B$7 -> FC | F36: =D36*E36 -> 0 | G36: =$B$8 -> 0.1 | H36: =IF(G36<>0,F36/G36,0) -> 0 | K36: =I36*J36 -> 0 | L36: =IF(OR(J36>0,H36>0),H36+K36,0) -> 0
C37: =$B$7 -> FC | F37: =D37*E37 -> 0 | G37: =$B$8 -> 0.1 | H37: =IF(G37<>0,F37/G37,0) -> 0 | K37: =I37*J37 -> 0 | L37: =IF(OR(J37>0,H37>0),H37+K37,0) -> 0
C38: =$B$7 -> FC | F38: =D38*E38 -> 0 | G38: =$B$8 -> 0.1 | H38: =IF(G38<>0,F38/G38,0) -> 0 | K38: =I38*J38 -> 0 | L38: =IF(OR(J38>0,H38>0),H38+K38,0) -> 0
B39: =+"SUB-TOTAL: "&A15 -> SUB-TOTAL: G4.7 | E39: =SUM(E15:E38) -> 0 | F39: =SUM(F15:F38) -> 0 | G39: =$B$8 -> 0.1 | H39: =SUM(H15:H38) -> 0 | K39: =SUM(K15:K38) -> 0 | L39: =SUM(L15:L38) -> 0

Sheet G4_8 De Aar
A1: TENDER PRICE SCHEDULE: APPENDIX G3.1
A2: (EXCLUDING VALUE ADDED TAX)
A3: TENDERER : | B3: =Instructions!D3 -> Tenderer Company name
A4: PROJECT : | B4: =Instructions!D4 -> Radar Replacement Project
A5: Item Nr: | B5: G4.8
A6: Item Description: | B6: De Aar
A7: Foreign Currancy | B7: =Instructions!D5 -> FC
A8: ROE: 1R = | B8: =Instructions!D6 -> 0.1
C10: Overseas Items | I10: Local Items
A12: Schedule Item Number | B12: Description {Equipment Common to all site} | C12: Foreign Currency | D12: Quantity | E12: Foreign Amount Unit Cost | F12: Foreign Amount Total Cost | G12: ROE: 1R = … | H12: Total Foreign Cost in Rands | I12: Quantity | J12: Local Amount Unit Cost | K12: Local Amount Total Cost | L12: Total Rands
A15: =B5 -> G4.8 | B15: =B6 -> De Aar
B16: (All equipment as required, with at least the following headings.)
B19: Refurbishments and Painting | C19: =$B$7 -> FC | F19: =D19*E19 -> 0 | G19: =$B$8 -> 0.1 | H19: =IF(G19<>0,F19/G19,0) -> 0 | K19: =I19*J19 -> 0 | L19: =IF(OR(J19>0,H19>0),H19+K19,0) -> 0
B20: Vegetation Clearing | C20: =$B$7 -> FC | F20: =D20*E20 -> 0 | G20: =$B$8 -> 0.1 | H20: =IF(G20<>0,F20/G20,0) -> 0 | K20: =I20*J20 -> 0 | L20: =IF(OR(J20>0,H20>0),H20+K20,0) -> 0
B21: Diesel Bulk Tank Maintenance | C21: =$B$7 -> FC | F21: =D21*E21 -> 0 | G21: =$B$8 -> 0.1 | H21: =IF(G21<>0,F21/G21,0) -> 0 | K21: =I21*J21 -> 0 | L21: =IF(OR(J21>0,H21>0),H21+K21,0) -> 0
B22: Diesel Bulk Lid | C22: =$B$7 -> FC | D22: 1 | F22: =D22*E22 -> 0 | G22: =$B$8 -> 0.1 | H22: =IF(G22<>0,F22/G22,0) -> 0 | K22: =I22*J22 -> 0 | L22: =IF(OR(J22>0,H22>0),H22+K22,0) -> 0
B23: LED Tubes | C23: =$B$7 -> FC | D23: 12 | F23: =D23*E23 -> 0 | G23: =$B$8 -> 0.1 | H23: =IF(G23<>0,F23/G23,0) -> 0 | K23: =I23*J23 -> 0 | L23: =IF(OR(J23>0,H23>0),H23+K23,0) -> 0
B24: LED Tube Light Fittings | C24: =$B$7 -> FC | D24: 6 | F24: =D24*E24 -> 0 | G24: =$B$8 -> 0.1 | H24: =IF(G24<>0,F24/G24,0) -> 0 | K24: =I24*J24 -> 0 | L24: =IF(OR(J24>0,H24>0),H24+K24,0) -> 0
B25: Jack | C25: =$B$7 -> FC | D25: 1 | F25: =D25*E25 -> 0 | G25: =$B$8 -> 0.1 | H25: =IF(G25<>0,F25/G25,0) -> 0 | K25: =I25*J25 -> 0 | L25: =IF(OR(J25>0,H25>0),H25+K25,0) -> 0
B26: Trap Door Hinges | C26: =$B$7 -> FC | D26: 5 | F26: =D26*E26 -> 0 | G26: =$B$8 -> 0.1 | H26: =IF(G26<>0,F26/G26,0) -> 0 | K26: =I26*J26 -> 0 | L26: =IF(OR(J26>0,H26>0),H26+K26,0) -> 0
B27: Static Bypass Switch | C27: =$B$7 -> FC | D27: 1 | F27: =D27*E27 -> 0 | G27: =$B$8 -> 0.1 | H27: =IF(G27<>0,F27/G27,0) -> 0 | K27: =I27*J27 -> 0 | L27: =IF(OR(J27>0,H27>0),H27+K27,0) -> 0
B28: DB Board | C28: =$B$7 -> FC | D28: 1 | F28: =D28*E28 -> 0 | G28: =$B$8 -> 0.1 | H28: =IF(G28<>0,F28/G28,0) -> 0 | K28: =I28*J28 -> 0 | L28: =IF(OR(J28>0,H28>0),H28+K28,0) -> 0
B29: Essential Power Plug Points | C29: =$B$7 -> FC | D29: 2 | F29: =D29*E29 -> 0 | G29: =$B$8 -> 0.1 | H29: =IF(G29<>0,F29/G29,0) -> 0 | K29: =I29*J29 -> 0 | L29: =IF(OR(J29>0,H29>0),H29+K29,0) -> 0
B30: RFM Site Container | C30: =$B$7 -> FC | D30: 1 | F30: =D30*E30 -> 0 | G30: =$B$8 -> 0.1 | H30: =IF(G30<>0,F30/G30,0) -> 0 | K30: =I30*J30 -> 0 | L30: =IF(OR(J30>0,H30>0),H30+K30,0) -> 0
B31: RFM Mast | C31: =$B$7 -> FC | D31: 1 | F31: =D31*E31 -> 0 | G31: =$B$8 -> 0.1 | H31: =IF(G31<>0,F31/G31,0) -> 0 | K31: =I31*J31 -> 0 | L31: =IF(OR(J31>0,H31>0),H31+K31,0) -> 0
C32: =$B$7 -> FC | F32: =D32*E32 -> 0 | G32: =$B$8 -> 0.1 | H32: =IF(G32<>0,F32/G32,0) -> 0 | K32: =I32*J32 -> 0 | L32: =IF(OR(J32>0,H32>0),H32+K32,0) -> 0
C33: =$B$7 -> FC | F33: =D33*E33 -> 0 | G33: =$B$8 -> 0.1 | H33: =IF(G33<>0,F33/G33,0) -> 0 | K33: =I33*J33 -> 0 | L33: =IF(OR(J33>0,H33>0),H33+K33,0) -> 0
C34: =$B$7 -> FC | F34: =D34*E34 -> 0 | G34: =$B$8 -> 0.1 | H34: =IF(G34<>0,F34/G34,0) -> 0 | K34: =I34*J34 -> 0 | L34: =IF(OR(J34>0,H34>0),H34+K34,0) -> 0
C35: =$B$7 -> FC | F35: =D35*E35 -> 0 | G35: =$B$8 -> 0.1 | H35: =IF(G35<>0,F35/G35,0) -> 0 | K35: =I35*J35 -> 0 | L35: =IF(OR(J35>0,H35>0),H35+K35,0) -> 0
C36: =$B$7 -> FC | F36: =D36*E36 -> 0 | G36: =$B$8 -> 0.1 | H36: =IF(G36<>0,F36/G36,0) -> 0 | K36: =I36*J36 -> 0 | L36: =IF(OR(J36>0,H36>0),H36+K36,0) -> 0
B37: =+"SUB-TOTAL: "&A15 -> SUB-TOTAL: G4.8 | E37: =SUM(E15:E36) -> 0 | F37: =SUM(F15:F36) -> 0 | G37: =$B$8 -> 0.1 | H37: =SUM(H15:H36) -> 0 | K37: =SUM(K15:K36) -> 0 | L37: =SUM(L15:L36) -> 0

Sheet G4_9 FABL
A1: TENDER PRICE SCHEDULE: APPENDIX G3.1
A2: (EXCLUDING VALUE ADDED TAX)
A3: TENDERER : | B3: =Instructions!D3 -> Tenderer Company name
A4: PROJECT : | B4: =Instructions!D4 -> Radar Replacement Project
A5: Item Nr: | B5: G4.9
A6: Item Description: | B6: FABL
A7: Foreign Currancy | B7: =Instructions!D5 -> FC
A8: ROE: 1R = | B8: =Instructions!D6 -> 0.1
C10: Overseas Items | I10: Local Items
A12: Schedule Item Number | B12: Description {Equipment Common to all site} | C12: Foreign Currency | D12: Quantity | E12: Foreign Amount Unit Cost | F12: Foreign Amount Total Cost | G12: ROE: 1R = … | H12: Total Foreign Cost in Rands | I12: Quantity | J12: Local Amount Unit Cost | K12: Local Amount Total Cost | L12: Total Rands
A15: =B5 -> G4.9 | B15: =B6 -> FABL
B16: (All equipment as required, with at least the following headings.)
B19: Building Refurbishment and Painting | C19: =$B$7 -> FC | F19: =D19*E19 -> 0 | G19: =$B$8 -> 0.1 | H19: =IF(G19<>0,F19/G19,0) -> 0 | K19: =I19*J19 -> 0 | L19: =IF(OR(J19>0,H19>0),H19+K19,0) -> 0
B20: Vegetation Clearing | C20: =$B$7 -> FC | F20: =D20*E20 -> 0 | G20: =$B$8 -> 0.1 | H20: =IF(G20<>0,F20/G20,0) -> 0 | K20: =I20*J20 -> 0 | L20: =IF(OR(J20>0,H20>0),H20+K20,0) -> 0
B21: Diesel Bulk Tank Maintenance | C21: =$B$7 -> FC | F21: =D21*E21 -> 0 | G21: =$B$8 -> 0.1 | H21: =IF(G21<>0,F21/G21,0) -> 0 | K21: =I21*J21 -> 0 | L21: =IF(OR(J21>0,H21>0),H21+K21,0) -> 0
B22: Diesel Bulk Lid | C22: =$B$7 -> FC | D22: 1 | F22: =D22*E22 -> 0 | G22: =$B$8 -> 0.1 | H22: =IF(G22<>0,F22/G22,0) -> 0 | K22: =I22*J22 -> 0 | L22: =IF(OR(J22>0,H22>0),H22+K22,0) -> 0
B23: LED Tubes (2.4m) | C23: =$B$7 -> FC | D23: 16 | F23: =D23*E23 -> 0 | G23: =$B$8 -> 0.1 | H23: =IF(G23<>0,F23/G23,0) -> 0 | K23: =I23*J23 -> 0 | L23: =IF(OR(J23>0,H23>0),H23+K23,0) -> 0
B24: LED Tube Light Fittings (2.4m) | C24: =$B$7 -> FC | D24: 8 | F24: =D24*E24 -> 0 | G24: =$B$8 -> 0.1 | H24: =IF(G24<>0,F24/G24,0) -> 0 | K24: =I24*J24 -> 0 | L24: =IF(OR(J24>0,H24>0),H24+K24,0) -> 0
B25: LED Tubes (1.8m) | C25: =$B$7 -> FC | D25: 14 | F25: =D25*E25 -> 0 | G25: =$B$8 -> 0.1 | H25: =IF(G25<>0,F25/G25,0) -> 0 | K25: =I25*J25 -> 0 | L25: =IF(OR(J25>0,H25>0),H25+K25,0) -> 0
B26: LED Tube Light Fittings (1.8m) | C26: =$B$7 -> FC | D26: 7 | F26: =D26*E26 -> 0 | G26: =$B$8 -> 0.1 | H26: =IF(G26<>0,F26/G26,0) -> 0 | K26: =I26*J26 -> 0 | L26: =IF(OR(J26>0,H26>0),H26+K26,0) -> 0
B27: Static Bypass Switch | C27: =$B$7 -> FC | D27: 1 | F27: =D27*E27 -> 0 | G27: =$B$8 -> 0.1 | H27: =IF(G27<>0,F27/G27,0) -> 0 | K27: =I27*J27 -> 0 | L27: =IF(OR(J27>0,H27>0),H27+K27,0) -> 0
B28: Plug Point Sockets | C28: =$B$7 -> FC | D28: 6 | F28: =D28*E28 -> 0 | G28: =$B$8 -> 0.1 | H28: =IF(G28<>0,F28/G28,0) -> 0 | K28: =I28*J28 -> 0 | L28: =IF(OR(J28>0,H28>0),H28+K28,0) -> 0
B29: Removal of Old DB | C29: =$B$7 -> FC | D29: 1 | F29: =D29*E29 -> 0 | G29: =$B$8 -> 0.1 | H29: =IF(G29<>0,F29/G29,0) -> 0 | K29: =I29*J29 -> 0 | L29: =IF(OR(J29>0,H29>0),H29+K29,0) -> 0
B30: Cable Ducting | C30: =$B$7 -> FC | F30: =D30*E30 -> 0 | G30: =$B$8 -> 0.1 | H30: =IF(G30<>0,F30/G30,0) -> 0 | K30: =I30*J30 -> 0 | L30: =IF(OR(J30>0,H30>0),H30+K30,0) -> 0
B31: Toilet Repairs | C31: =$B$7 -> FC | F31: =D31*E31 -> 0 | G31: =$B$8 -> 0.1 | H31: =IF(G31<>0,F31/G31,0) -> 0 | K31: =I31*J31 -> 0 | L31: =IF(OR(J31>0,H31>0),H31+K31,0) -> 0
B32: Removal of Old Fire Suppression Equipment | C32: =$B$7 -> FC | F32: =D32*E32 -> 0 | G32: =$B$8 -> 0.1 | H32: =IF(G32<>0,F32/G32,0) -> 0 | K32: =I32*J32 -> 0 | L32: =IF(OR(J32>0,H32>0),H32+K32,0) -> 0
B33: Doors
B34: Fireproof Door | C34: =$B$7 -> FC | D34: 1 | F34: =D34*E34 -> 0 | G34: =$B$8 -> 0.1 | H34: =IF(G34<>0,F34/G34,0) -> 0 | K34: =I34*J34 -> 0 | L34: =IF(OR(J34>0,H34>0),H34+K34,0) -> 0
B35: Solid Wood Single Doors | C35: =$B$7 -> FC | D35: 2 | F35: =D35*E35 -> 0 | G35: =$B$8 -> 0.1 | H35: =IF(G35<>0,F35/G35,0) -> 0 | K35: =I35*J35 -> 0 | L35: =IF(OR(J35>0,H35>0),H35+K35,0) -> 0
B36: Solid Wood Double Doors | C36: =$B$7 -> FC | D36: 2 | F36: =D36*E36 -> 0 | G36: =$B$8 -> 0.1 | H36: =IF(G36<>0,F36/G36,0) -> 0 | K36: =I36*J36 -> 0 | L36: =IF(OR(J36>0,H36>0),H36+K36,0) -> 0
B37: Removal of Vent | C37: =$B$7 -> FC | F37: =D37*E37 -> 0 | G37: =$B$8 -> 0.1 | H37: =IF(G37<>0,F37/G37,0) -> 0 | K37: =I37*J37 -> 0 | L37: =IF(OR(J37>0,H37>0),H37+K37,0) -> 0
B38: Clean Vents (Generator Room) | C38: =$B$7 -> FC | F38: =D38*E38 -> 0 | G38: =$B$8 -> 0.1 | H38: =IF(G38<>0,F38/G38,0) -> 0 | K38: =I38*J38 -> 0 | L38: =IF(OR(J38>0,H38>0),H38+K38,0) -> 0
B39: Dry Wall and Aluminium Glass Door Installation | C39: =$B$7 -> FC | F39: =D39*E39 -> 0 | G39: =$B$8 -> 0.1 | H39: =IF(G39<>0,F39/G39,0) -> 0 | K39: =I39*J39 -> 0 | L39: =IF(OR(J39>0,H39>0),H39+K39,0) -> 0
B40: Staircase Replacement | C40: =$B$7 -> FC | F40: =D40*E40 -> 0 | G40: =$B$8 -> 0.1 | H40: =IF(G40<>0,F40/G40,0) -> 0 | K40: =I40*J40 -> 0 | L40: =IF(OR(J40>0,H40>0),H40+K40,0) -> 0
B41: Outside Area Refurbishments | C41: =$B$7 -> FC | F41: =D41*E41 -> 0 | G41: =$B$8 -> 0.1 | H41: =IF(G41<>0,F41/G41,0) -> 0 | K41: =I41*J41 -> 0 | L41: =IF(OR(J41>0,H41>0),H41+K41,0) -> 0
B42: Hoist Solution | C42: =$B$7 -> FC | F42: =D42*E42 -> 0 | G42: =$B$8 -> 0.1 | H42: =IF(G42<>0,F42/G42,0) -> 0 | K42: =I42*J42 -> 0 | L42: =IF(OR(J42>0,H42>0),H42+K42,0) -> 0
C43: =$B$7 -> FC | F43: =D43*E43 -> 0 | G43: =$B$8 -> 0.1 | H43: =IF(G43<>0,F43/G43,0) -> 0 | K43: =I43*J43 -> 0 | L43: =IF(OR(J43>0,H43>0),H43+K43,0) -> 0
C44: =$B$7 -> FC | F44: =D44*E44 -> 0 | G44: =$B$8 -> 0.1 | H44: =IF(G44<>0,F44/G44,0) -> 0 | K44: =I44*J44 -> 0 | L44: =IF(OR(J44>0,H44>0),H44+K44,0) -> 0
C45: =$B$7 -> FC | F45: =D45*E45 -> 0 | G45: =$B$8 -> 0.1 | H45: =IF(G45<>0,F45/G45,0) -> 0 | K45: =I45*J45 -> 0 | L45: =IF(OR(J45>0,H45>0),H45+K45,0) -> 0
C46: =$B$7 -> FC | F46: =D46*E46 -> 0 | G46: =$B$8 -> 0.1 | H46: =IF(G46<>0,F46/G46,0) -> 0 | K46: =I46*J46 -> 0 | L46: =IF(OR(J46>0,H46>0),H46+K46,0) -> 0
C47: =$B$7 -> FC | F47: =D47*E47 -> 0 | G47: =$B$8 -> 0.1 | H47: =IF(G47<>0,F47/G47,0) -> 0 | K47: =I47*J47 -> 0 | L47: =IF(OR(J47>0,H47>0),H47+K47,0) -> 0
B48: =+"SUB-TOTAL: "&A15 -> SUB-TOTAL: G4.9 | E48: =SUM(E15:E47) -> 0 | F48: =SUM(F15:F47) -> 0 | G48: =$B$8 -> 0.1 | H48: =SUM(H15:H47) -> 0 | K48: =SUM(K15:K47) -> 0 | L48: =SUM(L15:L47) -> 0

Sheet G4_10 ATA
A1: TENDER PRICE SCHEDULE: APPENDIX G3.1
A2: (EXCLUDING VALUE ADDED TAX)
A3: TENDERER : | B3: =Instructions!D3 -> Tenderer Company name
A4: PROJECT : | B4: =Instructions!D4 -> Radar Replacement Project
A5: Item Nr: | B5: G4.10
A6: Item Description: | B6: ATA
A7: Foreign Currancy | B7: =Instructions!D5 -> FC
A8: ROE: 1R = | B8: =Instructions!D6 -> 0.1
C10: Overseas Items | I10: Local Items
A12: Schedule Item Number | B12: Description {Equipment Common to all site} | C12: Foreign Currency | D12: Quantity | E12: Foreign Amount Unit Cost | F12: Foreign Amount Total Cost | G12: ROE: 1R = … | H12: Total Foreign Cost in Rands | I12: Quantity | J12: Local Amount Unit Cost | K12: Local Amount Total Cost | L12: Total Rands
A15: =B5 -> G4.10 | B15: =B6 -> ATA
B16: (All equipment as required, with at least the following headings.)
B19: Refurbishments and Painting | C19: =$B$7 -> FC | F19: =D19*E19 -> 0 | G19: =$B$8 -> 0.1 | H19: =IF(G19<>0,F19/G19,0) -> 0 | K19: =I19*J19 -> 0 | L19: =IF(OR(J19>0,H19>0),H19+K19,0) -> 0
B20: False Floor Tiling | C20: =$B$7 -> FC | F20: =D20*E20 -> 0 | G20: =$B$8 -> 0.1 | H20: =IF(G20<>0,F20/G20,0) -> 0 | K20: =I20*J20 -> 0 | L20: =IF(OR(J20>0,H20>0),H20+K20,0) -> 0
B21: Air Conditioner Maintenance | C21: =$B$7 -> FC | F21: =D21*E21 -> 0 | G21: =$B$8 -> 0.1 | H21: =IF(G21<>0,F21/G21,0) -> 0 | K21: =I21*J21 -> 0 | L21: =IF(OR(J21>0,H21>0),H21+K21,0) -> 0
B22: RFM Antenna Extension | C22: =$B$7 -> FC | F22: =D22*E22 -> 0 | G22: =$B$8 -> 0.1 | H22: =IF(G22<>0,F22/G22,0) -> 0 | K22: =I22*J22 -> 0 | L22: =IF(OR(J22>0,H22>0),H22+K22,0) -> 0
B23: Multimeter | C23: =$B$7 -> FC | D23: 1 | F23: =D23*E23 -> 0 | G23: =$B$8 -> 0.1 | H23: =IF(G23<>0,F23/G23,0) -> 0 | K23: =I23*J23 -> 0 | L23: =IF(OR(J23>0,H23>0),H23+K23,0) -> 0
C24: =$B$7 -> FC | F24: =D24*E24 -> 0 | G24: =$B$8 -> 0.1 | H24: =IF(G24<>0,F24/G24,0) -> 0 | K24: =I24*J24 -> 0 | L24: =IF(OR(J24>0,H24>0),H24+K24,0) -> 0
C25: =$B$7 -> FC | F25: =D25*E25 -> 0 | G25: =$B$8 -> 0.1 | H25: =IF(G25<>0,F25/G25,0) -> 0 | K25: =I25*J25 -> 0 | L25: =IF(OR(J25>0,H25>0),H25+K25,0) -> 0
C26: =$B$7 -> FC | F26: =D26*E26 -> 0 | G26: =$B$8 -> 0.1 | H26: =IF(G26<>0,F26/G26,0) -> 0 | K26: =I26*J26 -> 0 | L26: =IF(OR(J26>0,H26>0),H26+K26,0) -> 0
C27: =$B$7 -> FC | F27: =D27*E27 -> 0 | G27: =$B$8 -> 0.1 | H27: =IF(G27<>0,F27/G27,0) -> 0 | K27: =I27*J27 -> 0 | L27: =IF(OR(J27>0,H27>0),H27+K27,0) -> 0
C28: =$B$7 -> FC | F28: =D28*E28 -> 0 | G28: =$B$8 -> 0.1 | H28: =IF(G28<>0,F28/G28,0) -> 0 | K28: =I28*J28 -> 0 | L28: =IF(OR(J28>0,H28>0),H28+K28,0) -> 0
B29: =+"SUB-TOTAL: "&A15 -> SUB-TOTAL: G4.10 | E29: =SUM(E15:E28) -> 0 | F29: =SUM(F15:F28) -> 0 | G29: =$B$8 -> 0.1 | H29: =SUM(H15:H28) -> 0 | K29: =SUM(K15:K28) -> 0 | L29: =SUM(L15:L28) -> 0

Sheet G5 Miscellaneous
A1: TENDER PRICE SCHEDULE: APPENDIX G4
A2: (EXCLUDING VALUE ADDED TAX)
A3: TENDERER : | B3: =Instructions!D3 -> Tenderer Company name
A4: PROJECT : | B4: =Instructions!D4 -> Radar Replacement Project
A5: Item Nr: | B5: G5
A6: Item Description: | B6: MISCELLANEOUS
A7: Foreign Currancy | B7: =Instructions!D5 -> FC
A8: ROE: 1R = | B8: =Instructions!D6 -> 0.1
C10: Overseas Items | I10: Local Items
A12: Schedule Item Number | B12: Description | C12: Foreign Currency | D12: Quantity | E12: Foreign Amount Unit Cost | F12: Foreign Amount Total Cost | G12: ROE: 1R = … | H12: Total Foreign Cost in Rands | I12: Quantity | J12: Local Amount Unit Cost | K12: Local Amount Total Cost | L12: Total Rands
A15: =B5 -> G5 | B15: =B6 -> MISCELLANEOUS
B16: (Items and services necessary for the installation, commissioning, operation and maintenance of the system and not included elsewhere.)
B17: (To be individually itemized and priced.)
C19: =$B$7 -> FC | F19: =D19*E19 -> 0 | G19: =$B$8 -> 0.1 | H19: =IF(G19<>0,F19/G19,0) -> 0 | K19: =I19*J19 -> 0 | L19: =IF(OR(J19>0,H19>0),H19+K19,0) -> 0
C20: =$B$7 -> FC | F20: =D20*E20 -> 0 | G20: =$B$8 -> 0.1 | H20: =IF(G20<>0,F20/G20,0) -> 0 | K20: =I20*J20 -> 0 | L20: =IF(OR(J20>0,H20>0),H20+K20,0) -> 0
C21: =$B$7 -> FC | F21: =D21*E21 -> 0 | G21: =$B$8 -> 0.1 | H21: =IF(G21<>0,F21/G21,0) -> 0 | K21: =I21*J21 -> 0 | L21: =IF(OR(J21>0,H21>0),H21+K21,0) -> 0
C22: =$B$7 -> FC | F22: =D22*E22 -> 0 | G22: =$B$8 -> 0.1 | H22: =IF(G22<>0,F22/G22,0) -> 0 | K22: =I22*J22 -> 0 | L22: =IF(OR(J22>0,H22>0),H22+K22,0) -> 0
C23: =$B$7 -> FC | F23: =D23*E23 -> 0 | G23: =$B$8 -> 0.1 | H23: =IF(G23<>0,F23/G23,0) -> 0 | K23: =I23*J23 -> 0 | L23: =IF(OR(J23>0,H23>0),H23+K23,0) -> 0
C24: =$B$7 -> FC | F24: =D24*E24 -> 0 | G24: =$B$8 -> 0.1 | H24: =IF(G24<>0,F24/G24,0) -> 0 | K24: =I24*J24 -> 0 | L24: =IF(OR(J24>0,H24>0),H24+K24,0) -> 0
C25: =$B$7 -> FC | F25: =D25*E25 -> 0 | G25: =$B$8 -> 0.1 | H25: =IF(G25<>0,F25/G25,0) -> 0 | K25: =I25*J25 -> 0 | L25: =IF(OR(J25>0,H25>0),H25+K25,0) -> 0
C26: =$B$7 -> FC | F26: =D26*E26 -> 0 | G26: =$B$8 -> 0.1 | H26: =IF(G26<>0,F26/G26,0) -> 0 | K26: =I26*J26 -> 0 | L26: =IF(OR(J26>0,H26>0),H26+K26,0) -> 0
C27: =$B$7 -> FC | F27: =D27*E27 -> 0 | G27: =$B$8 -> 0.1 | H27: =IF(G27<>0,F27/G27,0) -> 0 | K27: =I27*J27 -> 0 | L27: =IF(OR(J27>0,H27>0),H27+K27,0) -> 0
C28: =$B$7 -> FC | F28: =D28*E28 -> 0 | G28: =$B$8 -> 0.1 | H28: =IF(G28<>0,F28/G28,0) -> 0 | K28: =I28*J28 -> 0 | L28: =IF(OR(J28>0,H28>0),H28+K28,0) -> 0
C29: =$B$7 -> FC | F29: =D29*E29 -> 0 | G29: =$B$8 -> 0.1 | H29: =IF(G29<>0,F29/G29,0) -> 0 | K29: =I29*J29 -> 0 | L29: =IF(OR(J29>0,H29>0),H29+K29,0) -> 0
C30: =$B$7 -> FC | F30: =D30*E30 -> 0 | G30: =$B$8 -> 0.1 | H30: =IF(G30<>0,F30/G30,0) -> 0 | K30: =I30*J30 -> 0 | L30: =IF(OR(J30>0,H30>0),H30+K30,0) -> 0
... C39: =$B$7 -> FC | F39: =D39*E39 -> 0 | G39: =$B$8 -> 0.1 | H39: =IF(G39<>0,F39/G39,0) -> 0 | K39: =I39*J39 -> 0 | L39: =IF(OR(J39>0,H39>0),H39+K39,0) -> 0
B41: =+"SUB-TOTAL: "&A15 -> SUB-TOTAL: G5 | E41: =SUM(E19:E39) -> 0 | F41: =SUM(F19:F39) -> 0 | G41: =$B$8 -> 0.1 | H41: =SUM(H19:H39) -> 0 | J41: =SUM(J19:J39) -> 0 | K41: =SUM(K19:K39) -> 0 | L41: =SUM(L19:L39) -> 0

Sheet G6 Options
A1: TENDER PRICE SCHEDULE: APPENDIX G5
A2: (EXCLUDING VALUE ADDED TAX)
A3: TENDERER : | B3: =Instructions!D3 -> Tenderer Company name
A4: PROJECT : | B4: =Instructions!D4 -> Radar Replacement Project
A5: Item Nr: | B5: G6
A6: Item Description: | B6: OPTIONS
A7: Foreign Currancy | B7: =Instructions!D5 -> FC
A8: ROE: 1R = | B8: =Instructions!D6 -> 0.1
C10: Overseas Items | I10: Local Items
A12: Schedule Item Number | B12: Description | C12: Foreign Currency | D12: Quantity | E12: Foreign Amount Unit Cost | F12: Foreign Amount Total Cost | G12: ROE: 1R = … | H12: Total Foreign Cost in Rands | I12: Quantity | J12: Local Amount Unit Cost | K12: Local Amount Total Cost | L12: Total Rands
A15: =B5 -> G6 | B15: =B6 -> OPTIONS
A16: G5.1
C17: =$B$7 -> FC | F17: =D17*E17 -> 0 | G17: =$B$8 -> 0.1 | H17: =IF(G17<>0,F17/G17,0) -> 0 | K17: =I17*J17 -> 0 | L17: =IF(OR(J17>0,H17>0),H17+K17,0) -> 0
B19: Option 1
B20: Refurbishment of Container | C20: =$B$7 -> FC | F20: =D20*E20 -> 0 | G20: =$B$8 -> 0.1 | H20: =IF(G20<>0,F20/G20,0) -> 0 | K20: =I20*J20 -> 0 | L20: =IF(OR(J20>0,H20>0),H20+K20,0) -> 0
B21: Miscellaneous | C21: =$B$7 -> FC | F21: =D21*E21 -> 0 | G21: =$B$8 -> 0.1 | H21: =IF(G21<>0,F21/G21,0) -> 0 | K21: =I21*J21 -> 0 | L21: =IF(OR(J21>0,H21>0),H21+K21,0) -> 0
C22: =$B$7 -> FC | F22: =D22*E22 -> 0 | G22: =$B$8 -> 0.1 | H22: =IF(G22<>0,F22/G22,0) -> 0 | K22: =I22*J22 -> 0 | L22: =IF(OR(J22>0,H22>0),H22+K22,0) -> 0
C23: =$B$7 -> FC | F23: =D23*E23 -> 0 | G23: =$B$8 -> 0.1 | H23: =IF(G23<>0,F23/G23,0) -> 0 | K23: =I23*J23 -> 0 | L23: =IF(OR(J23>0,H23>0),H23+K23,0) -> 0
B24: Option 2
B25: Refurbishment/Modification of Container | C25: =$B$7 -> FC | F25: =D25*E25 -> 0 | G25: =$B$8 -> 0.1 | H25: =IF(G25<>0,F25/G25,0) -> 0 | K25: =I25*J25 -> 0 | L25: =IF(OR(J25>0,H25>0),H25+K25,0) -> 0
B26: Spares | C26: =$B$7 -> FC | F26: =D26*E26 -> 0 | G26: =$B$8 -> 0.1 | H26: =IF(G26<>0,F26/G26,0) -> 0 | K26: =I26*J26 -> 0 | L26: =IF(OR(J26>0,H26>0),H26+K26,0) -> 0
B27: Miscellaneous | C27: =$B$7 -> FC | F27: =D27*E27 -> 0 | G27: =$B$8 -> 0.1 | H27: =IF(G27<>0,F27/G27,0) -> 0 | K27: =I27*J27 -> 0 | L27: =IF(OR(J27>0,H27>0),H27+K27,0) -> 0
C28: =$B$7 -> FC | F28: =D28*E28 -> 0 | G28: =$B$8 -> 0.1 | H28: =IF(G28<>0,F28/G28,0) -> 0 | K28: =I28*J28 -> 0 | L28: =IF(OR(J28>0,H28>0),H28+K28,0) -> 0
C29: =$B$7 -> FC | F29: =D29*E29 -> 0 | G29: =$B$8 -> 0.1 | H29: =IF(G29<>0,F29/G29,0) -> 0 | K29: =I29*J29 -> 0 | L29: =IF(OR(J29>0,H29>0),H29+K29,0) -> 0
B30: Option 3
B31: New Mobile Radar | C31: =$B$7 -> FC | F31: =D31*E31 -> 0 | G31: =$B$8 -> 0.1 | H31: =IF(G31<>0,F31/G31,0) -> 0 | K31: =I31*J31 -> 0 | L31: =IF(OR(J31>0,H31>0),H31+K31,0) -> 0
B32: Spares | C32: =$B$7 -> FC | F32: =D32*E32 -> 0 | G32: =$B$8 -> 0.1 | H32: =IF(G32<>0,F32/G32,0) -> 0 | K32: =I32*J32 -> 0 | L32: =IF(OR(J32>0,H32>0),H32+K32,0) -> 0
B33: Miscellaneous | C33: =$B$7 -> FC | F33: =D33*E33 -> 0 | G33: =$B$8 -> 0.1 | H33: =IF(G33<>0,F33/G33,0) -> 0 | K33: =I33*J33 -> 0 | L33: =IF(OR(J33>0,H33>0),H33+K33,0) -> 0
C34: =$B$7 -> FC | F34: =D34*E34 -> 0 | G34: =$B$8 -> 0.1 | H34: =IF(G34<>0,F34/G34,0) -> 0 | K34: =I34*J34 -> 0 | L34: =IF(OR(J34>0,H34>0),H34+K34,0) -> 0
C35: =$B$7 -> FC | F35: =D35*E35 -> 0 | G35: =$B$8 -> 0.1 | H35: =IF(G35<>0,F35/G35,0) -> 0 | K35: =I35*J35 -> 0 | L35: =IF(OR(J35>0,H35>0),H35+K35,0) -> 0
C36: =$B$7 -> FC | F36: =D36*E36 -> 0 | G36: =$B$8 -> 0.1 | H36: =IF(G36<>0,F36/G36,0) -> 0 | K36: =I36*J36 -> 0 | L36: =IF(OR(J36>0,H36>0),H36+K36,0) -> 0
C37: =$B$7 -> FC | F37: =D37*E37 -> 0 | G37: =$B$8 -> 0.1 | H37: =IF(G37<>0,F37/G37,0) -> 0 | K37: =I37*J37 -> 0 | L37: =IF(OR(J37>0,H37>0),H37+K37,0) -> 0
C38: =$B$7 -> FC | F38: =D38*E38 -> 0 | G38: =$B$8 -> 0.1 | H38: =IF(G38<>0,F38/G38,0) -> 0 | K38: =I38*J38 -> 0 | L38: =IF(OR(J38>0,H38>0),H38+K38,0) -> 0
C39: =$B$7 -> FC | F39: =D39*E39 -> 0 | G39: =$B$8 -> 0.1 | H39: =IF(G39<>0,F39/G39,0) -> 0 | K39: =I39*J39 -> 0 | L39: =IF(OR(J39>0,H39>0),H39+K39,0) -> 0
B41: =+"SUB-TOTAL: "&A15 -> SUB-TOTAL: G6 | E41: =SUM(E17:E40) -> 0 | F41: =SUM(F17:F40) -> 0 | G41: =$B$8 -> 0.1 | H41: =SUM(H17:H40) -> 0 | J41: =SUM(J17:J40) -> 0 | K41: =SUM(K17:K40) -> 0 | L41: =SUM(L17:L40) -> 0

Sheet G7_1 Support Contract (Base)
A1: TENDER PRICE SCHEDULE: APPENDIX G6
A2: (EXCLUDING VALUE ADDED TAX)
A3: TENDERER : | B3: =Instructions!D3 -> Tenderer Company name
A4: PROJECT : | B4: =Instructions!D4 -> Radar Replacement Project
A5: Item Nr: | B5: G7.1
A6: Item Description: | B6: Support Contract in base cost
A7: Foreign Currancy | B7: =Instructions!D5 -> FC
A8: ROE: 1R = | B8: =Instructions!D6 -> 0.1
C10: Overseas Items | I10: Local Items
A12: Schedule Item Number | B12: Description | C12: Foreign Currency | D12: Quantity | E12: Foreign Amount Unit Cost | F12: Foreign Amount Total Cost | G12: ROE: 1R = … | H12: Total Foreign Cost in Rands | I12: Quantity | J12: Local Amount Unit Cost | K12: Local Amount Total Cost | L12: Total Rands
A15: =B5 -> G7.1 | B15: =B6 -> Support Contract in base cost
B16: {Details of the proposed maintenance contract must be included on this price schedule}
B18: Year 1 | C18: =$B$7 -> FC | F18: =D18*E18 -> 0 | G18: =$B$8 -> 0.1 | H18: =IF(G18<>0,F18/G18,0) -> 0 | K18: =I18*J18 -> 0 | L18: =IF(OR(J18>0,H18>0),H18+K18,0) -> 0
B19: Year 2 | C19: =$B$7 -> FC | F19: =D19*E19 -> 0 | G19: =$B$8 -> 0.1 | H19: =IF(G19<>0,F19/G19,0) -> 0 | K19: =I19*J19 -> 0 | L19: =IF(OR(J19>0,H19>0),H19+K19,0) -> 0
B20: Year 3 | C20: =$B$7 -> FC | F20: =D20*E20 -> 0 | G20: =$B$8 -> 0.1 | H20: =IF(G20<>0,F20/G20,0) -> 0 | K20: =I20*J20 -> 0 | L20: =IF(OR(J20>0,H20>0),H20+K20,0) -> 0
B21: Year 4 | C21: =$B$7 -> FC | F21: =D21*E21 -> 0 | G21: =$B$8 -> 0.1 | H21: =IF(G21<>0,F21/G21,0) -> 0 | K21: =I21*J21 -> 0 | L21: =IF(OR(J21>0,H21>0),H21+K21,0) -> 0
B22: Year 5 | C22: =$B$7 -> FC | F22: =D22*E22 -> 0 | G22: =$B$8 -> 0.1 | H22: =IF(G22<>0,F22/G22,0) -> 0 | K22: =I22*J22 -> 0 | L22: =IF(OR(J22>0,H22>0),H22+K22,0) -> 0
B23: Year 6 | C23: =$B$7 -> FC | F23: =D23*E23 -> 0 | G23: =$B$8 -> 0.1 | H23: =IF(G23<>0,F23/G23,0) -> 0 | K23: =I23*J23 -> 0 | L23: =IF(OR(J23>0,H23>0),H23+K23,0) -> 0
B24: Year 7 | C24: =$B$7 -> FC | F24: =D24*E24 -> 0 | G24: =$B$8 -> 0.1 | H24: =IF(G24<>0,F24/G24,0) -> 0 | K24: =I24*J24 -> 0 | L24: =IF(OR(J24>0,H24>0),H24+K24,0) -> 0
B25: Year 8 | C25: =$B$7 -> FC | F25: =D25*E25 -> 0 | G25: =$B$8 -> 0.1 | H25: =IF(G25<>0,F25/G25,0) -> 0 | K25: =I25*J25 -> 0 | L25: =IF(OR(J25>0,H25>0),H25+K25,0) -> 0
B26: Year 9 | C26: =$B$7 -> FC | F26: =D26*E26 -> 0 | G26: =$B$8 -> 0.1 | H26: =IF(G26<>0,F26/G26,0) -> 0 | K26: =I26*J26 -> 0 | L26: =IF(OR(J26>0,H26>0),H26+K26,0) -> 0
B27: Year 10 | C27: =$B$7 -> FC | F27: =D27*E27 -> 0 | G27: =$B$8 -> 0.1 | H27: =IF(G27<>0,F27/G27,0) -> 0 | K27: =I27*J27 -> 0 | L27: =IF(OR(J27>0,H27>0),H27+K27,0) -> 0
B28: Year 11 | C28: =$B$7 -> FC | F28: =D28*E28 -> 0 | G28: =$B$8 -> 0.1 | H28: =IF(G28<>0,F28/G28,0) -> 0 | K28: =I28*J28 -> 0 | L28: =IF(OR(J28>0,H28>0),H28+K28,0) -> 0
B29: Year 12 | C29: =$B$7 -> FC | F29: =D29*E29 -> 0 | G29: =$B$8 -> 0.1 | H29: =IF(G29<>0,F29/G29,0) -> 0 | K29: =I29*J29 -> 0 | L29: =IF(OR(J29>0,H29>0),H29+K29,0) -> 0
... B32: Year 15 | C32: =$B$7 -> FC | F32: =D32*E32 -> 0 | G32: =$B$8 -> 0.1 | H32: =IF(G32<>0,F32/G32,0) -> 0 | K32: =I32*J32 -> 0 | L32: =IF(OR(J32>0,H32>0),H32+K32,0) -> 0
C33: =$B$7 -> FC | F33: =D33*E33 -> 0 | G33: =$B$8 -> 0.1 | H33: =IF(G33<>0,F33/G33,0) -> 0 | K33: =I33*J33 -> 0 | L33: =IF(OR(J33>0,H33>0),H33+K33,0) -> 0
C34: =$B$7 -> FC | F34: =D34*E34 -> 0 | G34: =$B$8 -> 0.1 | H34: =IF(G34<>0,F34/G34,0) -> 0 | K34: =I34*J34 -> 0 | L34: =IF(OR(J34>0,H34>0),H34+K34,0) -> 0
C35: =$B$7 -> FC | F35: =D35*E35 -> 0 | G35: =$B$8 -> 0.1 | H35: =IF(G35<>0,F35/G35,0) -> 0 | K35: =I35*J35 -> 0 | L35: =IF(OR(J35>0,H35>0),H35+K35,0) -> 0
C36: =$B$7 -> FC | F36: =D36*E36 -> 0 | G36: =$B$8 -> 0.1 | H36: =IF(G36<>0,F36/G36,0) -> 0 | K36: =I36*J36 -> 0 | L36: =IF(OR(J36>0,H36>0),H36+K36,0) -> 0
C37: =$B$7 -> FC | F37: =D37*E37 -> 0 | G37: =$B$8 -> 0.1 | H37: =IF(G37<>0,F37/G37,0) -> 0 | K37: =I37*J37 -> 0 | L37: =IF(OR(J37>0,H37>0),H37+K37,0) -> 0
C38: =$B$7 -> FC | F38: =D38*E38 -> 0 | G38: =$B$8 -> 0.1 | H38: =IF(G38<>0,F38/G38,0) -> 0 | K38: =I38*J38 -> 0 | L38: =IF(OR(J38>0,H38>0),H38+K38,0) -> 0
C39: =$B$7 -> FC | F39: =D39*E39 -> 0 | G39: =$B$8 -> 0.1 | H39: =IF(G39<>0,F39/G39,0) -> 0 | K39: =I39*J39 -> 0 | L39: =IF(OR(J39>0,H39>0),H39+K39,0) -> 0
B41: =+"SUB-TOTAL: "&A15 -> SUB-TOTAL: G7.1 | E41: =SUM(E18:E40) -> 0 | F41: =SUM(F18:F40) -> 0 | G41: =$B$8 -> 0.1 | H41: =SUM(H18:H40) -> 0 | J41: =SUM(J18:J40) -> 0 | K41: =SUM(K18:K40) -> 0 | L41: =SUM(L18:L40) -> 0

Sheet G7_2 Support Contract (Inflate 
A1: TENDER PRICE SCHEDULE: APPENDIX G6
A2: (EXCLUDING VALUE ADDED TAX)
A3: TENDERER : | B3: =Instructions!D3 -> Tenderer Company name
A4: PROJECT : | B4: =Instructions!D4 -> Radar Replacement Project
A5: Item Nr: | B5: G7.2
A6: Item Description: | B6: Support Contract with Inflation
A7: Foreign Currancy | B7: =Instructions!D5 -> FC
A8: ROE: 1R = | B8: =Instructions!D6 -> 0.1
C10: Overseas Items | I10: Local Items
A12: Schedule Item Number | B12: Description | C12: Foreign Currency | D12: Quantity | E12: Foreign Amount Unit Cost | F12: Foreign Amount Total Cost | G12: ROE: 1R = … | H12: Total Foreign Cost in Rands | I12: Quantity | J12: Local Amount Unit Cost | K12: Local Amount Total Cost | L12: Total Rands
A15: =B5 -> G7.2 | B15: =B6 -> Support Contract with Inflation
B16: {Details of the proposed maintenance contract must be included on this price schedule}
B18: Year 1 | C18: =$B$7 -> FC | F18: =D18*E18 -> 0 | G18: =$B$8 -> 0.1 | H18: =IF(G18<>0,F18/G18,0) -> 0 | K18: =I18*J18 -> 0 | L18: =IF(OR(J18>0,H18>0),H18+K18,0) -> 0
B19: Year 2 | C19: =$B$7 -> FC | F19: =D19*E19 -> 0 | G19: =$B$8 -> 0.1 | H19: =IF(G19<>0,F19/G19,0) -> 0 | K19: =I19*J19 -> 0 | L19: =IF(OR(J19>0,H19>0),H19+K19,0) -> 0
B20: Year 3 | C20: =$B$7 -> FC | F20: =D20*E20 -> 0 | G20: =$B$8 -> 0.1 | H20: =IF(G20<>0,F20/G20,0) -> 0 | K20: =I20*J20 -> 0 | L20: =IF(OR(J20>0,H20>0),H20+K20,0) -> 0
B21: Year 4 | C21: =$B$7 -> FC | F21: =D21*E21 -> 0 | G21: =$B$8 -> 0.1 | H21: =IF(G21<>0,F21/G21,0) -> 0 | K21: =I21*J21 -> 0 | L21: =IF(OR(J21>0,H21>0),H21+K21,0) -> 0
B22: Year 5 | C22: =$B$7 -> FC | F22: =D22*E22 -> 0 | G22: =$B$8 -> 0.1 | H22: =IF(G22<>0,F22/G22,0) -> 0 | K22: =I22*J22 -> 0 | L22: =IF(OR(J22>0,H22>0),H22+K22,0) -> 0
B23: Year 6 | C23: =$B$7 -> FC | F23: =D23*E23 -> 0 | G23: =$B$8 -> 0.1 | H23: =IF(G23<>0,F23/G23,0) -> 0 | K23: =I23*J23 -> 0 | L23: =IF(OR(J23>0,H23>0),H23+K23,0) -> 0
B24: Year 7 | C24: =$B$7 -> FC | F24: =D24*E24 -> 0 | G24: =$B$8 -> 0.1 | H24: =IF(G24<>0,F24/G24,0) -> 0 | K24: =I24*J24 -> 0 | L24: =IF(OR(J24>0,H24>0),H24+K24,0) -> 0
B25: Year 8 | C25: =$B$7 -> FC | F25: =D25*E25 -> 0 | G25: =$B$8 -> 0.1 | H25: =IF(G25<>0,F25/G25,0) -> 0 | K25: =I25*J25 -> 0 | L25: =IF(OR(J25>0,H25>0),H25+K25,0) -> 0
B26: Year 9 | C26: =$B$7 -> FC | F26: =D26*E26 -> 0 | G26: =$B$8 -> 0.1 | H26: =IF(G26<>0,F26/G26,0) -> 0 | K26: =I26*J26 -> 0 | L26: =IF(OR(J26>0,H26>0),H26+K26,0) -> 0
B27: Year 10 | C27: =$B$7 -> FC | F27: =D27*E27 -> 0 | G27: =$B$8 -> 0.1 | H27: =IF(G27<>0,F27/G27,0) -> 0 | K27: =I27*J27 -> 0 | L27: =IF(OR(J27>0,H27>0),H27+K27,0) -> 0
B28: Year 11 | C28: =$B$7 -> FC | F28: =D28*E28 -> 0 | G28: =$B$8 -> 0.1 | H28: =IF(G28<>0,F28/G28,0) -> 0 | K28: =I28*J28 -> 0 | L28: =IF(OR(J28>0,H28>0),H28+K28,0) -> 0
B29: Year 12 | C29: =$B$7 -> FC | F29: =D29*E29 -> 0 | G29: =$B$8 -> 0.1 | H29: =IF(G29<>0,F29/G29,0) -> 0 | K29: =I29*J29 -> 0 | L29: =IF(OR(J29>0,H29>0),H29+K29,0) -> 0
... B32: Year 15 | C32: =$B$7 -> FC | F32: =D32*E32 -> 0 | G32: =$B$8 -> 0.1 | H32: =IF(G32<>0,F32/G32,0) -> 0 | K32: =I32*J32 -> 0 | L32: =IF(OR(J32>0,H32>0),H32+K32,0) -> 0
C33: =$B$7 -> FC | F33: =D33*E33 -> 0 | G33: =$B$8 -> 0.1 | H33: =IF(G33<>0,F33/G33,0) -> 0 | K33: =I33*J33 -> 0 | L33: =IF(OR(J33>0,H33>0),H33+K33,0) -> 0
C34: =$B$7 -> FC | F34: =D34*E34 -> 0 | G34: =$B$8 -> 0.1 | H34: =IF(G34<>0,F34/G34,0) -> 0 | K34: =I34*J34 -> 0 | L34: =IF(OR(J34>0,H34>0),H34+K34,0) -> 0
C35: =$B$7 -> FC | F35: =D35*E35 -> 0 | G35: =$B$8 -> 0.1 | H35: =IF(G35<>0,F35/G35,0) -> 0 | K35: =I35*J35 -> 0 | L35: =IF(OR(J35>0,H35>0),H35+K35,0) -> 0
C36: =$B$7 -> FC | F36: =D36*E36 -> 0 | G36: =$B$8 -> 0.1 | H36: =IF(G36<>0,F36/G36,0) -> 0 | K36: =I36*J36 -> 0 | L36: =IF(OR(J36>0,H36>0),H36+K36,0) -> 0
C37: =$B$7 -> FC | F37: =D37*E37 -> 0 | G37: =$B$8 -> 0.1 | H37: =IF(G37<>0,F37/G37,0) -> 0 | K37: =I37*J37 -> 0 | L37: =IF(OR(J37>0,H37>0),H37+K37,0) -> 0
C38: =$B$7 -> FC | F38: =D38*E38 -> 0 | G38: =$B$8 -> 0.1 | H38: =IF(G38<>0,F38/G38,0) -> 0 | K38: =I38*J38 -> 0 | L38: =IF(OR(J38>0,H38>0),H38+K38,0) -> 0
C39: =$B$7 -> FC | F39: =D39*E39 -> 0 | G39: =$B$8 -> 0.1 | H39: =IF(G39<>0,F39/G39,0) -> 0 | K39: =I39*J39 -> 0 | L39: =IF(OR(J39>0,H39>0),H39+K39,0) -> 0
B41: =+"SUB-TOTAL: "&A15 -> SUB-TOTAL: G7.2 | E41: =SUM(E18:E40) -> 0 | F41: =SUM(F18:F40) -> 0 | G41: =$B$8 -> 0.1 | H41: =SUM(H18:H40) -> 0 | J41: =SUM(J18:J40) -> 0 | K41: =SUM(K18:K40) -> 0 | L41: =SUM(L18:L40) -> 0

Sheet G7_3 Ancillaries Support
A1: TENDER PRICE SCHEDULE: APPENDIX G6
A2: (EXCLUDING VALUE ADDED TAX)
A3: TENDERER : | B3: =Instructions!D3 -> Tenderer Company name
A4: PROJECT : | B4: =Instructions!D4 -> Radar Replacement Project
A5: Item Nr: | B5: G7.3
A6: Item Description: | B6: Ancillaries Support Contract
A7: Foreign Currancy | B7: =Instructions!D5 -> FC
A8: ROE: 1R = | B8: =Instructions!D6 -> 0.1
C10: Overseas Items | I10: Local Items
A12: Schedule Item Number | B12: Description | C12: Foreign Currency | D12: Quantity | E12: Foreign Amount Unit Cost | F12: Foreign Amount Total Cost | G12: ROE: 1R = … | H12: Total Foreign Cost in Rands | I12: Quantity | J12: Local Amount Unit Cost | K12: Local Amount Total Cost | L12: Total Rands
A15: =B5 -> G7.3 | B15: =B6 -> Ancillaries Support Contract
B16: {Details of the proposed maintenance contract must be included on this price schedule}
A18: 7.3.1 | B18: Air Conditioners | C18: =$B$7 -> FC | F18: =D18*E18 -> 0 | G18: =$B$8 -> 0.1 | H18: =IF(G18<>0,F18/G18,0) -> 0 | K18: =I18*J18 -> 0 | L18: =IF(OR(J18>0,H18>0),H18+K18,0) -> 0
B19: Year 1 | C19: =$B$7 -> FC | F19: =D19*E19 -> 0 | G19: =$B$8 -> 0.1 | H19: =IF(G19<>0,F19/G19,0) -> 0 | K19: =I19*J19 -> 0 | L19: =IF(OR(J19>0,H19>0),H19+K19,0) -> 0
B20: Year 2 | C20: =$B$7 -> FC | F20: =D20*E20 -> 0 | G20: =$B$8 -> 0.1 | H20: =IF(G20<>0,F20/G20,0) -> 0 | K20: =I20*J20 -> 0 | L20: =IF(OR(J20>0,H20>0),H20+K20,0) -> 0
B21: Year 3 | C21: =$B$7 -> FC | F21: =D21*E21 -> 0 | G21: =$B$8 -> 0.1 | H21: =IF(G21<>0,F21/G21,0) -> 0 | K21: =I21*J21 -> 0 | L21: =IF(OR(J21>0,H21>0),H21+K21,0) -> 0
B22: Year 4 | C22: =$B$7 -> FC | F22: =D22*E22 -> 0 | G22: =$B$8 -> 0.1 | H22: =IF(G22<>0,F22/G22,0) -> 0 | K22: =I22*J22 -> 0 | L22: =IF(OR(J22>0,H22>0),H22+K22,0) -> 0
B23: Year 5 | C23: =$B$7 -> FC | F23: =D23*E23 -> 0 | G23: =$B$8 -> 0.1 | H23: =IF(G23<>0,F23/G23,0) -> 0 | K23: =I23*J23 -> 0 | L23: =IF(OR(J23>0,H23>0),H23+K23,0) -> 0
C24: =$B$7 -> FC | F24: =D24*E24 -> 0 | G24: =$B$8 -> 0.1 | H24: =IF(G24<>0,F24/G24,0) -> 0 | K24: =I24*J24 -> 0 | L24: =IF(OR(J24>0,H24>0),H24+K24,0) -> 0
C25: =$B$7 -> FC | F25: =D25*E25 -> 0 | G25: =$B$8 -> 0.1 | H25: =IF(G25<>0,F25/G25,0) -> 0 | K25: =I25*J25 -> 0 | L25: =IF(OR(J25>0,H25>0),H25+K25,0) -> 0
A26: 7.3.2 | B26: Fire Detection and Suppression | C26: =$B$7 -> FC | F26: =D26*E26 -> 0 | G26: =$B$8 -> 0.1 | H26: =IF(G26<>0,F26/G26,0) -> 0 | K26: =I26*J26 -> 0 | L26: =IF(OR(J26>0,H26>0),H26+K26,0) -> 0
B27: Year 1 | C27: =$B$7 -> FC | F27: =D27*E27 -> 0 | G27: =$B$8 -> 0.1 | H27: =IF(G27<>0,F27/G27,0) -> 0 | K27: =I27*J27 -> 0 | L27: =IF(OR(J27>0,H27>0),H27+K27,0) -> 0
B28: Year 2 | C28: =$B$7 -> FC | F28: =D28*E28 -> 0 | G28: =$B$8 -> 0.1 | H28: =IF(G28<>0,F28/G28,0) -> 0 | K28: =I28*J28 -> 0 | L28: =IF(OR(J28>0,H28>0),H28+K28,0) -> 0
B29: Year 3 | C29: =$B$7 -> FC | F29: =D29*E29 -> 0 | G29: =$B$8 -> 0.1 | H29: =IF(G29<>0,F29/G29,0) -> 0 | K29: =I29*J29 -> 0 | L29: =IF(OR(J29>0,H29>0),H29+K29,0) -> 0
B30: Year 4 | C30: =$B$7 -> FC | F30: =D30*E30 -> 0 | G30: =$B$8 -> 0.1 | H30: =IF(G30<>0,F30/G30,0) -> 0 | K30: =I30*J30 -> 0 | L30: =IF(OR(J30>0,H30>0),H30+K30,0) -> 0
B31: Year 5 | C31: =$B$7 -> FC | F31: =D31*E31 -> 0 | G31: =$B$8 -> 0.1 | H31: =IF(G31<>0,F31/G31,0) -> 0 | K31: =I31*J31 -> 0 | L31: =IF(OR(J31>0,H31>0),H31+K31,0) -> 0
C32: =$B$7 -> FC | F32: =D32*E32 -> 0 | G32: =$B$8 -> 0.1 | H32: =IF(G32<>0,F32/G32,0) -> 0 | K32: =I32*J32 -> 0 | L32: =IF(OR(J32>0,H32>0),H32+K32,0) -> 0
C33: =$B$7 -> FC | F33: =D33*E33 -> 0 | G33: =$B$8 -> 0.1 | H33: =IF(G33<>0,F33/G33,0) -> 0 | K33: =I33*J33 -> 0 | L33: =IF(OR(J33>0,H33>0),H33+K33,0) -> 0
A34: 7.3.3 | B34: Equipment Hoist | C34: =$B$7 -> FC | F34: =D34*E34 -> 0 | G34: =$B$8 -> 0.1 | H34: =IF(G34<>0,F34/G34,0) -> 0 | K34: =I34*J34 -> 0 | L34: =IF(OR(J34>0,H34>0),H34+K34,0) -> 0
B35: Year 1 | C35: =$B$7 -> FC | F35: =D35*E35 -> 0 | G35: =$B$8 -> 0.1 | H35: =IF(G35<>0,F35/G35,0) -> 0 | K35: =I35*J35 -> 0 | L35: =IF(OR(J35>0,H35>0),H35+K35,0) -> 0
B36: Year 2 | C36: =$B$7 -> FC | F36: =D36*E36 -> 0 | G36: =$B$8 -> 0.1 | H36: =IF(G36<>0,F36/G36,0) -> 0 | K36: =I36*J36 -> 0 | L36: =IF(OR(J36>0,H36>0),H36+K36,0) -> 0
B37: Year 3 | C37: =$B$7 -> FC | F37: =D37*E37 -> 0 | G37: =$B$8 -> 0.1 | H37: =IF(G37<>0,F37/G37,0) -> 0 | K37: =I37*J37 -> 0 | L37: =IF(OR(J37>0,H37>0),H37+K37,0) -> 0
B38: Year 4 | C38: =$B$7 -> FC | F38: =D38*E38 -> 0 | G38: =$B$8 -> 0.1 | H38: =IF(G38<>0,F38/G38,0) -> 0 | K38: =I38*J38 -> 0 | L38: =IF(OR(J38>0,H38>0),H38+K38,0) -> 0
B39: Year 5 | C39: =$B$7 -> FC | F39: =D39*E39 -> 0 | G39: =$B$8 -> 0.1 | H39: =IF(G39<>0,F39/G39,0) -> 0 | K39: =I39*J39 -> 0 | L39: =IF(OR(J39>0,H39>0),H39+K39,0) -> 0
C40: =$B$7 -> FC | F40: =D40*E40 -> 0 | G40: =$B$8 -> 0.1 | H40: =IF(G40<>0,F40/G40,0) -> 0 | K40: =I40*J40 -> 0 | L40: =IF(OR(J40>0,H40>0),H40+K40,0) -> 0
C41: =$B$7 -> FC | F41: =D41*E41 -> 0 | G41: =$B$8 -> 0.1 | H41: =IF(G41<>0,F41/G41,0) -> 0 | K41: =I41*J41 -> 0 | L41: =IF(OR(J41>0,H41>0),H41+K41,0) -> 0
A42: 7.3.4 | B42: UPSs | C42: =$B$7 -> FC | F42: =D42*E42 -> 0 | G42: =$B$8 -> 0.1 | H42: =IF(G42<>0,F42/G42,0) -> 0 | K42: =I42*J42 -> 0 | L42: =IF(OR(J42>0,H42>0),H42+K42,0) -> 0
B43: Year 1 | C43: =$B$7 -> FC | F43: =D43*E43 -> 0 | G43: =$B$8 -> 0.1 | H43: =IF(G43<>0,F43/G43,0) -> 0 | K43: =I43*J43 -> 0 | L43: =IF(OR(J43>0,H43>0),H43+K43,0) -> 0
B44: Year 2 | C44: =$B$7 -> FC | F44: =D44*E44 -> 0 | G44: =$B$8 -> 0.1 | H44: =IF(G44<>0,F44/G44,0) -> 0 | K44: =I44*J44 -> 0 | L44: =IF(OR(J44>0,H44>0),H44+K44,0) -> 0
B45: Year 3 | C45: =$B$7 -> FC | F45: =D45*E45 -> 0 | G45: =$B$8 -> 0.1 | H45: =IF(G45<>0,F45/G45,0) -> 0 | K45: =I45*J45 -> 0 | L45: =IF(OR(J45>0,H45>0),H45+K45,0) -> 0
B46: Year 4 | C46: =$B$7 -> FC | F46: =D46*E46 -> 0 | G46: =$B$8 -> 0.1 | H46: =IF(G46<>0,F46/G46,0) -> 0 | K46: =I46*J46 -> 0 | L46: =IF(OR(J46>0,H46>0),H46+K46,0) -> 0
B47: Year 5 | C47: =$B$7 -> FC | F47: =D47*E47 -> 0 | G47: =$B$8 -> 0.1 | H47: =IF(G47<>0,F47/G47,0) -> 0 | K47: =I47*J47 -> 0 | L47: =IF(OR(J47>0,H47>0),H47+K47,0) -> 0
C48: =$B$7 -> FC | F48: =D48*E48 -> 0 | G48: =$B$8 -> 0.1 | H48: =IF(G48<>0,F48/G48,0) -> 0 | K48: =I48*J48 -> 0 | L48: =IF(OR(J48>0,H48>0),H48+K48,0) -> 0
C49: =$B$7 -> FC | F49: =D49*E49 -> 0 | G49: =$B$8 -> 0.1 | H49: =IF(G49<>0,F49/G49,0) -> 0 | K49: =I49*J49 -> 0 | L49: =IF(OR(J49>0,H49>0),H49+K49,0) -> 0
A50: 7.3.5 | B50: Vibration Monitors | C50: =$B$7 -> FC | F50: =D50*E50 -> 0 | G50: =$B$8 -> 0.1 | H50: =IF(G50<>0,F50/G50,0) -> 0 | K50: =I50*J50 -> 0 | L50: =IF(OR(J50>0,H50>0),H50+K50,0) -> 0
B51: Year 1 | C51: =$B$7 -> FC | F51: =D51*E51 -> 0 | G51: =$B$8 -> 0.1 | H51: =IF(G51<>0,F51/G51,0) -> 0 | K51: =I51*J51 -> 0 | L51: =IF(OR(J51>0,H51>0),H51+K51,0) -> 0
B52: Year 2 | C52: =$B$7 -> FC | F52: =D52*E52 -> 0 | G52: =$B$8 -> 0.1 | H52: =IF(G52<>0,F52/G52,0) -> 0 | K52: =I52*J52 -> 0 | L52: =IF(OR(J52>0,H52>0),H52+K52,0) -> 0
B53: Year 3 | C53: =$B$7 -> FC | F53: =D53*E53 -> 0 | G53: =$B$8 -> 0.1 | H53: =IF(G53<>0,F53/G53,0) -> 0 | K53: =I53*J53 -> 0 | L53: =IF(OR(J53>0,H53>0),H53+K53,0) -> 0
B54: Year 4 | C54: =$B$7 -> FC | F54: =D54*E54 -> 0 | G54: =$B$8 -> 0.1 | H54: =IF(G54<>0,F54/G54,0) -> 0 | K54: =I54*J54 -> 0 | L54: =IF(OR(J54>0,H54>0),H54+K54,0) -> 0
B55: Year 5 | C55: =$B$7 -> FC | F55: =D55*E55 -> 0 | G55: =$B$8 -> 0.1 | H55: =IF(G55<>0,F55/G55,0) -> 0 | K55: =I55*J55 -> 0 | L55: =IF(OR(J55>0,H55>0),H55+K55,0) -> 0
C56: =$B$7 -> FC | F56: =D56*E56 -> 0 | G56: =$B$8 -> 0.1 | H56: =IF(G56<>0,F56/G56,0) -> 0 | K56: =I56*J56 -> 0 | L56: =IF(OR(J56>0,H56>0),H56+K56,0) -> 0
C57: =$B$7 -> FC | F57: =D57*E57 -> 0 | G57: =$B$8 -> 0.1 | H57: =IF(G57<>0,F57/G57,0) -> 0 | K57: =I57*J57 -> 0 | L57: =IF(OR(J57>0,H57>0),H57+K57,0) -> 0
A58: 7.3.6 | B58: Generators | C58: =$B$7 -> FC | F58: =D58*E58 -> 0 | G58: =$B$8 -> 0.1 | H58: =IF(G58<>0,F58/G58,0) -> 0 | K58: =I58*J58 -> 0 | L58: =IF(OR(J58>0,H58>0),H58+K58,0) -> 0
B59: Year 1 | C59: =$B$7 -> FC | F59: =D59*E59 -> 0 | G59: =$B$8 -> 0.1 | H59: =IF(G59<>0,F59/G59,0) -> 0 | K59: =I59*J59 -> 0 | L59: =IF(OR(J59>0,H59>0),H59+K59,0) -> 0
B60: Year 2 | C60: =$B$7 -> FC | F60: =D60*E60 -> 0 | G60: =$B$8 -> 0.1 | H60: =IF(G60<>0,F60/G60,0) -> 0 | K60: =I60*J60 -> 0 | L60: =IF(OR(J60>0,H60>0),H60+K60,0) -> 0
B61: Year 3 | C61: =$B$7 -> FC | F61: =D61*E61 -> 0 | G61: =$B$8 -> 0.1 | H61: =IF(G61<>0,F61/G61,0) -> 0 | K61: =I61*J61 -> 0 | L61: =IF(OR(J61>0,H61>0),H61+K61,0) -> 0
B62: Year 4 | C62: =$B$7 -> FC | F62: =D62*E62 -> 0 | G62: =$B$8 -> 0.1 | H62: =IF(G62<>0,F62/G62,0) -> 0 | K62: =I62*J62 -> 0 | L62: =IF(OR(J62>0,H62>0),H62+K62,0) -> 0
B63: Year 5 | C63: =$B$7 -> FC | F63: =D63*E63 -> 0 | G63: =$B$8 -> 0.1 | H63: =IF(G63<>0,F63/G63,0) -> 0 | K63: =I63*J63 -> 0 | L63: =IF(OR(J63>0,H63>0),H63+K63,0) -> 0
C64: =$B$7 -> FC | F64: =D64*E64 -> 0 | G64: =$B$8 -> 0.1 | H64: =IF(G64<>0,F64/G64,0) -> 0 | K64: =I64*J64 -> 0 | L64: =IF(OR(J64>0,H64>0),H64+K64,0) -> 0
C65: =$B$7 -> FC | F65: =D65*E65 -> 0 | G65: =$B$8 -> 0.1 | H65: =IF(G65<>0,F65/G65,0) -> 0 | K65: =I65*J65 -> 0 | L65: =IF(OR(J65>0,H65>0),H65+K65,0) -> 0
A66: 7.3.7 | B66: Radomes | C66: =$B$7 -> FC | F66: =D66*E66 -> 0 | G66: =$B$8 -> 0.1 | H66: =IF(G66<>0,F66/G66,0) -> 0 | K66: =I66*J66 -> 0 | L66: =IF(OR(J66>0,H66>0),H66+K66,0) -> 0
B67: Year 1 | C67: =$B$7 -> FC | F67: =D67*E67 -> 0 | G67: =$B$8 -> 0.1 | H67: =IF(G67<>0,F67/G67,0) -> 0 | K67: =I67*J67 -> 0 | L67: =IF(OR(J67>0,H67>0),H67+K67,0) -> 0
B68: Year 2 | C68: =$B$7 -> FC | F68: =D68*E68 -> 0 | G68: =$B$8 -> 0.1 | H68: =IF(G68<>0,F68/G68,0) -> 0 | K68: =I68*J68 -> 0 | L68: =IF(OR(J68>0,H68>0),H68+K68,0) -> 0
B69: Year 3 | C69: =$B$7 -> FC | F69: =D69*E69 -> 0 | G69: =$B$8 -> 0.1 | H69: =IF(G69<>0,F69/G69,0) -> 0 | K69: =I69*J69 -> 0 | L69: =IF(OR(J69>0,H69>0),H69+K69,0) -> 0
B70: Year 4 | C70: =$B$7 -> FC | F70: =D70*E70 -> 0 | G70: =$B$8 -> 0.1 | H70: =IF(G70<>0,F70/G70,0) -> 0 | K70: =I70*J70 -> 0 | L70: =IF(OR(J70>0,H70>0),H70+K70,0) -> 0
B71: Year 5 | C71: =$B$7 -> FC | F71: =D71*E71 -> 0 | G71: =$B$8 -> 0.1 | H71: =IF(G71<>0,F71/G71,0) -> 0 | K71: =I71*J71 -> 0 | L71: =IF(OR(J71>0,H71>0),H71+K71,0) -> 0
B72: Year 6 | C72: =$B$7 -> FC | F72: =D72*E72 -> 0 | G72: =$B$8 -> 0.1 | H72: =IF(G72<>0,F72/G72,0) -> 0 | K72: =I72*J72 -> 0 | L72: =IF(OR(J72>0,H72>0),H72+K72,0) -> 0
B73: Year 7 | C73: =$B$7 -> FC | F73: =D73*E73 -> 0 | G73: =$B$8 -> 0.1 | H73: =IF(G73<>0,F73/G73,0) -> 0 | K73: =I73*J73 -> 0 | L73: =IF(OR(J73>0,H73>0),H73+K73,0) -> 0
B74: Year 8 | C74: =$B$7 -> FC | F74: =D74*E74 -> 0 | G74: =$B$8 -> 0.1 | H74: =IF(G74<>0,F74/G74,0) -> 0 | K74: =I74*J74 -> 0 | L74: =IF(OR(J74>0,H74>0),H74+K74,0) -> 0
B75: Year 9 | C75: =$B$7 -> FC | F75: =D75*E75 -> 0 | G75: =$B$8 -> 0.1 | H75: =IF(G75<>0,F75/G75,0) -> 0 | K75: =I75*J75 -> 0 | L75: =IF(OR(J75>0,H75>0),H75+K75,0) -> 0
B76: Year 10 | C76: =$B$7 -> FC | F76: =D76*E76 -> 0 | G76: =$B$8 -> 0.1 | H76: =IF(G76<>0,F76/G76,0) -> 0 | K76: =I76*J76 -> 0 | L76: =IF(OR(J76>0,H76>0),H76+K76,0) -> 0
B77: Year 11 | C77: =$B$7 -> FC | F77: =D77*E77 -> 0 | G77: =$B$8 -> 0.1 | H77: =IF(G77<>0,F77/G77,0) -> 0 | K77: =I77*J77 -> 0 | L77: =IF(OR(J77>0,H77>0),H77+K77,0) -> 0
B78: Year 12 | C78: =$B$7 -> FC | F78: =D78*E78 -> 0 | G78: =$B$8 -> 0.1 | H78: =IF(G78<>0,F78/G78,0) -> 0 | K78: =I78*J78 -> 0 | L78: =IF(OR(J78>0,H78>0),H78+K78,0) -> 0
... B81: Year 15 | C81: =$B$7 -> FC | F81: =D81*E81 -> 0 | G81: =$B$8 -> 0.1 | H81: =IF(G81<>0,F81/G81,0) -> 0 | K81: =I81*J81 -> 0 | L81: =IF(OR(J81>0,H81>0),H81+K81,0) -> 0
B83: =+"SUB-TOTAL: "&A15 -> SUB-TOTAL: G7.3 | E83: =SUM(E18:E82) -> 0 | F83: =SUM(F18:F82) -> 0 | G83: =$B$8 -> 0.1 | H83: =SUM(H18:H82) -> 0 | J83: =SUM(J18:J82) -> 0 | K83: =SUM(K18:K82) -> 0 | L83: =SUM(L18:L82) -> 0
